Workbook

Sheet Indicateurs
A6: Indicator | B6: Provider Code | C6: ASML | D6: SLB | E6: PANW | F6: ZS | G6: MSFT | H6: TSLA | I6: NVDA | J6: VETH | K6: ORSTED | L6: SEDG | M6: ADBE | N6: Min | O6: Max | P6: Median | Q6: Average
A7: E.1.3.3 Non-GHG Air Emissions Programmes-Raw Score-RR | B7: =_xlfn.XLOOKUP($A7,'Data Raw'!$2:$2,'Data Raw'!$1:$1) -> 181248302399 | C7: =IFERROR(INDEX('Data Raw'!$A$1:$AUD$2304,MATCH(Indicateurs!C$6,'Data Raw'!$I:$I,0),MATCH(Indicateurs!$B7,'Data Raw'!$1:$1,0)),"") -> 0 | D7: =IFERROR(INDEX('Data Raw'!$A$1:$AUD$2304,MATCH(Indicateurs!D$6,'Data Raw'!$I:$I,0),MATCH(Indicateurs!$B7,'Data Raw'!$1:$1,0)),"") | E7: =IFERROR(INDEX('Data Raw'!$A$1:$AUD$2304,MATCH(Indicateurs!E$6,'Data Raw'!$I:$I,0),MATCH(Indicateurs!$B7,'Data Raw'!$1:$1,0)),"") -> 0 | F7: =IFERROR(INDEX('Data Raw'!$A$1:$AUD$2304,MATCH(Indicateurs!F$6,'Data Raw'!$I:$I,0),MATCH(Indicateurs!$B7,'Data Raw'!$1:$1,0)),"") | G7: =IFERROR(INDEX('Data Raw'!$A$1:$AUD$2304,MATCH(Indicateurs!G$6,'Data Raw'!$I:$I,0),MATCH(Indicateurs!$B7,'Data Raw'!$1:$1,0)),"") | H7: =IFERROR(INDEX('Data Raw'!$A$1:$AUD$2304,MATCH(Indicateurs!H$6,'Data Raw'!$I:$I,0),MATCH(Indicateurs!$B7,'Data Raw'!$1:$1,0)),"") | I7: =IFERROR(INDEX('Data Raw'!$A$1:$AUD$2304,MATCH(Indicateurs!I$6,'Data Raw'!$I:$I,0),MATCH(Indicateurs!$B7,'Data Raw'!$1:$1,0)),"") | J7: =IFERROR(INDEX('Data Raw'!$A$1:$AUD$2304,MATCH(Indicateurs!J$6,'Data Raw'!$I:$I,0),MATCH(Indicateurs!$B7,'Data Raw'!$1:$1,0)),"") | ... M7: =IFERROR(INDEX('Data Raw'!$A$1:$AUD$2304,MATCH(Indicateurs!M$6,'Data Raw'!$I:$I,0),MATCH(Indicateurs!$B7,'Data Raw'!$1:$1,0)),"") -> 5 | N7: =MIN(C7:M7) -> 0 | O7: =MAX(C7:M7) -> 0 | P7: =MEDIAN(C7:M7) -> #NUM! | Q7: =AVERAGE(C7:M7) -> #DIV/0!
A8: E.1.6 Scope of GHG Reporting-Raw Score-RR | B8: =_xlfn.XLOOKUP($A8,'Data Raw'!$2:$2,'Data Raw'!$1:$1) -> 181248342399 | C8: =IFERROR(INDEX('Data Raw'!$A$1:$AUD$2304,MATCH(Indicateurs!C$6,'Data Raw'!$I:$I,0),MATCH(Indicateurs!$B8,'Data Raw'!$1:$1,0)),"") -> 0.118875180403188 | D8: =IFERROR(INDEX('Data Raw'!$A$1:$AUD$2304,MATCH(Indicateurs!D$6,'Data Raw'!$I:$I,0),MATCH(Indicateurs!$B8,'Data Raw'!$1:$1,0)),"") | E8: =IFERROR(INDEX('Data Raw'!$A$1:$AUD$2304,MATCH(Indicateurs!E$6,'Data Raw'!$I:$I,0),MATCH(Indicateurs!$B8,'Data Raw'!$1:$1,0)),"") -> 0 | F8: =IFERROR(INDEX('Data Raw'!$A$1:$AUD$2304,MATCH(Indicateurs!F$6,'Data Raw'!$I:$I,0),MATCH(Indicateurs!$B8,'Data Raw'!$1:$1,0)),"") | G8: =IFERROR(INDEX('Data Raw'!$A$1:$AUD$2304,MATCH(Indicateurs!G$6,'Data Raw'!$I:$I,0),MATCH(Indicateurs!$B8,'Data Raw'!$1:$1,0)),"") | H8: =IFERROR(INDEX('Data Raw'!$A$1:$AUD$2304,MATCH(Indicateurs!H$6,'Data Raw'!$I:$I,0),MATCH(Indicateurs!$B8,'Data Raw'!$1:$1,0)),"") -> 0.118875180403188 | I8: =IFERROR(INDEX('Data Raw'!$A$1:$AUD$2304,MATCH(Indicateurs!I$6,'Data Raw'!$I:$I,0),MATCH(Indicateurs!$B8,'Data Raw'!$1:$1,0)),"") | J8: =IFERROR(INDEX('Data Raw'!$A$1:$AUD$2304,MATCH(Indicateurs!J$6,'Data Raw'!$I:$I,0),MATCH(Indicateurs!$B8,'Data Raw'!$1:$1,0)),"") | ... M8: =IFERROR(INDEX('Data Raw'!$A$1:$AUD$2304,MATCH(Indicateurs!M$6,'Data Raw'!$I:$I,0),MATCH(Indicateurs!$B8,'Data Raw'!$1:$1,0)),"") -> 5 | N8: =MIN(C8:M8) -> 0 | O8: =MAX(C8:M8) -> 0 | P8: =MEDIAN(C8:M8) -> #NUM! | Q8: =AVERAGE(C8:M8) -> #DIV/0!
A9: E.1.6.2 Physical Climate Risk Management-Raw Score-RR | B9: =_xlfn.XLOOKUP($A9,'Data Raw'!$2:$2,'Data Raw'!$1:$1) -> 181248362399 | C9: =IFERROR(INDEX('Data Raw'!$A$1:$AUD$2304,MATCH(Indicateurs!C$6,'Data Raw'!$I:$I,0),MATCH(Indicateurs!$B9,'Data Raw'!$1:$1,0)),"") -> 4.21250000000002 | D9: =IFERROR(INDEX('Data Raw'!$A$1:$AUD$2304,MATCH(Indicateurs!D$6,'Data Raw'!$I:$I,0),MATCH(Indicateurs!$B9,'Data Raw'!$1:$1,0)),"") | E9: =IFERROR(INDEX('Data Raw'!$A$1:$AUD$2304,MATCH(Indicateurs!E$6,'Data Raw'!$I:$I,0),MATCH(Indicateurs!$B9,'Data Raw'!$1:$1,0)),"") -> 17.4999999999996 | F9: =IFERROR(INDEX('Data Raw'!$A$1:$AUD$2304,MATCH(Indicateurs!F$6,'Data Raw'!$I:$I,0),MATCH(Indicateurs!$B9,'Data Raw'!$1:$1,0)),"") | G9: =IFERROR(INDEX('Data Raw'!$A$1:$AUD$2304,MATCH(Indicateurs!G$6,'Data Raw'!$I:$I,0),MATCH(Indicateurs!$B9,'Data Raw'!$1:$1,0)),"") | H9: =IFERROR(INDEX('Data Raw'!$A$1:$AUD$2304,MATCH(Indicateurs!H$6,'Data Raw'!$I:$I,0),MATCH(Indicateurs!$B9,'Data Raw'!$1:$1,0)),"") -> 4.21250000000002 | I9: =IFERROR(INDEX('Data Raw'!$A$1:$AUD$2304,MATCH(Indicateurs!I$6,'Data Raw'!$I:$I,0),MATCH(Indicateurs!$B9,'Data Raw'!$1:$1,0)),"") | J9: =IFERROR(INDEX('Data Raw'!$A$1:$AUD$2304,MATCH(Indicateurs!J$6,'Data Raw'!$I:$I,0),MATCH(Indicateurs!$B9,'Data Raw'!$1:$1,0)),"") | ... M9: =IFERROR(INDEX('Data Raw'!$A$1:$AUD$2304,MATCH(Indicateurs!M$6,'Data Raw'!$I:$I,0),MATCH(Indicateurs!$B9,'Data Raw'!$1:$1,0)),"") -> 5 | N9: =MIN(C9:M9) -> 0 | O9: =MAX(C9:M9) -> 0 | P9: =MEDIAN(C9:M9) -> #NUM! | Q9: =AVERAGE(C9:M9) -> #DIV/0!
A10: E.1.7.0 GHG Reduction Programme-Raw Score-RR | B10: =_xlfn.XLOOKUP($A10,'Data Raw'!$2:$2,'Data Raw'!$1:$1) -> 181248372399 | C10: =IFERROR(INDEX('Data Raw'!$A$1:$AUD$2304,MATCH(Indicateurs!C$6,'Data Raw'!$I:$I,0),MATCH(Indicateurs!$B10,'Data Raw'!$1:$1,0)),"") -> 2.95 | D10: =IFERROR(INDEX('Data Raw'!$A$1:$AUD$2304,MATCH(Indicateurs!D$6,'Data Raw'!$I:$I,0),MATCH(Indicateurs!$B10,'Data Raw'!$1:$1,0)),"") | E10: =IFERROR(INDEX('Data Raw'!$A$1:$AUD$2304,MATCH(Indicateurs!E$6,'Data Raw'!$I:$I,0),MATCH(Indicateurs!$B10,'Data Raw'!$1:$1,0)),"") -> 0 | F10: =IFERROR(INDEX('Data Raw'!$A$1:$AUD$2304,MATCH(Indicateurs!F$6,'Data Raw'!$I:$I,0),MATCH(Indicateurs!$B10,'Data Raw'!$1:$1,0)),"") | G10: =IFERROR(INDEX('Data Raw'!$A$1:$AUD$2304,MATCH(Indicateurs!G$6,'Data Raw'!$I:$I,0),MATCH(Indicateurs!$B10,'Data Raw'!$1:$1,0)),"") | H10: =IFERROR(INDEX('Data Raw'!$A$1:$AUD$2304,MATCH(Indicateurs!H$6,'Data Raw'!$I:$I,0),MATCH(Indicateurs!$B10,'Data Raw'!$1:$1,0)),"") -> 2.95 | I10: =IFERROR(INDEX('Data Raw'!$A$1:$AUD$2304,MATCH(Indicateurs!I$6,'Data Raw'!$I:$I,0),MATCH(Indicateurs!$B10,'Data Raw'!$1:$1,0)),"") | J10: =IFERROR(INDEX('Data Raw'!$A$1:$AUD$2304,MATCH(Indicateurs!J$6,'Data Raw'!$I:$I,0),MATCH(Indicateurs!$B10,'Data Raw'!$1:$1,0)),"") | ... M10: =IFERROR(INDEX('Data Raw'!$A$1:$AUD$2304,MATCH(Indicateurs!M$6,'Data Raw'!$I:$I,0),MATCH(Indicateurs!$B10,'Data Raw'!$1:$1,0)),"") -> 5 | N10: =MIN(C10:M10) -> 0 | O10: =MAX(C10:M10) -> 0 | P10: =MEDIAN(C10:M10) -> #NUM! | Q10: =AVERAGE(C10:M10) -> #DIV/0!
A11: E.1.9 Carbon Intensity-Raw Score-RR | B11: =_xlfn.XLOOKUP($A11,'Data Raw'!$2:$2,'Data Raw'!$1:$1) -> 181248412399 | C11: =IFERROR(INDEX('Data Raw'!$A$1:$AUD$2304,MATCH(Indicateurs!C$6,'Data Raw'!$I:$I,0),MATCH(Indicateurs!$B11,'Data Raw'!$1:$1,0)),"") -> 0 | D11: =IFERROR(INDEX('Data Raw'!$A$1:$AUD$2304,MATCH(Indicateurs!D$6,'Data Raw'!$I:$I,0),MATCH(Indicateurs!$B11,'Data Raw'!$1:$1,0)),"") | E11: =IFERROR(INDEX('Data Raw'!$A$1:$AUD$2304,MATCH(Indicateurs!E$6,'Data Raw'!$I:$I,0),MATCH(Indicateurs!$B11,'Data Raw'!$1:$1,0)),"") -> 0 | F11: =IFERROR(INDEX('Data Raw'!$A$1:$AUD$2304,MATCH(Indicateurs!F$6,'Data Raw'!$I:$I,0),MATCH(Indicateurs!$B11,'Data Raw'!$1:$1,0)),"") | G11: =IFERROR(INDEX('Data Raw'!$A$1:$AUD$2304,MATCH(Indicateurs!G$6,'Data Raw'!$I:$I,0),MATCH(Indicateurs!$B11,'Data Raw'!$1:$1,0)),"") | H11: =IFERROR(INDEX('Data Raw'!$A$1:$AUD$2304,MATCH(Indicateurs!H$6,'Data Raw'!$I:$I,0),MATCH(Indicateurs!$B11,'Data Raw'!$1:$1,0)),"") | I11: =IFERROR(INDEX('Data Raw'!$A$1:$AUD$2304,MATCH(Indicateurs!I$6,'Data Raw'!$I:$I,0),MATCH(Indicateurs!$B11,'Data Raw'!$1:$1,0)),"") | J11: =IFERROR(INDEX('Data Raw'!$A$1:$AUD$2304,MATCH(Indicateurs!J$6,'Data Raw'!$I:$I,0),MATCH(Indicateurs!$B11,'Data Raw'!$1:$1,0)),"") | ... M11: =IFERROR(INDEX('Data Raw'!$A$1:$AUD$2304,MATCH(Indicateurs!M$6,'Data Raw'!$I:$I,0),MATCH(Indicateurs!$B11,'Data Raw'!$1:$1,0)),"") -> 5 | N11: =MIN(C11:M11) -> 0 | O11: =MAX(C11:M11) -> 0 | P11: =MEDIAN(C11:M11) -> #NUM! | Q11: =AVERAGE(C11:M11) -> #DIV/0!
A12: E.3.1.3 Fleet Emissions-Raw Score-RR | B12: =_xlfn.XLOOKUP($A12,'Data Raw'!$2:$2,'Data Raw'!$1:$1) -> 181248652399 | C12: =IFERROR(INDEX('Data Raw'!$A$1:$AUD$2304,MATCH(Indicateurs!C$6,'Data Raw'!$I:$I,0),MATCH(Indicateurs!$B12,'Data Raw'!$1:$1,0)),"") -> 0 | D12: =IFERROR(INDEX('Data Raw'!$A$1:$AUD$2304,MATCH(Indicateurs!D$6,'Data Raw'!$I:$I,0),MATCH(Indicateurs!$B12,'Data Raw'!$1:$1,0)),"") | E12: =IFERROR(INDEX('Data Raw'!$A$1:$AUD$2304,MATCH(Indicateurs!E$6,'Data Raw'!$I:$I,0),MATCH(Indicateurs!$B12,'Data Raw'!$1:$1,0)),"") -> 0 | F12: =IFERROR(INDEX('Data Raw'!$A$1:$AUD$2304,MATCH(Indicateurs!F$6,'Data Raw'!$I:$I,0),MATCH(Indicateurs!$B12,'Data Raw'!$1:$1,0)),"") | G12: =IFERROR(INDEX('Data Raw'!$A$1:$AUD$2304,MATCH(Indicateurs!G$6,'Data Raw'!$I:$I,0),MATCH(Indicateurs!$B12,'Data Raw'!$1:$1,0)),"") | H12: =IFERROR(INDEX('Data Raw'!$A$1:$AUD$2304,MATCH(Indicateurs!H$6,'Data Raw'!$I:$I,0),MATCH(Indicateurs!$B12,'Data Raw'!$1:$1,0)),"") | I12: =IFERROR(INDEX('Data Raw'!$A$1:$AUD$2304,MATCH(Indicateurs!I$6,'Data Raw'!$I:$I,0),MATCH(Indicateurs!$B12,'Data Raw'!$1:$1,0)),"") | J12: =IFERROR(INDEX('Data Raw'!$A$1:$AUD$2304,MATCH(Indicateurs!J$6,'Data Raw'!$I:$I,0),MATCH(Indicateurs!$B12,'Data Raw'!$1:$1,0)),"") | ... M12: =IFERROR(INDEX('Data Raw'!$A$1:$AUD$2304,MATCH(Indicateurs!M$6,'Data Raw'!$I:$I,0),MATCH(Indicateurs!$B12,'Data Raw'!$1:$1,0)),"") -> 5 | N12: =MIN(C12:M12) -> 0 | O12: =MAX(C12:M12) -> 0 | P12: =MEDIAN(C12:M12) -> #NUM! | Q12: =AVERAGE(C12:M12) -> #DIV/0!

Sheet Data Raw
A1: 101011293099 | B1: 101011112999 | C1: 101011122899 | D1: 101011132899 | E1: 101011142899 | F1: 101011272899 | G1: 101011152799 | H1: 101111142999 | I1: 101111152999 | J1: 101111162999 | K1: 101111232999 | L1: 101111172999 | M1: 101111192999 | N1: 101111202999 | O1: 101111212999 | P1: 101111222999 | Q1: 101211112999 | R1: 181129302199 | S1: 181121302399 | T1: 181146591399 | U1: 181144591399 | V1: 181135452899 | W1: 181119781799 | X1: 181248302399 | Y1: 181248342399 | Z1: 181248362399 | AA1: 181248372399 | AB1: 181248412399 | AC1: 181248652399 | AD1: 181146621399 | AE1: 181144621399 | AF1: 181135662899 | AG1: 181118231799 | AH1: 181122272399 | AI1: 181124272399 | AJ1: 181121262799 | AK1: 181130271699 | AL1: 181129272199 | AM1: 181121272399 | AN1: 181146651399 | AO1: 181144651399 | AP1: 181135422899 | AQ1: 181120371799 | AR1: 181122602399 | AS1: 181124602399 | AT1: 181121582799 | AU1: 181130601699 | AV1: 181129602199 | AW1: 181121602399 | AX1: 181146681399 | AY1: 181144681399 | AZ1: 181135752899 | BA1: 181120251799 | BB1: 181122582399 | BC1: 181124582399 | BD1: 181121562799 | BE1: 181130581699 | BF1: 181129582199 | BG1: 181121582399 | BH1: 181146711399 | BI1: 181144711399 | BJ1: 181135732899 | BK1: 181119841799 | BL1: 181122522399 | BM1: 181124522399 | BN1: 181121512799 | BO1: 181130521699 | BP1: 181129522199 | BQ1: 181121522399 | BR1: 181146741399 | BS1: 181144741399 | BT1: 181135672899 | BU1: 181118711799 | BV1: 181122352399 | BW1: 181124352399 | BX1: 181121342799 | BY1: 181130351699 | BZ1: 181129352199 | CA1: 181121352399 | CB1: 181146771399 | CC1: 181144771399 | CD1: 181135502899 | CE1: 181118771799 | CF1: 181122362399 | CG1: 181124362399 | CH1: 181121352799 | CI1: 181130361699 | CJ1: 181129362199 | CK1: 181121362399 | CL1: 181146801399 | CM1: 181144801399 | CN1: 181135512899 | CO1: 181117641799 | CP1: 181122192399 | CQ1: 181124192399 | CR1: 181121182799 | CS1: 181130191699 | CT1: 181129192199 | CU1: 181121192399 | CV1: 181146831399 | CW1: 181144831399 | CX1: 181135342899 | CY1: 181117401799 | CZ1: 181122152399 | DA1: 181124152399 | DB1: 181121142799 | DC1: 181130151699 | DD1: 181129152199 | DE1: 181121152399 | DF1: 181146861399 | DG1: 181144861399 | DH1: 181135302899 | DI1: 181117341799 | DJ1: 181122142399 | DK1: 181124142399 | DL1: 181121132799 | DM1: 181130141699 | DN1: 181129142199 | DO1: 181121142399 | DP1: 181146891399 | DQ1: 181144891399 | DR1: 181135292899 | DS1: 181117281799 | DT1: 181122132399 | DU1: 181124132399 | DV1: 181121122799 | DW1: 181130131699 | DX1: 181129132199 | DY1: 181121132399 | DZ1: 181146921399 | EA1: 181144921399 | EB1: 181135282899 | EC1: 181118831799 | ED1: 181122372399 | EE1: 181124372399 | EF1: 181121362799 | EG1: 181130371699 | EH1: 181129372199 | EI1: 181121372399 | EJ1: 181146951399 | EK1: 181144951399 | EL1: 181135522899 | EM1: 181119901799 | EN1: 181122532399 | EO1: 181124532399 | EP1: 181121522799 | EQ1: 181130531699 | ER1: 181129532199 | ES1: 181121532399 | ET1: 181147111399 | EU1: 181145111399 | EV1: 181135682899 | EW1: 181118891799 | EX1: 181122382399 | EY1: 181124382399 | EZ1: 181121372799 | FA1: 181130381699 | FB1: 181129382199 | FC1: 181121382399 | FD1: 181147141399 | FE1: 181145141399 | FF1: 181135532899 | FG1: 181118471799 | FH1: 181122312399 | FI1: 181124312399 | FJ1: 181121302799 | FK1: 181130311699 | FL1: 181129312199 | FM1: 181121312399 | FN1: 181147171399 | FO1: 181145171399 | FP1: 181135462899 | FQ1: 181117461799 | FR1: 181122162399 | FS1: 181124162399 | FT1: 181121152799 | FU1: 181130161699 | FV1: 181129162199 | FW1: 181121162399 | FX1: 181147201399 | FY1: 181145201399 | FZ1: 181135312899 | GA1: 181118951799 | GB1: 181122392399 | GC1: 181124392399 | GD1: 181121382799 | GE1: 181130391699 | GF1: 181129392199 | GG1: 181121392399 | GH1: 181147231399 | GI1: 181145231399 | GJ1: 181135542899 | GK1: 181119121799 | GL1: 181122402399 | GM1: 181124402399 | GN1: 181121392799 | GO1: 181130401699 | GP1: 181129402199 | GQ1: 181121402399 | GR1: 181147261399 | GS1: 181145261399 | GT1: 181135552899 | GU1: 181119181799 | GV1: 181122412399 | GW1: 181124412399 | GX1: 181121402799 | GY1: 181130411699 | GZ1: 181129412199 | HA1: 181121412399 | HB1: 181147291399 | HC1: 181145291399 | HD1: 181135562899 | HE1: 181119961799 | HF1: 181122552399 | HG1: 181124552399 | HH1: 181121532799 | HI1: 181130551699 | HJ1: 181129552199 | HK1: 181121552399 | HL1: 181147321399 | HM1: 181145321399 | HN1: 181135702899 | HO1: 181117521799 | HP1: 181122172399 | HQ1: 181124172399 | HR1: 181121162799 | HS1: 181130171699 | HT1: 181129172199 | HU1: 181121172399 | HV1: 181147351399 | HW1: 181145351399 | HX1: 181135322899 | HY1: 181117701799 | HZ1: 181122202399 | IA1: 181124202399 | IB1: 181121192799 | IC1: 181130201699 | ID1: 181129202199 | IE1: 181121202399 | IF1: 181147381399 | IG1: 181145381399 | IH1: 181135352899 | II1: 181119241799 | IJ1: 181122422399 | IK1: 181124422399 | IL1: 181121412799 | IM1: 181130421699 | IN1: 181129422199 | IO1: 181121422399 | IP1: 181147411399 | IQ1: 181145411399 | IR1: 181135572899 | IS1: 181117761799 | IT1: 181122212399 | IU1: 181124212399 | IV1: 181121202799 | IW1: 181130211699 | IX1: 181129212199 | IY1: 181121212399 | IZ1: 181147441399 | JA1: 181145441399 | JB1: 181135362899 | JC1: 181117581799 | JD1: 181122182399 | JE1: 181124182399 | JF1: 181121172799 | JG1: 181130181699 | JH1: 181129182199 | JI1: 181121182399 | JJ1: 181147471399 | JK1: 181145471399 | JL1: 181135332899 | JM1: 181117821799 | JN1: 181122222399 | JO1: 181124222399 | JP1: 181121212799 | JQ1: 181130221699 | JR1: 181129222199 | JS1: 181121222399 | JT1: 181147501399 | JU1: 181145501399 | JV1: 181135372899 | JW1: 181119301799 | JX1: 181122432399 | JY1: 181124432399 | JZ1: 181121422799 | KA1: 181130431699 | KB1: 181129432199 | KC1: 181121432399 | KD1: 181147531399 | KE1: 181145531399 | KF1: 181135582899 | KG1: 181119361799 | KH1: 181122442399 | KI1: 181124442399 | KJ1: 181121432799 | KK1: 181130441699 | KL1: 181129442199 | KM1: 181121442399 | KN1: 181147561399 | KO1: 181145561399 | KP1: 181135592899 | KQ1: 181120431799 | KR1: 181122612399 | KS1: 181124612399 | KT1: 181121592799 | KU1: 181130611699 | KV1: 181129612199 | KW1: 181121612399 | KX1: 181147591399 | KY1: 181145591399 | KZ1: 181135762899 | LA1: 181120311799 | LB1: 181122592399 | LC1: 181124592399 | LD1: 181121572799 | LE1: 181130591699 | LF1: 181129592199 | LG1: 181121592399 | LH1: 181147621399 | LI1: 181145621399 | LJ1: 181135742899 | LK1: 181120131799 | LL1: 181122562399 | LM1: 181124562399 | LN1: 181121542799 | LO1: 181130561699 | LP1: 181129562199 | LQ1: 181121562399 | LR1: 181147651399 | LS1: 181145651399 | LT1: 181135712899 | LU1: 181119421799 | LV1: 181122452399 | LW1: 181124452399 | LX1: 181121442799 | LY1: 181130451699 | LZ1: 181129452199 | MA1: 181121452399 | MB1: 181147681399 | MC1: 181145681399 | MD1: 181135602899 | ME1: 181119481799 | MF1: 181122462399 | MG1: 181124462399 | MH1: 181121452799 | MI1: 181130461699 | MJ1: 181129462199 | MK1: 181121462399 | ML1: 181147711399 | MM1: 181145711399 | MN1: 181135612899 | MO1: 181120991799 | MP1: 181122622399 | MQ1: 181124622399 | MR1: 181121602799 | MS1: 181130621699 | MT1: 181129622199 | MU1: 181121622399 | MV1: 181147771399 | MW1: 181145771399 | MX1: 181135772899 | MY1: 181121131799 | MZ1: 181122642399 | NA1: 181124642399 | NB1: 181121622799 | NC1: 181130641699 | ND1: 181129642199 | NE1: 181121642399 | NF1: 181147831399 | NG1: 181145831399 | NH1: 181135792899 | NI1: 181198112299 | NJ1: 181198122199 | NK1: 181198132099 | NL1: 181198291799 | NM1: 181198142299 | NN1: 181198152199 | NO1: 181198162099 | NP1: 181198301799 | NQ1: 181198172299 | NR1: 181198182199 | NS1: 181198192099 | NT1: 181198311799 | NU1: 181198202299 | NV1: 181198212199 | NW1: 181198222099 | NX1: 181198321799 | NY1: 181198232299 | NZ1: 181198242199 | OA1: 181198252099 | OB1: 181198331799 | OC1: 181198262299 | OD1: 181198272199 | OE1: 181198282099 | OF1: 181198341799 | OG1: 181412132199 | OH1: 181412142099 | OI1: 181541471499 | OJ1: 181549472399 | OK1: 181553472199 | OL1: 181557472099 | OM1: 181541491499 | ON1: 181549492399 | OO1: 181553492199 | OP1: 181557492099 | OQ1: 181240111499 | OR1: 181237822899 | OS1: 181248112399 | OT1: 181266112199 | OU1: 181268112099 | OV1: 181240121499 | OW1: 181236112899 | OX1: 181248122399 | OY1: 181266122199 | OZ1: 181268122099 | PA1: 181240131499 | PB1: 181236122899 | PC1: 181248132399 | PD1: 181266132199 | PE1: 181268132099 | PF1: 181240141499 | PG1: 181236132899 | PH1: 181248142399 | PI1: 181266142199 | PJ1: 181268142099 | PK1: 181240151499 | PL1: 181236142899 | PM1: 181248152399 | PN1: 181266152199 | PO1: 181268152099 | PP1: 181240161499 | PQ1: 181236152899 | PR1: 181248162399 | PS1: 181266162199 | PT1: 181268162099 | PU1: 181240171499 | PV1: 181236162899 | PW1: 181248172399 | PX1: 181266172199 | PY1: 181268172099 | PZ1: 181240181499 | QA1: 181236172899 | QB1: 181248182399 | QC1: 181266182199 | QD1: 181268182099 | QE1: 181240191499 | QF1: 181236182899 | QG1: 181248192399 | QH1: 181266192199 | QI1: 181268192099 | QJ1: 181240201499 | QK1: 181236192899 | QL1: 181248202399 | QM1: 181266202199 | QN1: 181268202099 | QO1: 181240211499 | QP1: 181236202899 | QQ1: 181248212399 | QR1: 181266212199 | QS1: 181268212099 | QT1: 181240221499 | QU1: 181236212899 | QV1: 181248222399 | QW1: 181266222199 | QX1: 181268222099 | QY1: 181240231499 | QZ1: 181236222899 | RA1: 181248232399 | RB1: 181266232199 | RC1: 181268232099 | RD1: 181240241499 | RE1: 181236232899 | RF1: 181248242399 | RG1: 181266242199 | RH1: 181268242099 | RI1: 181240251499 | RJ1: 181236242899 | RK1: 181248252399 | RL1: 181266252199 | RM1: 181268252099 | RN1: 181240261499 | RO1: 181236252899 | RP1: 181248262399 | RQ1: 181266262199 | RR1: 181268262099 | RS1: 181240271499 | RT1: 181236262899 | RU1: 181248272399 | RV1: 181266272199 | RW1: 181268272099 | RX1: 181240281499 | RY1: 181236272899 | RZ1: 181248282399 | SA1: 181266282199 | SB1: 181268282099 | SC1: 181240291499 | SD1: 181236282899 | SE1: 181248292399 | SF1: 181266292199 | SG1: 181268292099 | SH1: 181240301499 | SI1: 181236292899 | SJ1: 181248302399 | SK1: 181266302199 | SL1: 181268302099 | SM1: 181240311499 | SN1: 181236302899 | SO1: 181248312399 | SP1: 181266312199 | SQ1: 181268312099 | SR1: 181240341499 | SS1: 181236332899 | ST1: 181248342399 | SU1: 181266342199 | SV1: 181268342099 | SW1: 181240351499 | SX1: 181236342899 | SY1: 181248352399 | SZ1: 181266352199 | TA1: 181268352099 | TB1: 181240361499 | TC1: 181236352899 | TD1: 181248362399 | TE1: 181266362199 | TF1: 181268362099 | TG1: 181240371499 | TH1: 181236362899 | TI1: 181248372399 | TJ1: 181266372199 | TK1: 181268372099 | TL1: 181240381499 | TM1: 181236372899 | TN1: 181248382399 | TO1: 181266382199 | TP1: 181268382099 | TQ1: 181240401499 | TR1: 181236382899 | TS1: 181248402399 | TT1: 181266392199 | TU1: 181268392099 | TV1: 181240411499 | TW1: 181236392899 | TX1: 181248412399 | TY1: 181266402199 | TZ1: 181268402099 | UA1: 181240421499 | UB1: 181236402899 | UC1: 181248422399 | UD1: 181266412199 | UE1: 181268412099 | UF1: 181240431499 | UG1: 181236412899 | UH1: 181248432399 | UI1: 181266422199 | UJ1: 181268422099 | UK1: 181240441499 | UL1: 181236422899 | UM1: 181248442399 | UN1: 181266432199 | UO1: 181268432099 | UP1: 181240451499 | UQ1: 181236432899 | UR1: 181248452399 | US1: 181266442199 | UT1: 181268442099 | UU1: 181240461499 | UV1: 181236442899 | UW1: 181248462399 | UX1: 181266452199 | UY1: 181268452099 | UZ1: 181240471499 | VA1: 181236452899 | VB1: 181248472399 | VC1: 181266462199 | VD1: 181268462099 | VE1: 181240481499 | VF1: 181236462899 | VG1: 181248482399 | VH1: 181266472199 | VI1: 181268472099 | VJ1: 181240491499 | VK1: 181236472899 | VL1: 181248492399 | VM1: 181266482199 | VN1: 181268482099 | VO1: 181240501499 | VP1: 181236482899 | VQ1: 181248502399 | VR1: 181266492199 | VS1: 181268492099 | VT1: 181240511499 | VU1: 181236492899 | VV1: 181248512399 | VW1: 181266502199 | VX1: 181268502099 | VY1: 181240521499 | VZ1: 181236502899 | WA1: 181248522399 | WB1: 181266512199 | WC1: 181268512099 | WD1: 181240531499 | WE1: 181236512899 | WF1: 181248532399 | WG1: 181266522199 | WH1: 181268522099 | WI1: 181240541499 | WJ1: 181236522899 | WK1: 181248542399 | WL1: 181266532199 | WM1: 181268532099 | WN1: 181240551499 | WO1: 181236532899 | WP1: 181248552399 | WQ1: 181266542199 | WR1: 181268542099 | WS1: 181240561499 | WT1: 181236542899 | WU1: 181248562399 | WV1: 181266552199 | WW1: 181268552099 | WX1: 181240571499 | WY1: 181236552899 | WZ1: 181248572399 | XA1: 181266562199 | XB1: 181268562099 | XC1: 181240581499 | XD1: 181236562899 | XE1: 181248582399 | XF1: 181266572199 | XG1: 181268572099 | XH1: 181240591499 | XI1: 181236572899 | XJ1: 181248592399 | XK1: 181266582199 | XL1: 181268582099 | XM1: 181240601499 | XN1: 181236582899 | XO1: 181248602399 | XP1: 181266592199 | XQ1: 181268592099 | XR1: 181240611499 | XS1: 181236592899 | XT1: 181248612399 | XU1: 181266602199 | XV1: 181268602099 | XW1: 181240621499 | XX1: 181236602899 | XY1: 181248622399 | XZ1: 181266612199 | YA1: 181268612099 | YB1: 181240641499 | YC1: 181236622899 | YD1: 181248642399 | YE1: 181266632199 | YF1: 181268632099 | YG1: 181240651499 | YH1: 181236632899 | YI1: 181248652399 | YJ1: 181266642199 | YK1: 181268642099 | YL1: 181240661499 | YM1: 181236642899 | YN1: 181248662399 | YO1: 181266652199 | YP1: 181268652099 | YQ1: 181240671499 | YR1: 181236652899 | YS1: 181248672399 | YT1: 181266662199 | YU1: 181268662099 | YV1: 181240681499 | YW1: 181236662899 | YX1: 181248682399 | YY1: 181266672199 | YZ1: 181268672099 | ZA1: 181240691499 | ZB1: 181236672899 | ZC1: 181248692399 | ZD1: 181266682199 | ZE1: 181268682099 | ZF1: 181240701499 | ZG1: 181236682899 | ZH1: 181248702399 | ZI1: 181266692199 | ZJ1: 181268692099 | ZK1: 181240711499 | ZL1: 181236692899 | ZM1: 181248712399 | ZN1: 181266702199 | ZO1: 181268702099 | ZP1: 181241111499 | ZQ1: 181236702899 | ZR1: 181249112399 | ZS1: 181266712199 | ZT1: 181268712099 | ZU1: 181241121499 | ZV1: 181236712899 | ZW1: 181249122399 | ZX1: 181266722199 | ZY1: 181268722099 | ZZ1: 181241131499 | AAA1: 181236722899 | AAB1: 181249132399 | AAC1: 181266732199 | AAD1: 181268732099 | AAE1: 181241141499 | AAF1: 181236732899 | AAG1: 181249142399 | AAH1: 181266742199 | AAI1: 181268742099 | AAJ1: 181241151499 | AAK1: 181236742899 | AAL1: 181249152399 | AAM1: 181266752199 | AAN1: 181268752099 | AAO1: 181241161499 | AAP1: 181236752899 | AAQ1: 181249162399 | AAR1: 181266762199 | AAS1: 181268762099 | AAT1: 181241171499 | AAU1: 181236762899 | AAV1: 181249172399 | AAW1: 181266772199 | AAX1: 181268772099 | AAY1: 181241181499 | AAZ1: 181236772899 | ABA1: 181249182399 | ABB1: 181266782199 | ABC1: 181268782099 | ABD1: 181241191499 | ABE1: 181236782899 | ABF1: 181249192399 | ABG1: 181266792199 | ABH1: 181268792099 | ABI1: 181241201499 | ABJ1: 181236792899 | ABK1: 181249202399 | ABL1: 181266802199 | ABM1: 181268802099 | ABN1: 181241211499 | ABO1: 181236802899 | ABP1: 181249212399 | ABQ1: 181266812199 | ABR1: 181268812099 | ABS1: 181241221499 | ABT1: 181236812899 | ABU1: 181249222399 | ABV1: 181266822199 | ABW1: 181268822099 | ABX1: 181241231499 | ABY1: 181236822899 | ABZ1: 181249232399 | ACA1: 181266832199 | ACB1: 181268832099 | ACC1: 181241241499 | ACD1: 181236832899 | ACE1: 181249242399 | ACF1: 181266842199 | ACG1: 181268842099 | ACH1: 181241251499 | ACI1: 181236842899 | ACJ1: 181249252399 | ACK1: 181266852199 | ACL1: 181268852099 | ACM1: 181241261499 | ACN1: 181236852899 | ACO1: 181249262399 | ACP1: 181266862199 | ACQ1: 181268862099 | ACR1: 181241271499 | ACS1: 181236862899 | ACT1: 181249272399 | ACU1: 181266872199 | ACV1: 181268872099 | ACW1: 181241281499 | ACX1: 181236872899 | ACY1: 181249282399 | ACZ1: 181266882199 | ADA1: 181268882099 | ADB1: 181241291499 | ADC1: 181236882899 | ADD1: 181249292399 | ADE1: 181266892199 | ADF1: 181268892099 | ADG1: 181241301499 | ADH1: 181236892899 | ADI1: 181249302399 | ADJ1: 181266902199 | ADK1: 181268902099 | ADL1: 181241311499 | ADM1: 181236902899 | ADN1: 181249312399 | ADO1: 181266912199 | ADP1: 181268912099 | ADQ1: 181241321499 | ADR1: 181236912899 | ADS1: 181249322399 | ADT1: 181266922199 | ADU1: 181268922099 | ADV1: 181241331499 | ADW1: 181236922899 | ADX1: 181249332399 | ADY1: 181266932199 | ADZ1: 181268932099 | AEA1: 181241341499 | AEB1: 181236932899 | AEC1: 181249342399 | AED1: 181266942199 | AEE1: 181268942099 | AEF1: 181241351499 | AEG1: 181236942899 | AEH1: 181249352399 | AEI1: 181266952199 | AEJ1: 181268952099 | AEK1: 181241361499 | AEL1: 181236952899 | AEM1: 181249362399 | AEN1: 181266962199 | AEO1: 181268962099 | AEP1: 181241371499 | AEQ1: 181236962899 | AER1: 181249372399 | AES1: 181266972199 | AET1: 181268972099 | AEU1: 181241381499 | AEV1: 181236972899 | AEW1: 181249382399 | AEX1: 181267112199 | AEY1: 181269112099 | AEZ1: 181241391499 | AFA1: 181237112899 | AFB1: 181249392399 | AFC1: 181267122199 | AFD1: 181269122099 | AFE1: 181241401499 | AFF1: 181237122899 | AFG1: 181249402399 | AFH1: 181267132199 | AFI1: 181269132099 | AFJ1: 181241411499 | AFK1: 181237132899 | AFL1: 181249412399 | AFM1: 181267142199 | AFN1: 181269142099 | AFO1: 181242111499 | AFP1: 181237142899 | AFQ1: 181250112399 | AFR1: 181267152199 | AFS1: 181269152099 | AFT1: 181242121499 | AFU1: 181237152899 | AFV1: 181250122399 | AFW1: 181267162199 | AFX1: 181269162099 | AFY1: 181242131499 | AFZ1: 181237162899 | AGA1: 181250132399 | AGB1: 181267172199 | AGC1: 181269172099 | AGD1: 181242141499 | AGE1: 181237172899 | AGF1: 181250142399 | AGG1: 181267182199 | AGH1: 181269182099 | AGI1: 181242151499 | AGJ1: 181237182899 | AGK1: 181250152399 | AGL1: 181267192199 | AGM1: 181269192099 | AGN1: 181242161499 | AGO1: 181237192899 | AGP1: 181250162399 | AGQ1: 181267202199 | AGR1: 181269202099 | AGS1: 181242171499 | AGT1: 181237202899 | AGU1: 181250172399 | AGV1: 181267212199 | AGW1: 181269212099 | AGX1: 181242181499 | AGY1: 181237212899 | AGZ1: 181250182399 | AHA1: 181267222199 | AHB1: 181269222099 | AHC1: 181242201499 | AHD1: 181237222899 | AHE1: 181250202399 | AHF1: 181267232199 | AHG1: 181269232099 | AHH1: 181242211499 | AHI1: 181237232899 | AHJ1: 181250212399 | AHK1: 181267242199 | AHL1: 181269242099 | AHM1: 181242221499 | AHN1: 181237242899 | AHO1: 181250222399 | AHP1: 181267252199 | AHQ1: 181269252099 | AHR1: 181242231499 | AHS1: 181237252899 | AHT1: 181250232399 | AHU1: 181267262199 | AHV1: 181269262099 | AHW1: 181242241499 | AHX1: 181237262899 | AHY1: 181250242399 | AHZ1: 181267272199 | AIA1: 181269272099 | AIB1: 181242251499 | AIC1: 181237272899 | AID1: 181250252399 | AIE1: 181267282199 | AIF1: 181269282099 | AIG1: 181242261499 | AIH1: 181237282899 | AII1: 181250262399 | AIJ1: 181267292199 | AIK1: 181269292099 | AIL1: 181242281499 | AIM1: 181237302899 | AIN1: 181250282399 | AIO1: 181267312199 | AIP1: 181269312099 | AIQ1: 181242291499 | AIR1: 181237312899 | AIS1: 181250292399 | AIT1: 181267322199 | AIU1: 181269322099 | AIV1: 181242301499 | AIW1: 181237322899 | AIX1: 181250302399 | AIY1: 181267332199 | AIZ1: 181269332099 | AJA1: 181242321499 | AJB1: 181237342899 | AJC1: 181250322399 | AJD1: 181267352199 | AJE1: 181269352099 | AJF1: 181242331499 | AJG1: 181237352899 | AJH1: 181250332399 | AJI1: 181267362199 | AJJ1: 181269362099 | AJK1: 181242341499 | AJL1: 181237362899 | AJM1: 181250342399 | AJN1: 181267372199 | AJO1: 181269372099 | AJP1: 181242351499 | AJQ1: 181237372899 | AJR1: 181250352399 | AJS1: 181267382199 | AJT1: 181269382099 | AJU1: 181242361499 | AJV1: 181237382899 | AJW1: 181250362399 | AJX1: 181267392199 | AJY1: 181269392099 | AJZ1: 181242371499 | AKA1: 181237392899 | AKB1: 181250372399 | AKC1: 181267402199 | AKD1: 181269402099 | AKE1: 181242381499 | AKF1: 181237402899 | AKG1: 181250382399 | AKH1: 181267412199 | AKI1: 181269412099 | AKJ1: 181242391499 | AKK1: 181237412899 | AKL1: 181250392399 | AKM1: 181267422199 | AKN1: 181269422099 | AKO1: 181242401499 | AKP1: 181237422899 | AKQ1: 181250402399 | AKR1: 181267432199 | AKS1: 181269432099 | AKT1: 181242411499 | AKU1: 181237432899 | AKV1: 181250412399 | AKW1: 181267442199 | AKX1: 181269442099 | AKY1: 181242421499 | AKZ1: 181237442899 | ALA1: 181250422399 | ALB1: 181267452199 | ALC1: 181269452099 | ALD1: 181242431499 | ALE1: 181237452899 | ALF1: 181250432399 | ALG1: 181267462199 | ALH1: 181269462099 | ALI1: 181242441499 | ALJ1: 181237462899 | ALK1: 181250442399 | ALL1: 181267472199 | ALM1: 181269472099 | ALN1: 181242451499 | ALO1: 181237472899 | ALP1: 181250452399 | ALQ1: 181267482199 | ALR1: 181269482099 | ALS1: 181242461499 | ALT1: 181237482899 | ALU1: 181250462399 | ALV1: 181267492199 | ALW1: 181269492099 | ALX1: 181242471499 | ALY1: 181237492899 | ALZ1: 181250472399 | AMA1: 181267502199 | AMB1: 181269502099 | AMC1: 181242481499 | AMD1: 181237502899 | AME1: 181250482399 | AMF1: 181267512199 | AMG1: 181269512099 | AMH1: 181242491499 | AMI1: 181237512899 | AMJ1: 181250492399 | AMK1: 181267522199 | AML1: 181269522099 | AMM1: 181242501499 | AMN1: 181237522899 | AMO1: 181250502399 | AMP1: 181267532199 | AMQ1: 181269532099 | AMR1: 181242511499 | AMS1: 181237532899 | AMT1: 181250512399 | AMU1: 181267542199 | AMV1: 181269542099 | AMW1: 181242521499 | AMX1: 181237542899 | AMY1: 181250522399 | AMZ1: 181267552199 | ANA1: 181269552099 | ANB1: 181242531499 | ANC1: 181237552899 | AND1: 181250532399 | ANE1: 181267562199 | ANF1: 181269562099 | ANG1: 181242541499 | ANH1: 181237562899 | ANI1: 181250542399 | ANJ1: 181267572199 | ANK1: 181269572099 | ANL1: 181242551499 | ANM1: 181237572899 | ANN1: 181250552399 | ANO1: 181267582199 | ANP1: 181269582099 | ANQ1: 181242561499 | ANR1: 181237582899 | ANS1: 181250562399 | ANT1: 181267592199 | ANU1: 181269592099 | ANV1: 181242571499 | ANW1: 181237592899 | ANX1: 181250572399 | ANY1: 181267602199 | ANZ1: 181269602099 | AOA1: 181242581499 | AOB1: 181237602899 | AOC1: 181250582399 | AOD1: 181267612199 | AOE1: 181269612099 | AOF1: 181242591499 | AOG1: 181237612899 | AOH1: 181250592399 | AOI1: 181267622199 | AOJ1: 181269622099 | AOK1: 181242621499 | AOL1: 181237642899 | AOM1: 181250622399 | AON1: 181267652199 | AOO1: 181269652099 | AOP1: 181242631499 | AOQ1: 181237652899 | AOR1: 181250632399 | AOS1: 181267662199 | AOT1: 181269662099 | AOU1: 181242641499 | AOV1: 181237662899 | AOW1: 181250642399 | AOX1: 181267672199 | AOY1: 181269672099 | AOZ1: 181242651499 | APA1: 181237672899 | APB1: 181250652399 | APC1: 181267682199 | APD1: 181269682099 | APE1: 181242661499 | APF1: 181237682899 | APG1: 181250662399 | APH1: 181267692199 | API1: 181269692099 | APJ1: 181242671499 | APK1: 181237692899 | APL1: 181250672399 | APM1: 181267702199 | APN1: 181269702099 | APO1: 181242681499 | APP1: 181237702899 | APQ1: 181250682399 | APR1: 181267712199 | APS1: 181269712099 | APT1: 181242691499 | APU1: 181237712899 | APV1: 181250692399 | APW1: 181267722199 | APX1: 181269722099 | APY1: 181242711499 | APZ1: 181237732899 | AQA1: 181250712399 | AQB1: 181267742199 | AQC1: 181269742099 | AQD1: 181242721499 | AQE1: 181237742899 | AQF1: 181250722399 | AQG1: 181267752199 | AQH1: 181269752099 | AQI1: 181242731499 | AQJ1: 181237752899 | AQK1: 181250732399 | AQL1: 181267762199 | AQM1: 181269762099 | AQN1: 181242741499 | AQO1: 181237762899 | AQP1: 181250742399 | AQQ1: 181267772199 | AQR1: 181269772099 | AQS1: 181242761499 | AQT1: 181237782899 | AQU1: 181250762399 | AQV1: 181267792199 | AQW1: 181269792099 | AQX1: 181242791499 | AQY1: 181237812899 | AQZ1: 181250792399 | ARA1: 181267822199 | ARB1: 181269822099 | ARC1: 181243791499 | ARD1: 181238812899 | ARE1: 181251792399 | ARF1: 181277822199 | ARG1: 181279822099 | ARH1: 181244791499 | ARI1: 181239812899 | ARJ1: 181252792399 | ARK1: 181278822199 | ARL1: 181280822099 | ARM1: 181245791499 | ARN1: 181240812899 | ARO1: 181253792399 | ARP1: 181279822199 | ARQ1: 181281822099 | ARR1: 181246791499 | ARS1: 181241812899 | ART1: 181254792399 | ARU1: 181280822199 | ARV1: 181282822099 | ARW1: 181247791499 | ARX1: 181242812899 | ARY1: 181255792399 | ARZ1: 181281822199 | ASA1: 181283822099 | ASB1: 181248791499 | ASC1: 181243812899 | ASD1: 181256792399 | ASE1: 181282822199 | ASF1: 181284822099 | ASG1: 181249791499 | ASH1: 181244812899 | ASI1: 181257792399 | ASJ1: 181283822199 | ASK1: 181285822099 | ASL1: 181250791499 | ASM1: 181245812899 | ASN1: 181258792399 | ASO1: 181284822199 | ASP1: 181286822099 | ASQ1: 181251791499 | ASR1: 181246812899 | ASS1: 181259792399 | AST1: 181285822199 | ASU1: 181287822099 | ASV1: 181252791499 | ASW1: 181247812899 | ASX1: 181260792399 | ASY1: 181286822199 | ASZ1: 181288822099 | ATA1: 181253791499 | ATB1: 181248812899 | ATC1: 181261792399 | ATD1: 181287822199 | ATE1: 181289822099 | ATF1: 181254791499 | ATG1: 181249812899 | ATH1: 181262792399 | ATI1: 181288822199 | ATJ1: 181290822099 | ATK1: 181255791499 | ATL1: 181250812899 | ATM1: 181263792399 | ATN1: 181289822199 | ATO1: 181291822099 | ATP1: 181256791499 | ATQ1: 181251812899 | ATR1: 181264792399 | ATS1: 181290822199 | ATT1: 181292822099 | ATU1: 181370112599 | ATV1: 181370242599 | ATW1: 181336242899 | ATX1: 181372242199 | ATY1: 181370252599 | ATZ1: 181336252899 | AUA1: 181372252199 | AUB1: 181370262599 | AUC1: 181336262899 | AUD1: 181372262199
A2: ExtractionDate | B2: EntityId | C2: EntityName | D2: Country | E2: Region | F2: Company Type | G2: Market cap. (mln. USD) | H2: Exchange | I2: Ticker | J2: Legal Entity Identifier | K2: Bloomberg Ticker Exchange | L2: Bloomberg Ticker | M2: Bloomberg Global Composite ID | N2: Bloomberg Global ID | O2: Bloomberg Share Class BBGID | P2: Bloomberg Unique ID | Q2: ISIN | R2: Issue - E&S Impact of Products and Services-Risk Contribution | S2: Issue - E&S Impact of Products and Services-Risk Score | T2: Issue - E&S Impact of Products and Services-Risk Score Average-Subindustry | U2: Issue - E&S Impact of Products and Services-Risk Score Average-Universe | V2: Issue - E&S Impact of Products and Services-Type | W2: Issue - Emissions, Effluents and Waste - Supply Chain-Analyst View Consolidated | X2: Issue - Emissions, Effluents and Waste - Supply Chain-Exposure Score | Y2: Issue - Emissions, Effluents and Waste - Supply Chain-Management Score | Z2: Issue - Emissions, Effluents and Waste - Supply Chain-Management Weight | AA2: Issue - Emissions, Effluents and Waste - Supply Chain-Risk Category | AB2: Issue - Emissions, Effluents and Waste - Supply Chain-Risk Contribution | AC2: Issue - Emissions, Effluents and Waste - Supply Chain-Risk Score | AD2: Issue - Emissions, Effluents and Waste - Supply Chain-Risk Score Average-Subindustry | AE2: Issue - Emissions, Effluents and Waste - Supply Chain-Risk Score Average-Universe | AF2: Issue - Emissions, Effluents and Waste - Supply Chain-Type | AG2: Issue - Emissions, Effluents and Waste-Analyst View Consolidated | AH2: Issue - Emissions, Effluents and Waste-Exposure Score | AI2: Issue - Emissions, Effluents and Waste-Management Score | AJ2: Issue - Emissions, Effluents and Waste-Management Weight | AK2: Issue - Emissions, Effluents and Waste-Risk Category | AL2: Issue - Emissions, Effluents and Waste-Risk Contribution | AM2: Issue - Emissions, Effluents and Waste-Risk Score | AN2: Issue - Emissions, Effluents and Waste-Risk Score Average-Subindustry | AO2: Issue - Emissions, Effluents and Waste-Risk Score Average-Universe | AP2: Issue - Emissions, Effluents and Waste-Type | AQ2: Issue - Employees - Human Rights - Supply Chain-Analyst View Consolidated | AR2: Issue - Employees - Human Rights - Supply Chain-Exposure Score | AS2: Issue - Employees - Human Rights - Supply Chain-Management Score | AT2: Issue - Employees - Human Rights - Supply Chain-Management Weight | AU2: Issue - Employees - Human Rights - Supply Chain-Risk Category | AV2: Issue - Employees - Human Rights - Supply Chain-Risk Contribution | AW2: Issue - Employees - Human Rights - Supply Chain-Risk Score | AX2: Issue - Employees - Human Rights - Supply Chain-Risk Score Average-Subindustry | AY2: Issue - Employees - Human Rights - Supply Chain-Risk Score Average-Universe | AZ2: Issue - Employees - Human Rights - Supply Chain-Type | BA2: Issue - Employees - Human Rights-Analyst View Consolidated | BB2: Issue - Employees - Human Rights-Exposure Score | BC2: Issue - Employees - Human Rights-Management Score | BD2: Issue - Employees - Human Rights-Management Weight | BE2: Issue - Employees - Human Rights-Risk Category | BF2: Issue - Employees - Human Rights-Risk Contribution | BG2: Issue - Employees - Human Rights-Risk Score | BH2: Issue - Employees - Human Rights-Risk Score Average-Subindustry | BI2: Issue - Employees - Human Rights-Risk Score Average-Universe | BJ2: Issue - Employees - Human Rights-Type | BK2: Issue - Energy Use and GHG Emissions - Supply Chain-Analyst View Consolidated | BL2: Issue - Energy Use and GHG Emissions - Supply Chain-Exposure Score | BM2: Issue - Energy Use and GHG Emissions - Supply Chain-Management Score | BN2: Issue - Energy Use and GHG Emissions - Supply Chain-Management Weight | BO2: Issue - Energy Use and GHG Emissions - Supply Chain-Risk Category | BP2: Issue - Energy Use and GHG Emissions - Supply Chain-Risk Contribution | BQ2: Issue - Energy Use and GHG Emissions - Supply Chain-Risk Score | BR2: Issue - Energy Use and GHG Emissions - Supply Chain-Risk Score Average-Subindustry | BS2: Issue - Energy Use and GHG Emissions - Supply Chain-Risk Score Average-Universe | BT2: Issue - Energy Use and GHG Emissions - Supply Chain-Type | BU2: Issue - Energy Use and GHG Emissions-Analyst View Consolidated | BV2: Issue - Energy Use and GHG Emissions-Exposure Score | BW2: Issue - Energy Use and GHG Emissions-Management Score | BX2: Issue - Energy Use and GHG Emissions-Management Weight | BY2: Issue - Energy Use and GHG Emissions-Risk Category | BZ2: Issue - Energy Use and GHG Emissions-Risk Contribution | CA2: Issue - Energy Use and GHG Emissions-Risk Score | CB2: Issue - Energy Use and GHG Emissions-Risk Score Average-Subindustry | CC2: Issue - Energy Use and GHG Emissions-Risk Score Average-Universe | CD2: Issue - Energy Use and GHG Emissions-Type | CE2: Issue - Environmental Impact of Products-Analyst View Consolidated | CF2: Issue - Environmental Impact of Products-Exposure Score | CG2: Issue - Environmental Impact of Products-Management Score | CH2: Issue - Environmental Impact of Products-Management Weight | CI2: Issue - Environmental Impact of Products-Risk Category | CJ2: Issue - Environmental Impact of Products-Risk Contribution | CK2: Issue - Environmental Impact of Products-Risk Score | CL2: Issue - Environmental Impact of Products-Risk Score Average-Subindustry | CM2: Issue - Environmental Impact of Products-Risk Score Average-Universe | CN2: Issue - Environmental Impact of Products-Type | CO2: Issue - ESG Integration - Financials-Analyst View Consolidated | CP2: Issue - ESG Integration - Financials-Exposure Score | CQ2: Issue - ESG Integration - Financials-Management Score | CR2: Issue - ESG Integration - Financials-Management Weight | CS2: Issue - ESG Integration - Financials-Risk Category | CT2: Issue - ESG Integration - Financials-Risk Contribution | CU2: Issue - ESG Integration - Financials-Risk Score | CV2: Issue - ESG Integration - Financials-Risk Score Average-Subindustry | CW2: Issue - ESG Integration - Financials-Risk Score Average-Universe | CX2: Issue - ESG Integration - Financials-Type | CY2: Issue - Human Capital-Analyst View Consolidated | CZ2: Issue - Human Capital-Exposure Score | DA2: Issue - Human Capital-Management Score | DB2: Issue - Human Capital-Management Weight | DC2: Issue - Human Capital-Risk Category | DD2: Issue - Human Capital-Risk Contribution | DE2: Issue - Human Capital-Risk Score | DF2: Issue - Human Capital-Risk Score Average-Subindustry | DG2: Issue - Human Capital-Risk Score Average-Universe | DH2: Issue - Human Capital-Type | DI2: Issue - Human Rights - Supply Chain-Analyst View Consolidated | DJ2: Issue - Human Rights - Supply Chain-Exposure Score | DK2: Issue - Human Rights - Supply Chain-Management Score | DL2: Issue - Human Rights - Supply Chain-Management Weight | DM2: Issue - Human Rights - Supply Chain-Risk Category | DN2: Issue - Human Rights - Supply Chain-Risk Contribution | DO2: Issue - Human Rights - Supply Chain-Risk Score | DP2: Issue - Human Rights - Supply Chain-Risk Score Average-Subindustry | DQ2: Issue - Human Rights - Supply Chain-Risk Score Average-Universe | DR2: Issue - Human Rights - Supply Chain-Type | DS2: Issue - Human Rights-Analyst View Consolidated | DT2: Issue - Human Rights-Exposure Score | DU2: Issue - Human Rights-Management Score | DV2: Issue - Human Rights-Management Weight | DW2: Issue - Human Rights-Risk Category | DX2: Issue - Human Rights-Risk Contribution | DY2: Issue - Human Rights-Risk Score | DZ2: Issue - Human Rights-Risk Score Average-Subindustry | EA2: Issue - Human Rights-Risk Score Average-Universe | EB2: Issue - Human Rights-Type | EC2: Issue - Intellectual Property-Analyst View Consolidated | ED2: Issue - Intellectual Property-Exposure Score | EE2: Issue - Intellectual Property-Management Score | EF2: Issue - Intellectual Property-Management Weight | EG2: Issue - Intellectual Property-Risk Category | EH2: Issue - Intellectual Property-Risk Contribution | EI2: Issue - Intellectual Property-Risk Score | EJ2: Issue - Intellectual Property-Risk Score Average-Subindustry | EK2: Issue - Intellectual Property-Risk Score Average-Universe | EL2: Issue - Intellectual Property-Type | EM2: Issue - Labour Relations - Supply Chain-Analyst View Consolidated | EN2: Issue - Labour Relations - Supply Chain-Exposure Score | EO2: Issue - Labour Relations - Supply Chain-Management Score | EP2: Issue - Labour Relations - Supply Chain-Management Weight | EQ2: Issue - Labour Relations - Supply Chain-Risk Category | ER2: Issue - Labour Relations - Supply Chain-Risk Contribution | ES2: Issue - Labour Relations - Supply Chain-Risk Score | ET2: Issue - Labour Relations - Supply Chain-Risk Score Average-Subindustry | EU2: Issue - Labour Relations - Supply Chain-Risk Score Average-Universe | EV2: Issue - Labour Relations - Supply Chain-Type | EW2: Issue - Labour Relations-Analyst View Consolidated | EX2: Issue - Labour Relations-Exposure Score | EY2: Issue - Labour Relations-Management Score | EZ2: Issue - Labour Relations-Management Weight | FA2: Issue - Labour Relations-Risk Category | FB2: Issue - Labour Relations-Risk Contribution | FC2: Issue - Labour Relations-Risk Score | FD2: Issue - Labour Relations-Risk Score Average-Subindustry | FE2: Issue - Labour Relations-Risk Score Average-Universe | FF2: Issue - Labour Relations-Type | FG2: Issue - Land Use and Biodiversity - Supply Chain-Analyst View Consolidated | FH2: Issue - Land Use and Biodiversity - Supply Chain-Exposure Score | FI2: Issue - Land Use and Biodiversity - Supply Chain-Management Score | FJ2: Issue - Land Use and Biodiversity - Supply Chain-Management Weight | FK2: Issue - Land Use and Biodiversity - Supply Chain-Risk Category | FL2: Issue - Land Use and Biodiversity - Supply Chain-Risk Contribution | FM2: Issue - Land Use and Biodiversity - Supply Chain-Risk Score | FN2: Issue - Land Use and Biodiversity - Supply Chain-Risk Score Average-Subindustry | FO2: Issue - Land Use and Biodiversity - Supply Chain-Risk Score Average-Universe | FP2: Issue - Land Use and Biodiversity - Supply Chain-Type | FQ2: Issue - Land Use and Biodiversity-Analyst View Consolidated | FR2: Issue - Land Use and Biodiversity-Exposure Score | FS2: Issue - Land Use and Biodiversity-Management Score | FT2: Issue - Land Use and Biodiversity-Management Weight | FU2: Issue - Land Use and Biodiversity-Risk Category | FV2: Issue - Land Use and Biodiversity-Risk Contribution | FW2: Issue - Land Use and Biodiversity-Risk Score | FX2: Issue - Land Use and Biodiversity-Risk Score Average-Subindustry | FY2: Issue - Land Use and Biodiversity-Risk Score Average-Universe | FZ2: Issue - Land Use and Biodiversity-Type | GA2: Issue - Lobbying and Public Policy-Analyst View Consolidated | GB2: Issue - Lobbying and Public Policy-Exposure Score | GC2: Issue - Lobbying and Public Policy-Management Score | GD2: Issue - Lobbying and Public Policy-Management Weight | GE2: Issue - Lobbying and Public Policy-Risk Category | GF2: Issue - Lobbying and Public Policy-Risk Contribution | GG2: Issue - Lobbying and Public Policy-Risk Score | GH2: Issue - Lobbying and Public Policy-Risk Score Average-Subindustry | GI2: Issue - Lobbying and Public Policy-Risk Score Average-Universe | GJ2: Issue - Lobbying and Public Policy-Type | GK2: Issue - Marketing Practices-Analyst View Consolidated | GL2: Issue - Marketing Practices-Exposure Score | GM2: Issue - Marketing Practices-Management Score | GN2: Issue - Marketing Practices-Management Weight | GO2: Issue - Marketing Practices-Risk Category | GP2: Issue - Marketing Practices-Risk Contribution | GQ2: Issue - Marketing Practices-Risk Score | GR2: Issue - Marketing Practices-Risk Score Average-Subindustry | GS2: Issue - Marketing Practices-Risk Score Average-Universe | GT2: Issue - Marketing Practices-Type | GU2: Issue - Media Ethics-Analyst View Consolidated | GV2: Issue - Media Ethics-Exposure Score | GW2: Issue - Media Ethics-Management Score | GX2: Issue - Media Ethics-Management Weight | GY2: Issue - Media Ethics-Risk Category | GZ2: Issue - Media Ethics-Risk Contribution | HA2: Issue - Media Ethics-Risk Score | HB2: Issue - Media Ethics-Risk Score Average-Subindustry | HC2: Issue - Media Ethics-Risk Score Average-Universe | HD2: Issue - Media Ethics-Type | HE2: Issue - Occupational Health and Safety - Supply Chain-Analyst View Consolidated | HF2: Issue - Occupational Health and Safety - Supply Chain-Exposure Score | HG2: Issue - Occupational Health and Safety - Supply Chain-Management Score | HH2: Issue - Occupational Health and Safety - Supply Chain-Management Weight | HI2: Issue - Occupational Health and Safety - Supply Chain-Risk Category | HJ2: Issue - Occupational Health and Safety - Supply Chain-Risk Contribution | HK2: Issue - Occupational Health and Safety - Supply Chain-Risk Score | HL2: Issue - Occupational Health and Safety - Supply Chain-Risk Score Average-Subindustry | HM2: Issue - Occupational Health and Safety - Supply Chain-Risk Score Average-Universe | HN2: Issue - Occupational Health and Safety - Supply Chain-Type | HO2: Issue - Occupational Health and Safety-Analyst View Consolidated | HP2: Issue - Occupational Health and Safety-Exposure Score | HQ2: Issue - Occupational Health and Safety-Management Score | HR2: Issue - Occupational Health and Safety-Management Weight | HS2: Issue - Occupational Health and Safety-Risk Category | HT2: Issue - Occupational Health and Safety-Risk Contribution | HU2: Issue - Occupational Health and Safety-Risk Score | HV2: Issue - Occupational Health and Safety-Risk Score Average-Subindustry | HW2: Issue - Occupational Health and Safety-Risk Score Average-Universe | HX2: Issue - Occupational Health and Safety-Type | HY2: Issue - Product Governance-Analyst View Consolidated | HZ2: Issue - Product Governance-Exposure Score | IA2: Issue - Product Governance-Management Score | IB2: Issue - Product Governance-Management Weight | IC2: Issue - Product Governance-Risk Category | ID2: Issue - Product Governance-Risk Contribution | IE2: Issue - Product Governance-Risk Score | IF2: Issue - Product Governance-Risk Score Average-Subindustry | IG2: Issue - Product Governance-Risk Score Average-Universe | IH2: Issue - Product Governance-Type | II2: Issue - Quality and Safety-Analyst View Consolidated | IJ2: Issue - Quality and Safety-Exposure Score | IK2: Issue - Quality and Safety-Management Score | IL2: Issue - Quality and Safety-Management Weight | IM2: Issue - Quality and Safety-Risk Category | IN2: Issue - Quality and Safety-Risk Contribution | IO2: Issue - Quality and Safety-Risk Score | IP2: Issue - Quality and Safety-Risk Score Average-Subindustry | IQ2: Issue - Quality and Safety-Risk Score Average-Universe | IR2: Issue - Quality and Safety-Type | IS2: Issue - Resilience-Analyst View Consolidated | IT2: Issue - Resilience-Exposure Score | IU2: Issue - Resilience-Management Score | IV2: Issue - Resilience-Management Weight | IW2: Issue - Resilience-Risk Category | IX2: Issue - Resilience-Risk Contribution | IY2: Issue - Resilience-Risk Score | IZ2: Issue - Resilience-Risk Score Average-Subindustry | JA2: Issue - Resilience-Risk Score Average-Universe | JB2: Issue - Resilience-Type | JC2: Issue - Resource Use - Supply Chain-Analyst View Consolidated | JD2: Issue - Resource Use - Supply Chain-Exposure Score | JE2: Issue - Resource Use - Supply Chain-Management Score | JF2: Issue - Resource Use - Supply Chain-Management Weight | JG2: Issue - Resource Use - Supply Chain-Risk Category | JH2: Issue - Resource Use - Supply Chain-Risk Contribution | JI2: Issue - Resource Use - Supply Chain-Risk Score | JJ2: Issue - Resource Use - Supply Chain-Risk Score Average-Subindustry | JK2: Issue - Resource Use - Supply Chain-Risk Score Average-Universe | JL2: Issue - Resource Use - Supply Chain-Type | JM2: Issue - Resource Use-Analyst View Consolidated | JN2: Issue - Resource Use-Exposure Score | JO2: Issue - Resource Use-Management Score | JP2: Issue - Resource Use-Management Weight | JQ2: Issue - Resource Use-Risk Category | JR2: Issue - Resource Use-Risk Contribution | JS2: Issue - Resource Use-Risk Score | JT2: Issue - Resource Use-Risk Score Average-Subindustry | JU2: Issue - Resource Use-Risk Score Average-Universe | JV2: Issue - Resource Use-Type | JW2: Issue - Sanctions-Analyst View Consolidated | JX2: Issue - Sanctions-Exposure Score | JY2: Issue - Sanctions-Management Score | JZ2: Issue - Sanctions-Management Weight | KA2: Issue - Sanctions-Risk Category | KB2: Issue - Sanctions-Risk Contribution | KC2: Issue - Sanctions-Risk Score | KD2: Issue - Sanctions-Risk Score Average-Subindustry | KE2: Issue - Sanctions-Risk Score Average-Universe | KF2: Issue - Sanctions-Type | KG2: Issue - Social Impact of Products-Analyst View Consolidated | KH2: Issue - Social Impact of Products-Exposure Score | KI2: Issue - Social Impact of Products-Management Score | KJ2: Issue - Social Impact of Products-Management Weight | KK2: Issue - Social Impact of Products-Risk Category | KL2: Issue - Social Impact of Products-Risk Contribution | KM2: Issue - Social Impact of Products-Risk Score | KN2: Issue - Social Impact of Products-Risk Score Average-Subindustry | KO2: Issue - Social Impact of Products-Risk Score Average-Universe | KP2: Issue - Social Impact of Products-Type | KQ2: Issue - Society - Human Rights - Supply Chain-Analyst View Consolidated | KR2: Issue - Society - Human Rights - Supply Chain-Exposure Score | KS2: Issue - Society - Human Rights - Supply Chain-Management Score | KT2: Issue - Society - Human Rights - Supply Chain-Management Weight | KU2: Issue - Society - Human Rights - Supply Chain-Risk Category | KV2: Issue - Society - Human Rights - Supply Chain-Risk Contribution | KW2: Issue - Society - Human Rights - Supply Chain-Risk Score | KX2: Issue - Society - Human Rights - Supply Chain-Risk Score Average-Subindustry | KY2: Issue - Society - Human Rights - Supply Chain-Risk Score Average-Universe | KZ2: Issue - Society - Human Rights - Supply Chain-Type | LA2: Issue - Society - Human Rights-Analyst View Consolidated | LB2: Issue - Society - Human Rights-Exposure Score | LC2: Issue - Society - Human Rights-Management Score | LD2: Issue - Society - Human Rights-Management Weight | LE2: Issue - Society - Human Rights-Risk Category | LF2: Issue - Society - Human Rights-Risk Contribution | LG2: Issue - Society - Human Rights-Risk Score | LH2: Issue - Society - Human Rights-Risk Score Average-Subindustry | LI2: Issue - Society - Human Rights-Risk Score Average-Universe | LJ2: Issue - Society - Human Rights-Type | LK2: Issue - Water Use - Supply Chain-Analyst View Consolidated | LL2: Issue - Water Use - Supply Chain-Exposure Score | LM2: Issue - Water Use - Supply Chain-Management Score | LN2: Issue - Water Use - Supply Chain-Management Weight | LO2: Issue - Water Use - Supply Chain-Risk Category | LP2: Issue - Water Use - Supply Chain-Risk Contribution | LQ2: Issue - Water Use - Supply Chain-Risk Score | LR2: Issue - Water Use - Supply Chain-Risk Score Average-Subindustry | LS2: Issue - Water Use - Supply Chain-Risk Score Average-Universe | LT2: Issue - Water Use - Supply Chain-Type | LU2: Issue - Water Use-Analyst View Consolidated | LV2: Issue - Water Use-Exposure Score | LW2: Issue - Water Use-Management Score | LX2: Issue - Water Use-Management Weight | LY2: Issue - Water Use-Risk Category | LZ2: Issue - Water Use-Risk Contribution | MA2: Issue - Water Use-Risk Score | MB2: Issue - Water Use-Risk Score Average-Subindustry | MC2: Issue - Water Use-Risk Score Average-Universe | MD2: Issue - Water Use-Type | ME2: Issue - Weapons-Analyst View Consolidated | MF2: Issue - Weapons-Exposure Score | MG2: Issue - Weapons-Management Score | MH2: Issue - Weapons-Management Weight | MI2: Issue - Weapons-Risk Category | MJ2: Issue - Weapons-Risk Contribution | MK2: Issue - Weapons-Risk Score | ML2: Issue - Weapons-Risk Score Average-Subindustry | MM2: Issue - Weapons-Risk Score Average-Universe | MN2: Issue - Weapons-Type | MO2: Issue - Business Resilience Risk due to Ukraine Conflict-Analyst View Consolidated | MP2: Issue - Business Resilience Risk due to Ukraine Conflict-Exposure Score | MQ2: Issue - Business Resilience Risk due to Ukraine Conflict-Management Score | MR2: Issue - Business Resilience Risk due to Ukraine Conflict-Management Weight | MS2: Issue - Business Resilience Risk due to Ukraine Conflict-Risk Category | MT2: Issue - Business Resilience Risk due to Ukraine Conflict-Risk Contribution | MU2: Issue - Business Resilience Risk due to Ukraine Conflict-Risk Score | MV2: Issue - Business Resilience Risk due to Ukraine Conflict-Risk Score Average-Subindustry | MW2: Issue - Business Resilience Risk due to Ukraine Conflict-Risk Score Average-Universe | MX2: Issue - Business Resilience Risk due to Ukraine Conflict-Type | MY2: Issue - Fallout/Repercussions of Ukraine Conflict-Analyst View Consolidated | MZ2: Issue - Fallout/Repercussions of Ukraine Conflict-Exposure Score | NA2: Issue - Fallout/Repercussions of Ukraine Conflict-Management Score | NB2: Issue - Fallout/Repercussions of Ukraine Conflict-Management Weight | NC2: Issue - Fallout/Repercussions of Ukraine Conflict-Risk Category | ND2: Issue - Fallout/Repercussions of Ukraine Conflict-Risk Contribution | NE2: Issue - Fallout/Repercussions of Ukraine Conflict-Risk Score | NF2: Issue - Fallout/Repercussions of Ukraine Conflict-Risk Score Average-Subindustry | NG2: Issue - Fallout/Repercussions of Ukraine Conflict-Risk Score Average-Universe | NH2: Issue - Fallout/Repercussions of Ukraine Conflict-Type | NI2: Board/Management Quality & Integrity-Raw Score-RR | NJ2: Board/Management Quality & Integrity-Weight-Consolidated-RR | NK2: Board/Management Quality & Integrity-Weighted Score-Consolidated-RR | NL2: Board/Management Quality & Integrity-Commentary-RR | NM2: Board Structure-Raw Score-RR | NN2: Board Structure-Weight-Consolidated-RR | NO2: Board Structure-Weighted Score-Consolidated-RR | NP2: Board Structure-Commentary-RR | NQ2: Ownership & Shareholder Rights-Raw Score-RR | NR2: Ownership & Shareholder Rights-Weight-Consolidated-RR | NS2: Ownership & Shareholder Rights-Weighted Score-Consolidated-RR | NT2: Ownership & Shareholder Rights-Commentary-RR | NU2: Remuneration-Raw Score-RR | NV2: Remuneration-Weight-Consolidated-RR | NW2: Remuneration-Weighted Score-Consolidated-RR | NX2: Remuneration-Commentary-RR | NY2: Audit & Financial Reporting-Raw Score-RR | NZ2: Audit & Financial Reporting-Weight-Consolidated-RR | OA2: Audit & Financial Reporting-Weighted Score-Consolidated-RR | OB2: Audit & Financial Reporting-Commentary-RR | OC2: Stakeholder Governance-Raw Score-RR | OD2: Stakeholder Governance-Weight-Consolidated-RR | OE2: Stakeholder Governance-Weighted Score-Consolidated-RR | OF2: Stakeholder Governance-Commentary-RR | OG2: Constant-Weight-RR | OH2: Constant-Weighted Score-RR | OI2: G.2.7.1 Board Diversity-Answer Category-RR | OJ2: G.2.7.1 Board Diversity-Raw Score-RR | OK2: G.2.7.1 Board Diversity-Weight-Consolidated-RR | OL2: G.2.7.1 Board Diversity-Weighted Score-Consolidated-RR | OM2: G.2.9.1 Board Independence-Answer Category-RR | ON2: G.2.9.1 Board Independence-Raw Score-RR | OO2: G.2.9.1 Board Independence-Weight-Consolidated-RR | OP2: G.2.9.1 Board Independence-Weighted Score-Consolidated-RR | OQ2: E.1.1 Environmental Policy-Answer Category-RR | OR2: E.1.1 Environmental Policy-Issue Mapping-RR | OS2: E.1.1 Environmental Policy-Raw Score-RR | OT2: E.1.1 Environmental Policy-Weight-Consolidated-RR | OU2: E.1.1 Environmental Policy-Weighted Score-Consolidated-RR | OV2: E.1.10 Carbon Intensity Trend-Answer Category-RR | OW2: E.1.10 Carbon Intensity Trend-Issue Mapping-RR | OX2: E.1.10 Carbon Intensity Trend-Raw Score-RR | OY2: E.1.10 Carbon Intensity Trend-Weight-Consolidated-RR | OZ2: E.1.10 Carbon Intensity Trend-Weighted Score-Consolidated-RR | PA2: E.1.11 Renewable Energy Use-Answer Category-RR | PB2: E.1.11 Renewable Energy Use-Issue Mapping-RR | PC2: E.1.11 Renewable Energy Use-Raw Score-RR | PD2: E.1.11 Renewable Energy Use-Weight-Consolidated-RR | PE2: E.1.11 Renewable Energy Use-Weighted Score-Consolidated-RR | PF2: E.1.2 Environmental Management System-Answer Category-RR | PG2: E.1.2 Environmental Management System-Issue Mapping-RR | PH2: E.1.2 Environmental Management System-Raw Score-RR | PI2: E.1.2 Environmental Management System-Weight-Consolidated-RR | PJ2: E.1.2 Environmental Management System-Weighted Score-Consolidated-RR | PK2: E.1.2.1 Biodiversity Programmes-Answer Category-RR | PL2: E.1.2.1 Biodiversity Programmes-Issue Mapping-RR | PM2: E.1.2.1 Biodiversity Programmes-Raw Score-RR | PN2: E.1.2.1 Biodiversity Programmes-Weight-Consolidated-RR | PO2: E.1.2.1 Biodiversity Programmes-Weighted Score-Consolidated-RR | PP2: E.1.2.2 Site Closure & Rehabilitation-Answer Category-RR | PQ2: E.1.2.2 Site Closure & Rehabilitation-Issue Mapping-RR | PR2: E.1.2.2 Site Closure & Rehabilitation-Raw Score-RR | PS2: E.1.2.2 Site Closure & Rehabilitation-Weight-Consolidated-RR | PT2: E.1.2.2 Site Closure & Rehabilitation-Weighted Score-Consolidated-RR | PU2: E.1.2.4 Oil Spill Disclosure & Performance-Answer Category-RR | PV2: E.1.2.4 Oil Spill Disclosure & Performance-Issue Mapping-RR | PW2: E.1.2.4 Oil Spill Disclosure & Performance-Raw Score-RR | PX2: E.1.2.4 Oil Spill Disclosure & Performance-Weight-Consolidated-RR | PY2: E.1.2.4 Oil Spill Disclosure & Performance-Weighted Score-Consolidated-RR | PZ2: E.1.2.5 Cyanide Management-Answer Category-RR | QA2: E.1.2.5 Cyanide Management-Issue Mapping-RR | QB2: E.1.2.5 Cyanide Management-Raw Score-RR | QC2: E.1.2.5 Cyanide Management-Weight-Consolidated-RR | QD2: E.1.2.5 Cyanide Management-Weighted Score-Consolidated-RR | QE2: E.1.2.6.1 Solid Waste Management-Answer Category-RR | QF2: E.1.2.6.1 Solid Waste Management-Issue Mapping-RR | QG2: E.1.2.6.1 Solid Waste Management-Raw Score-RR | QH2: E.1.2.6.1 Solid Waste Management-Weight-Consolidated-RR | QI2: E.1.2.6.1 Solid Waste Management-Weighted Score-Consolidated-RR | QJ2: E.1.2.6.2 Mineral Waste Management-Answer Category-RR | QK2: E.1.2.6.2 Mineral Waste Management-Issue Mapping-RR | QL2: E.1.2.6.2 Mineral Waste Management-Raw Score-RR | QM2: E.1.2.6.2 Mineral Waste Management-Weight-Consolidated-RR | QN2: E.1.2.6.2 Mineral Waste Management-Weighted Score-Consolidated-RR | QO2: E.1.2.6.3 Effluent Management-Answer Category-RR | QP2: E.1.2.6.3 Effluent Management-Issue Mapping-RR | QQ2: E.1.2.6.3 Effluent Management-Raw Score-RR | QR2: E.1.2.6.3 Effluent Management-Weight-Consolidated-RR | QS2: E.1.2.6.3 Effluent Management-Weighted Score-Consolidated-RR | QT2: E.1.2.6.4 Offshore Well Management-Answer Category-RR | QU2: E.1.2.6.4 Offshore Well Management-Issue Mapping-RR | QV2: E.1.2.6.4 Offshore Well Management-Raw Score-RR | QW2: E.1.2.6.4 Offshore Well Management-Weight-Consolidated-RR | QX2: E.1.2.6.4 Offshore Well Management-Weighted Score-Consolidated-RR | QY2: E.1.2.6.5 Radioactive Waste Management-Answer Category-RR | QZ2: E.1.2.6.5 Radioactive Waste Management-Issue Mapping-RR | RA2: E.1.2.6.5 Radioactive Waste Management-Raw Score-RR | RB2: E.1.2.6.5 Radioactive Waste Management-Weight-Consolidated-RR | RC2: E.1.2.6.5 Radioactive Waste Management-Weighted Score-Consolidated-RR | RD2: E.1.2.7 Water Intensity-Answer Category-RR | RE2: E.1.2.7 Water Intensity-Issue Mapping-RR | RF2: E.1.2.7 Water Intensity-Raw Score-RR | RG2: E.1.2.7 Water Intensity-Weight-Consolidated-RR | RH2: E.1.2.7 Water Intensity-Weighted Score-Consolidated-RR | RI2: E.1.2.7.1 Water Risk Management-Answer Category-RR | RJ2: E.1.2.7.1 Water Risk Management-Issue Mapping-RR | RK2: E.1.2.7.1 Water Risk Management-Raw Score-RR | RL2: E.1.2.7.1 Water Risk Management-Weight-Consolidated-RR | RM2: E.1.2.7.1 Water Risk Management-Weighted Score-Consolidated-RR | RN2: E.1.2.8 Forest Certifications-Answer Category-RR | RO2: E.1.2.8 Forest Certifications-Issue Mapping-RR | RP2: E.1.2.8 Forest Certifications-Raw Score-RR | RQ2: E.1.2.8 Forest Certifications-Weight-Consolidated-RR | RR2: E.1.2.8 Forest Certifications-Weighted Score-Consolidated-RR | RS2: E.1.3 EMS Certification-Answer Category-RR | RT2: E.1.3 EMS Certification-Issue Mapping-RR | RU2: E.1.3 EMS Certification-Raw Score-RR | RV2: E.1.3 EMS Certification-Weight-Consolidated-RR | RW2: E.1.3 EMS Certification-Weighted Score-Consolidated-RR | RX2: E.1.3.1 Emergency Response Programme-Answer Category-RR | RY2: E.1.3.1 Emergency Response Programme-Issue Mapping-RR | RZ2: E.1.3.1 Emergency Response Programme-Raw Score-RR | SA2: E.1.3.1 Emergency Response Programme-Weight-Consolidated-RR | SB2: E.1.3.1 Emergency Response Programme-Weighted Score-Consolidated-RR | SC2: E.1.3.2 Hazardous Waste Management-Answer Category-RR | SD2: E.1.3.2 Hazardous Waste Management-Issue Mapping-RR | SE2: E.1.3.2 Hazardous Waste Management-Raw Score-RR | SF2: E.1.3.2 Hazardous Waste Management-Weight-Consolidated-RR | SG2: E.1.3.2 Hazardous Waste Management-Weighted Score-Consolidated-RR | SH2: E.1.3.3 Non-GHG Air Emissions Programmes-Answer Category-RR | SI2: E.1.3.3 Non-GHG Air Emissions Programmes-Issue Mapping-RR | SJ2: E.1.3.3 Non-GHG Air Emissions Programmes-Raw Score-RR | SK2: E.1.3.3 Non-GHG Air Emissions Programmes-Weight-Consolidated-RR | SL2: E.1.3.3 Non-GHG Air Emissions Programmes-Weighted Score-Consolidated-RR | SM2: E.1.3.4 Water Management Programmes-Answer Category-RR | SN2: E.1.3.4 Water Management Programmes-Issue Mapping-RR | SO2: E.1.3.4 Water Management Programmes-Raw Score-RR | SP2: E.1.3.4 Water Management Programmes-Weight-Consolidated-RR | SQ2: E.1.3.4 Water Management Programmes-Weighted Score-Consolidated-RR | SR2: E.1.6 Scope of GHG Reporting-Answer Category-RR | SS2: E.1.6 Scope of GHG Reporting-Issue Mapping-RR | ST2: E.1.6 Scope of GHG Reporting-Raw Score-RR | SU2: E.1.6 Scope of GHG Reporting-Weight-Consolidated-RR | SV2: E.1.6 Scope of GHG Reporting-Weighted Score-Consolidated-RR | SW2: E.1.6.1 GHG Risk Management-Answer Category-RR | SX2: E.1.6.1 GHG Risk Management-Issue Mapping-RR | SY2: E.1.6.1 GHG Risk Management-Raw Score-RR | SZ2: E.1.6.1 GHG Risk Management-Weight-Consolidated-RR | TA2: E.1.6.1 GHG Risk Management-Weighted Score-Consolidated-RR | TB2: E.1.6.2 Physical Climate Risk Management-Answer Category-RR | TC2: E.1.6.2 Physical Climate Risk Management-Issue Mapping-RR | TD2: E.1.6.2 Physical Climate Risk Management-Raw Score-RR | TE2: E.1.6.2 Physical Climate Risk Management-Weight-Consolidated-RR | TF2: E.1.6.2 Physical Climate Risk Management-Weighted Score-Consolidated-RR | TG2: E.1.7.0 GHG Reduction Programme-Answer Category-RR | TH2: E.1.7.0 GHG Reduction Programme-Issue Mapping-RR | TI2: E.1.7.0 GHG Reduction Programme-Raw Score-RR | TJ2: E.1.7.0 GHG Reduction Programme-Weight-Consolidated-RR | TK2: E.1.7.0 GHG Reduction Programme-Weighted Score-Consolidated-RR | TL2: E.1.7.1 Green Logistics Programmes-Answer Category-RR | TM2: E.1.7.1 Green Logistics Programmes-Issue Mapping-RR | TN2: E.1.7.1 Green Logistics Programmes-Raw Score-RR | TO2: E.1.7.1 Green Logistics Programmes-Weight-Consolidated-RR | TP2: E.1.7.1 Green Logistics Programmes-Weighted Score-Consolidated-RR | TQ2: E.1.8 Renewable Energy Programmes-Answer Category-RR | TR2: E.1.8 Renewable Energy Programmes-Issue Mapping-RR | TS2: E.1.8 Renewable Energy Programmes-Raw Score-RR | TT2: E.1.8 Renewable Energy Programmes-Weight-Consolidated-RR | TU2: E.1.8 Renewable Energy Programmes-Weighted Score-Consolidated-RR | TV2: E.1.9 Carbon Intensity-Answer Category-RR | TW2: E.1.9 Carbon Intensity-Issue Mapping-RR | TX2: E.1.9 Carbon Intensity-Raw Score-RR | TY2: E.1.9 Carbon Intensity-Weight-Consolidated-RR | TZ2: E.1.9 Carbon Intensity-Weighted Score-Consolidated-RR | UA2: E.2.1 Green Procurement Policy-Answer Category-RR | UB2: E.2.1 Green Procurement Policy-Issue Mapping-RR | UC2: E.2.1 Green Procurement Policy-Raw Score-RR | UD2: E.2.1 Green Procurement Policy-Weight-Consolidated-RR | UE2: E.2.1 Green Procurement Policy-Weighted Score-Consolidated-RR | UF2: E.2.1.1 Supplier Environmental Programmes-Answer Category-RR | UG2: E.2.1.1 Supplier Environmental Programmes-Issue Mapping-RR | UH2: E.2.1.1 Supplier Environmental Programmes-Raw Score-RR | UI2: E.2.1.1 Supplier Environmental Programmes-Weight-Consolidated-RR | UJ2: E.2.1.1 Supplier Environmental Programmes-Weighted Score-Consolidated-RR | UK2: E.2.1.10 Food Retail Initiatives-Answer Category-RR | UL2: E.2.1.10 Food Retail Initiatives-Issue Mapping-RR | UM2: E.2.1.10 Food Retail Initiatives-Raw Score-RR | UN2: E.2.1.10 Food Retail Initiatives-Weight-Consolidated-RR | UO2: E.2.1.10 Food Retail Initiatives-Weighted Score-Consolidated-RR | UP2: E.2.1.11 Shipbreaking Programme-Answer Category-RR | UQ2: E.2.1.11 Shipbreaking Programme-Issue Mapping-RR | UR2: E.2.1.11 Shipbreaking Programme-Raw Score-RR | US2: E.2.1.11 Shipbreaking Programme-Weight-Consolidated-RR | UT2: E.2.1.11 Shipbreaking Programme-Weighted Score-Consolidated-RR | UU2: E.2.1.2 Supplier Environmental Certifications-Answer Category-RR | UV2: E.2.1.2 Supplier Environmental Certifications-Issue Mapping-RR | UW2: E.2.1.2 Supplier Environmental Certifications-Raw Score-RR | UX2: E.2.1.2 Supplier Environmental Certifications-Weight-Consolidated-RR | UY2: E.2.1.2 Supplier Environmental Certifications-Weighted Score-Consolidated-RR | UZ2: E.2.1.3 Sustainable Agriculture Programmes-Answer Category-RR | VA2: E.2.1.3 Sustainable Agriculture Programmes-Issue Mapping-RR | VB2: E.2.1.3 Sustainable Agriculture Programmes-Raw Score-RR | VC2: E.2.1.3 Sustainable Agriculture Programmes-Weight-Consolidated-RR | VD2: E.2.1.3 Sustainable Agriculture Programmes-Weighted Score-Consolidated-RR | VE2: E.2.1.4 Sustainable Aquaculture Programmes-Answer Category-RR | VF2: E.2.1.4 Sustainable Aquaculture Programmes-Issue Mapping-RR | VG2: E.2.1.4 Sustainable Aquaculture Programmes-Raw Score-RR | VH2: E.2.1.4 Sustainable Aquaculture Programmes-Weight-Consolidated-RR | VI2: E.2.1.4 Sustainable Aquaculture Programmes-Weighted Score-Consolidated-RR | VJ2: E.2.1.5 Food & Beverage Sustainability Initiatives-Answer Category-RR | VK2: E.2.1.5 Food & Beverage Sustainability Initiatives-Issue Mapping-RR | VL2: E.2.1.5 Food & Beverage Sustainability Initiatives-Raw Score-RR | VM2: E.2.1.5 Food & Beverage Sustainability Initiatives-Weight-Consolidated-RR | VN2: E.2.1.5 Food & Beverage Sustainability Initiatives-Weighted Score-Consolidated-RR | VO2: E.2.1.6 Green Outsourced Logistics Programmes-Answer Category-RR | VP2: E.2.1.6 Green Outsourced Logistics Programmes-Issue Mapping-RR | VQ2: E.2.1.6 Green Outsourced Logistics Programmes-Raw Score-RR | VR2: E.2.1.6 Green Outsourced Logistics Programmes-Weight-Consolidated-RR | VS2: E.2.1.6 Green Outsourced Logistics Programmes-Weighted Score-Consolidated-RR | VT2: E.2.1.7 Recycled Material Use-Answer Category-RR | VU2: E.2.1.7 Recycled Material Use-Issue Mapping-RR | VV2: E.2.1.7 Recycled Material Use-Raw Score-RR | VW2: E.2.1.7 Recycled Material Use-Weight-Consolidated-RR | VX2: E.2.1.7 Recycled Material Use-Weighted Score-Consolidated-RR | VY2: E.2.1.8 FSC Certified Sourcing-Answer Category-RR | VZ2: E.2.1.8 FSC Certified Sourcing-Issue Mapping-RR | WA2: E.2.1.8 FSC Certified Sourcing-Raw Score-RR | WB2: E.2.1.8 FSC Certified Sourcing-Weight-Consolidated-RR | WC2: E.2.1.8 FSC Certified Sourcing-Weighted Score-Consolidated-RR | WD2: E.2.1.9 Sustainable Food Programmes-Answer Category-RR | WE2: E.2.1.9 Sustainable Food Programmes-Issue Mapping-RR | WF2: E.2.1.9 Sustainable Food Programmes-Raw Score-RR | WG2: E.2.1.9 Sustainable Food Programmes-Weight-Consolidated-RR | WH2: E.2.1.9 Sustainable Food Programmes-Weighted Score-Consolidated-RR | WI2: E.3.1.1 Sustainable Products & Services-Answer Category-RR | WJ2: E.3.1.1 Sustainable Products & Services-Issue Mapping-RR | WK2: E.3.1.1 Sustainable Products & Services-Raw Score-RR | WL2: E.3.1.1 Sustainable Products & Services-Weight-Consolidated-RR | WM2: E.3.1.1 Sustainable Products & Services-Weighted Score-Consolidated-RR | WN2: E.3.1.10 Credit & Loan Standards-Answer Category-RR | WO2: E.3.1.10 Credit & Loan Standards-Issue Mapping-RR | WP2: E.3.1.10 Credit & Loan Standards-Raw Score-RR | WQ2: E.3.1.10 Credit & Loan Standards-Weight-Consolidated-RR | WR2: E.3.1.10 Credit & Loan Standards-Weighted Score-Consolidated-RR | WS2: E.3.1.11 Responsible Asset Management-Answer Category-RR | WT2: E.3.1.11 Responsible Asset Management-Issue Mapping-RR | WU2: E.3.1.11 Responsible Asset Management-Raw Score-RR | WV2: E.3.1.11 Responsible Asset Management-Weight-Consolidated-RR | WW2: E.3.1.11 Responsible Asset Management-Weighted Score-Consolidated-RR | WX2: E.3.1.12 Real Estate LCA-Answer Category-RR | WY2: E.3.1.12 Real Estate LCA-Issue Mapping-RR | WZ2: E.3.1.12 Real Estate LCA-Raw Score-RR | XA2: E.3.1.12 Real Estate LCA-Weight-Consolidated-RR | XB2: E.3.1.12 Real Estate LCA-Weighted Score-Consolidated-RR | XC2: E.3.1.13 Green Buildings Investments-Answer Category-RR | XD2: E.3.1.13 Green Buildings Investments-Issue Mapping-RR | XE2: E.3.1.13 Green Buildings Investments-Raw Score-RR | XF2: E.3.1.13 Green Buildings Investments-Weight-Consolidated-RR | XG2: E.3.1.13 Green Buildings Investments-Weighted Score-Consolidated-RR | XH2: E.3.1.14 Share of Green Buildings-Answer Category-RR | XI2: E.3.1.14 Share of Green Buildings-Issue Mapping-RR | XJ2: E.3.1.14 Share of Green Buildings-Raw Score-RR | XK2: E.3.1.14 Share of Green Buildings-Weight-Consolidated-RR | XL2: E.3.1.14 Share of Green Buildings-Weighted Score-Consolidated-RR | XM2: E.3.1.15 Sustainable Financial Initiatives-Answer Category-RR | XN2: E.3.1.15 Sustainable Financial Initiatives-Issue Mapping-RR | XO2: E.3.1.15 Sustainable Financial Initiatives-Raw Score-RR | XP2: E.3.1.15 Sustainable Financial Initiatives-Weight-Consolidated-RR | XQ2: E.3.1.15 Sustainable Financial Initiatives-Weighted Score-Consolidated-RR | XR2: E.3.1.16 Hazardous Products-Answer Category-RR | XS2: E.3.1.16 Hazardous Products-Issue Mapping-RR | XT2: E.3.1.16 Hazardous Products-Raw Score-RR | XU2: E.3.1.16 Hazardous Products-Weight-Consolidated-RR | XV2: E.3.1.16 Hazardous Products-Weighted Score-Consolidated-RR | XW2: E.3.1.17 Carbon Intensity of Generation-Answer Category-RR | XX2: E.3.1.17 Carbon Intensity of Generation-Issue Mapping-RR | XY2: E.3.1.17 Carbon Intensity of Generation-Raw Score-RR | XZ2: E.3.1.17 Carbon Intensity of Generation-Weight-Consolidated-RR | YA2: E.3.1.17 Carbon Intensity of Generation-Weighted Score-Consolidated-RR | YB2: E.3.1.18 Transmission Loss Rate-Answer Category-RR | YC2: E.3.1.18 Transmission Loss Rate-Issue Mapping-RR | YD2: E.3.1.18 Transmission Loss Rate-Raw Score-RR | YE2: E.3.1.18 Transmission Loss Rate-Weight-Consolidated-RR | YF2: E.3.1.18 Transmission Loss Rate-Weighted Score-Consolidated-RR | YG2: E.3.1.3 Fleet Emissions-Answer Category-RR | YH2: E.3.1.3 Fleet Emissions-Issue Mapping-RR | YI2: E.3.1.3 Fleet Emissions-Raw Score-RR | YJ2: E.3.1.3 Fleet Emissions-Weight-Consolidated-RR | YK2: E.3.1.3 Fleet Emissions-Weighted Score-Consolidated-RR | YL2: E.3.1.4 Fleet Emissions Trend-Answer Category-RR | YM2: E.3.1.4 Fleet Emissions Trend-Issue Mapping-RR | YN2: E.3.1.4 Fleet Emissions Trend-Raw Score-RR | YO2: E.3.1.4 Fleet Emissions Trend-Weight-Consolidated-RR | YP2: E.3.1.4 Fleet Emissions Trend-Weighted Score-Consolidated-RR | YQ2: E.3.1.5 Sustainable Mobility Products-Answer Category-RR | YR2: E.3.1.5 Sustainable Mobility Products-Issue Mapping-RR | YS2: E.3.1.5 Sustainable Mobility Products-Raw Score-RR | YT2: E.3.1.5 Sustainable Mobility Products-Weight-Consolidated-RR | YU2: E.3.1.5 Sustainable Mobility Products-Weighted Score-Consolidated-RR | YV2: E.3.1.6 Eco-Design-Answer Category-RR | YW2: E.3.1.6 Eco-Design-Issue Mapping-RR | YX2: E.3.1.6 Eco-Design-Raw Score-RR | YY2: E.3.1.6 Eco-Design-Weight-Consolidated-RR | YZ2: E.3.1.6 Eco-Design-Weighted Score-Consolidated-RR | ZA2: E.3.1.7 Product Stewardship Programmes-Answer Category-RR | ZB2: E.3.1.7 Product Stewardship Programmes-Issue Mapping-RR | ZC2: E.3.1.7 Product Stewardship Programmes-Raw Score-RR | ZD2: E.3.1.7 Product Stewardship Programmes-Weight-Consolidated-RR | ZE2: E.3.1.7 Product Stewardship Programmes-Weighted Score-Consolidated-RR | ZF2: E.3.1.8 Organic Products-Answer Category-RR | ZG2: E.3.1.8 Organic Products-Issue Mapping-RR | ZH2: E.3.1.8 Organic Products-Raw Score-RR | ZI2: E.3.1.8 Organic Products-Weight-Consolidated-RR | ZJ2: E.3.1.8 Organic Products-Weighted Score-Consolidated-RR | ZK2: E.3.1.9 GMO Policy-Answer Category-RR | ZL2: E.3.1.9 GMO Policy-Issue Mapping-RR | ZM2: E.3.1.9 GMO Policy-Raw Score-RR | ZN2: E.3.1.9 GMO Policy-Weight-Consolidated-RR | ZO2: E.3.1.9 GMO Policy-Weighted Score-Consolidated-RR | ZP2: G.1.1 Bribery & Corruption Policy-Answer Category-RR | ZQ2: G.1.1 Bribery & Corruption Policy-Issue Mapping-RR | ZR2: G.1.1 Bribery & Corruption Policy-Raw Score-RR | ZS2: G.1.1 Bribery & Corruption Policy-Weight-Consolidated-RR | ZT2: G.1.1 Bribery & Corruption Policy-Weighted Score-Consolidated-RR | ZU2: G.1.1.1 Bribery & Corruption Programmes-Answer Category-RR | ZV2: G.1.1.1 Bribery & Corruption Programmes-Issue Mapping-RR | ZW2: G.1.1.1 Bribery & Corruption Programmes-Raw Score-RR | ZX2: G.1.1.1 Bribery & Corruption Programmes-Weight-Consolidated-RR | ZY2: G.1.1.1 Bribery & Corruption Programmes-Weighted Score-Consolidated-RR | ZZ2: G.1.2 Whistleblower Programmes-Answer Category-RR | AAA2: G.1.2 Whistleblower Programmes-Issue Mapping-RR | AAB2: G.1.2 Whistleblower Programmes-Raw Score-RR | AAC2: G.1.2 Whistleblower Programmes-Weight-Consolidated-RR | AAD2: G.1.2 Whistleblower Programmes-Weighted Score-Consolidated-RR | AAE2: G.1.2.1 Business Ethics Programme-Answer Category-RR | AAF2: G.1.2.1 Business Ethics Programme-Issue Mapping-RR | AAG2: G.1.2.1 Business Ethics Programme-Raw Score-RR | AAH2: G.1.2.1 Business Ethics Programme-Weight-Consolidated-RR | AAI2: G.1.2.1 Business Ethics Programme-Weighted Score-Consolidated-RR | AAJ2: G.1.3 Global Compact Signatory-Answer Category-RR | AAK2: G.1.3 Global Compact Signatory-Issue Mapping-RR | AAL2: G.1.3 Global Compact Signatory-Raw Score-RR | AAM2: G.1.3 Global Compact Signatory-Weight-Consolidated-RR | AAN2: G.1.3 Global Compact Signatory-Weighted Score-Consolidated-RR | AAO2: G.1.3.1 PRI Signatory-Answer Category-RR | AAP2: G.1.3.1 PRI Signatory-Issue Mapping-RR | AAQ2: G.1.3.1 PRI Signatory-Raw Score-RR | AAR2: G.1.3.1 PRI Signatory-Weight-Consolidated-RR | AAS2: G.1.3.1 PRI Signatory-Weighted Score-Consolidated-RR | AAT2: G.1.3.2 Responsible Investment Policy-Answer Category-RR | AAU2: G.1.3.2 Responsible Investment Policy-Issue Mapping-RR | AAV2: G.1.3.2 Responsible Investment Policy-Raw Score-RR | AAW2: G.1.3.2 Responsible Investment Policy-Weight-Consolidated-RR | AAX2: G.1.3.2 Responsible Investment Policy-Weighted Score-Consolidated-RR | AAY2: G.1.3.3 UNEPFI Signatory-Answer Category-RR | AAZ2: G.1.3.3 UNEPFI Signatory-Issue Mapping-RR | ABA2: G.1.3.3 UNEPFI Signatory-Raw Score-RR | ABB2: G.1.3.3 UNEPFI Signatory-Weight-Consolidated-RR | ABC2: G.1.3.3 UNEPFI Signatory-Weighted Score-Consolidated-RR | ABD2: G.1.3.4 Green Building Memberships-Answer Category-RR | ABE2: G.1.3.4 Green Building Memberships-Issue Mapping-RR | ABF2: G.1.3.4 Green Building Memberships-Raw Score-RR | ABG2: G.1.3.4 Green Building Memberships-Weight-Consolidated-RR | ABH2: G.1.3.4 Green Building Memberships-Weighted Score-Consolidated-RR | ABI2: G.1.3.5 Equator Principles Signatory-Answer Category-RR | ABJ2: G.1.3.5 Equator Principles Signatory-Issue Mapping-RR | ABK2: G.1.3.5 Equator Principles Signatory-Raw Score-RR | ABL2: G.1.3.5 Equator Principles Signatory-Weight-Consolidated-RR | ABM2: G.1.3.5 Equator Principles Signatory-Weighted Score-Consolidated-RR | ABN2: G.1.3.6 Responsible Investment Programme-Answer Category-RR | ABO2: G.1.3.6 Responsible Investment Programme-Issue Mapping-RR | ABP2: G.1.3.6 Responsible Investment Programme-Raw Score-RR | ABQ2: G.1.3.6 Responsible Investment Programme-Weight-Consolidated-RR | ABR2: G.1.3.6 Responsible Investment Programme-Weighted Score-Consolidated-RR | ABS2: G.1.3.7 Corporate Finance - ESG Integration-Answer Category-RR | ABT2: G.1.3.7 Corporate Finance - ESG Integration-Issue Mapping-RR | ABU2: G.1.3.7 Corporate Finance - ESG Integration-Raw Score-RR | ABV2: G.1.3.7 Corporate Finance - ESG Integration-Weight-Consolidated-RR | ABW2: G.1.3.7 Corporate Finance - ESG Integration-Weighted Score-Consolidated-RR | ABX2: G.1.3.8 Responsible Product Offering-Answer Category-RR | ABY2: G.1.3.8 Responsible Product Offering-Issue Mapping-RR | ABZ2: G.1.3.8 Responsible Product Offering-Raw Score-RR | ACA2: G.1.3.8 Responsible Product Offering-Weight-Consolidated-RR | ACB2: G.1.3.8 Responsible Product Offering-Weighted Score-Consolidated-RR | ACC2: G.1.3.9 Underwriting Standards-Answer Category-RR | ACD2: G.1.3.9 Underwriting Standards-Issue Mapping-RR | ACE2: G.1.3.9 Underwriting Standards-Raw Score-RR | ACF2: G.1.3.9 Underwriting Standards-Weight-Consolidated-RR | ACG2: G.1.3.9 Underwriting Standards-Weighted Score-Consolidated-RR | ACH2: G.1.4 Tax Disclosure-Answer Category-RR | ACI2: G.1.4 Tax Disclosure-Issue Mapping-RR | ACJ2: G.1.4 Tax Disclosure-Raw Score-RR | ACK2: G.1.4 Tax Disclosure-Weight-Consolidated-RR | ACL2: G.1.4 Tax Disclosure-Weighted Score-Consolidated-RR | ACM2: G.1.4.1 Money Laundering Policy-Answer Category-RR | ACN2: G.1.4.1 Money Laundering Policy-Issue Mapping-RR | ACO2: G.1.4.1 Money Laundering Policy-Raw Score-RR | ACP2: G.1.4.1 Money Laundering Policy-Weight-Consolidated-RR | ACQ2: G.1.4.1 Money Laundering Policy-Weighted Score-Consolidated-RR | ACR2: G.1.4.2 Compliance Programme-Answer Category-RR | ACS2: G.1.4.2 Compliance Programme-Issue Mapping-RR | ACT2: G.1.4.2 Compliance Programme-Raw Score-RR | ACU2: G.1.4.2 Compliance Programme-Weight-Consolidated-RR | ACV2: G.1.4.2 Compliance Programme-Weighted Score-Consolidated-RR | ACW2: G.1.4.3 Animal Testing Policy-Answer Category-RR | ACX2: G.1.4.3 Animal Testing Policy-Issue Mapping-RR | ACY2: G.1.4.3 Animal Testing Policy-Raw Score-RR | ACZ2: G.1.4.3 Animal Testing Policy-Weight-Consolidated-RR | ADA2: G.1.4.3 Animal Testing Policy-Weighted Score-Consolidated-RR | ADB2: G.1.4.3.1 Animal Testing Programme-Answer Category-RR | ADC2: G.1.4.3.1 Animal Testing Programme-Issue Mapping-RR | ADD2: G.1.4.3.1 Animal Testing Programme-Raw Score-RR | ADE2: G.1.4.3.1 Animal Testing Programme-Weight-Consolidated-RR | ADF2: G.1.4.3.1 Animal Testing Programme-Weighted Score-Consolidated-RR | ADG2: G.1.4.4 Animal Welfare Policy-Answer Category-RR | ADH2: G.1.4.4 Animal Welfare Policy-Issue Mapping-RR | ADI2: G.1.4.4 Animal Welfare Policy-Raw Score-RR | ADJ2: G.1.4.4 Animal Welfare Policy-Weight-Consolidated-RR | ADK2: G.1.4.4 Animal Welfare Policy-Weighted Score-Consolidated-RR | ADL2: G.1.4.4.1 Animal Welfare Programme-Answer Category-RR | ADM2: G.1.4.4.1 Animal Welfare Programme-Issue Mapping-RR | ADN2: G.1.4.4.1 Animal Welfare Programme-Raw Score-RR | ADO2: G.1.4.4.1 Animal Welfare Programme-Weight-Consolidated-RR | ADP2: G.1.4.4.1 Animal Welfare Programme-Weighted Score-Consolidated-RR | ADQ2: G.1.4.5 Policy on Emerging Technologies-Answer Category-RR | ADR2: G.1.4.5 Policy on Emerging Technologies-Issue Mapping-RR | ADS2: G.1.4.5 Policy on Emerging Technologies-Raw Score-RR | ADT2: G.1.4.5 Policy on Emerging Technologies-Weight-Consolidated-RR | ADU2: G.1.4.5 Policy on Emerging Technologies-Weighted Score-Consolidated-RR | ADV2: G.1.4.6 Clinical Trial Standards-Answer Category-RR | ADW2: G.1.4.6 Clinical Trial Standards-Issue Mapping-RR | ADX2: G.1.4.6 Clinical Trial Standards-Raw Score-RR | ADY2: G.1.4.6 Clinical Trial Standards-Weight-Consolidated-RR | ADZ2: G.1.4.6 Clinical Trial Standards-Weighted Score-Consolidated-RR | AEA2: G.1.4.7 Clinical Trial Programme-Answer Category-RR | AEB2: G.1.4.7 Clinical Trial Programme-Issue Mapping-RR | AEC2: G.1.4.7 Clinical Trial Programme-Raw Score-RR | AED2: G.1.4.7 Clinical Trial Programme-Weight-Consolidated-RR | AEE2: G.1.4.7 Clinical Trial Programme-Weighted Score-Consolidated-RR | AEF2: G.2.1 ESG Reporting Standards-Answer Category-RR | AEG2: G.2.1 ESG Reporting Standards-Issue Mapping-RR | AEH2: G.2.1 ESG Reporting Standards-Raw Score-RR | AEI2: G.2.1 ESG Reporting Standards-Weight-Consolidated-RR | AEJ2: G.2.1 ESG Reporting Standards-Weighted Score-Consolidated-RR | AEK2: G.2.2 Verification of ESG Reporting-Answer Category-RR | AEL2: G.2.2 Verification of ESG Reporting-Issue Mapping-RR | AEM2: G.2.2 Verification of ESG Reporting-Raw Score-RR | AEN2: G.2.2 Verification of ESG Reporting-Weight-Consolidated-RR | AEO2: G.2.2 Verification of ESG Reporting-Weighted Score-Consolidated-RR | AEP2: G.2.5 ESG Governance-Answer Category-RR | AEQ2: G.2.5 ESG Governance-Issue Mapping-RR | AER2: G.2.5 ESG Governance-Raw Score-RR | AES2: G.2.5 ESG Governance-Weight-Consolidated-RR | AET2: G.2.5 ESG Governance-Weighted Score-Consolidated-RR | AEU2: G.2.6 ESG Performance Targets-Answer Category-RR | AEV2: G.2.6 ESG Performance Targets-Issue Mapping-RR | AEW2: G.2.6 ESG Performance Targets-Raw Score-RR | AEX2: G.2.6 ESG Performance Targets-Weight-Consolidated-RR | AEY2: G.2.6 ESG Performance Targets-Weighted Score-Consolidated-RR | AEZ2: G.3.1 Political Involvement Policy-Answer Category-RR | AFA2: G.3.1 Political Involvement Policy-Issue Mapping-RR | AFB2: G.3.1 Political Involvement Policy-Raw Score-RR | AFC2: G.3.1 Political Involvement Policy-Weight-Consolidated-RR | AFD2: G.3.1 Political Involvement Policy-Weighted Score-Consolidated-RR | AFE2: G.3.2 Lobbying and Political Expenses-Answer Category-RR | AFF2: G.3.2 Lobbying and Political Expenses-Issue Mapping-RR | AFG2: G.3.2 Lobbying and Political Expenses-Raw Score-RR | AFH2: G.3.2 Lobbying and Political Expenses-Weight-Consolidated-RR | AFI2: G.3.2 Lobbying and Political Expenses-Weighted Score-Consolidated-RR | AFJ2: G.3.3.1 Transparency on Government Payments-Answer Category-RR | AFK2: G.3.3.1 Transparency on Government Payments-Issue Mapping-RR | AFL2: G.3.3.1 Transparency on Government Payments-Raw Score-RR | AFM2: G.3.3.1 Transparency on Government Payments-Weight-Consolidated-RR | AFN2: G.3.3.1 Transparency on Government Payments-Weighted Score-Consolidated-RR | AFO2: S.1.1 Freedom of Association Policy-Answer Category-RR | AFP2: S.1.1 Freedom of Association Policy-Issue Mapping-RR | AFQ2: S.1.1 Freedom of Association Policy-Raw Score-RR | AFR2: S.1.1 Freedom of Association Policy-Weight-Consolidated-RR | AFS2: S.1.1 Freedom of Association Policy-Weighted Score-Consolidated-RR | AFT2: S.1.1.1 Working Hours Policy-Answer Category-RR | AFU2: S.1.1.1 Working Hours Policy-Issue Mapping-RR | AFV2: S.1.1.1 Working Hours Policy-Raw Score-RR | AFW2: S.1.1.1 Working Hours Policy-Weight-Consolidated-RR | AFX2: S.1.1.1 Working Hours Policy-Weighted Score-Consolidated-RR | AFY2: S.1.2 Discrimination Policy-Answer Category-RR | AFZ2: S.1.2 Discrimination Policy-Issue Mapping-RR | AGA2: S.1.2 Discrimination Policy-Raw Score-RR | AGB2: S.1.2 Discrimination Policy-Weight-Consolidated-RR | AGC2: S.1.2 Discrimination Policy-Weighted Score-Consolidated-RR | AGD2: S.1.3 Diversity Programmes-Answer Category-RR | AGE2: S.1.3 Diversity Programmes-Issue Mapping-RR | AGF2: S.1.3 Diversity Programmes-Raw Score-RR | AGG2: S.1.3 Diversity Programmes-Weight-Consolidated-RR | AGH2: S.1.3 Diversity Programmes-Weighted Score-Consolidated-RR | AGI2: S.1.4 Collective Bargaining Agreements-Answer Category-RR | AGJ2: S.1.4 Collective Bargaining Agreements-Issue Mapping-RR | AGK2: S.1.4 Collective Bargaining Agreements-Raw Score-RR | AGL2: S.1.4 Collective Bargaining Agreements-Weight-Consolidated-RR | AGM2: S.1.4 Collective Bargaining Agreements-Weighted Score-Consolidated-RR | AGN2: S.1.5 Employee Turnover Rate-Answer Category-RR | AGO2: S.1.5 Employee Turnover Rate-Issue Mapping-RR | AGP2: S.1.5 Employee Turnover Rate-Raw Score-RR | AGQ2: S.1.5 Employee Turnover Rate-Weight-Consolidated-RR | AGR2: S.1.5 Employee Turnover Rate-Weighted Score-Consolidated-RR | AGS2: S.1.5.1 Percentage of Temporary Workers-Answer Category-RR | AGT2: S.1.5.1 Percentage of Temporary Workers-Issue Mapping-RR | AGU2: S.1.5.1 Percentage of Temporary Workers-Raw Score-RR | AGV2: S.1.5.1 Percentage of Temporary Workers-Weight-Consolidated-RR | AGW2: S.1.5.1 Percentage of Temporary Workers-Weighted Score-Consolidated-RR | AGX2: S.1.5.2 Human Capital Development-Answer Category-RR | AGY2: S.1.5.2 Human Capital Development-Issue Mapping-RR | AGZ2: S.1.5.2 Human Capital Development-Raw Score-RR | AHA2: S.1.5.2 Human Capital Development-Weight-Consolidated-RR | AHB2: S.1.5.2 Human Capital Development-Weighted Score-Consolidated-RR | AHC2: S.1.6.1 Employee Training-Answer Category-RR | AHD2: S.1.6.1 Employee Training-Issue Mapping-RR | AHE2: S.1.6.1 Employee Training-Raw Score-RR | AHF2: S.1.6.1 Employee Training-Weight-Consolidated-RR | AHG2: S.1.6.1 Employee Training-Weighted Score-Consolidated-RR | AHH2: S.1.6.2.1 Health and Safety Management System-Answer Category-RR | AHI2: S.1.6.2.1 Health and Safety Management System-Issue Mapping-RR | AHJ2: S.1.6.2.1 Health and Safety Management System-Raw Score-RR | AHK2: S.1.6.2.1 Health and Safety Management System-Weight-Consolidated-RR | AHL2: S.1.6.2.1 Health and Safety Management System-Weighted Score-Consolidated-RR | AHM2: S.1.6.3 HIV/Aids Programmes-Answer Category-RR | AHN2: S.1.6.3 HIV/Aids Programmes-Issue Mapping-RR | AHO2: S.1.6.3 HIV/Aids Programmes-Raw Score-RR | AHP2: S.1.6.3 HIV/Aids Programmes-Weight-Consolidated-RR | AHQ2: S.1.6.3 HIV/Aids Programmes-Weighted Score-Consolidated-RR | AHR2: S.1.6.4 Health & Safety Certifications-Answer Category-RR | AHS2: S.1.6.4 Health & Safety Certifications-Issue Mapping-RR | AHT2: S.1.6.4 Health & Safety Certifications-Raw Score-RR | AHU2: S.1.6.4 Health & Safety Certifications-Weight-Consolidated-RR | AHV2: S.1.6.4 Health & Safety Certifications-Weighted Score-Consolidated-RR | AHW2: S.1.6.5 LTIR Trend-Answer Category-RR | AHX2: S.1.6.5 LTIR Trend-Issue Mapping-RR | AHY2: S.1.6.5 LTIR Trend-Raw Score-RR | AHZ2: S.1.6.5 LTIR Trend-Weight-Consolidated-RR | AIA2: S.1.6.5 LTIR Trend-Weighted Score-Consolidated-RR | AIB2: S.1.6.6 Employee Fatality Rate-Answer Category-RR | AIC2: S.1.6.6 Employee Fatality Rate-Issue Mapping-RR | AID2: S.1.6.6 Employee Fatality Rate-Raw Score-RR | AIE2: S.1.6.6 Employee Fatality Rate-Weight-Consolidated-RR | AIF2: S.1.6.6 Employee Fatality Rate-Weighted Score-Consolidated-RR | AIG2: S.2.1 Scope of Social Supplier Standards-Answer Category-RR | AIH2: S.2.1 Scope of Social Supplier Standards-Issue Mapping-RR | AII2: S.2.1 Scope of Social Supplier Standards-Raw Score-RR | AIJ2: S.2.1 Scope of Social Supplier Standards-Weight-Consolidated-RR | AIK2: S.2.1 Scope of Social Supplier Standards-Weighted Score-Consolidated-RR | AIL2: S.2.1.2 Signatory to Responsible Business Alliance (RBA)-Answer Category-RR | AIM2: S.2.1.2 Signatory to Responsible Business Alliance (RBA)-Issue Mapping-RR | AIN2: S.2.1.2 Signatory to Responsible Business Alliance (RBA)-Raw Score-RR | AIO2: S.2.1.2 Signatory to Responsible Business Alliance (RBA)-Weight-Consolidated-RR | AIP2: S.2.1.2 Signatory to Responsible Business Alliance (RBA)-Weighted Score-Consolidated-RR | AIQ2: S.2.1.3 Conflict Minerals Policy-Answer Category-RR | AIR2: S.2.1.3 Conflict Minerals Policy-Issue Mapping-RR | AIS2: S.2.1.3 Conflict Minerals Policy-Raw Score-RR | AIT2: S.2.1.3 Conflict Minerals Policy-Weight-Consolidated-RR | AIU2: S.2.1.3 Conflict Minerals Policy-Weighted Score-Consolidated-RR | AIV2: S.2.1.3.1 Conflict Minerals Programmes-Answer Category-RR | AIW2: S.2.1.3.1 Conflict Minerals Programmes-Issue Mapping-RR | AIX2: S.2.1.3.1 Conflict Minerals Programmes-Raw Score-RR | AIY2: S.2.1.3.1 Conflict Minerals Programmes-Weight-Consolidated-RR | AIZ2: S.2.1.3.1 Conflict Minerals Programmes-Weighted Score-Consolidated-RR | AJA2: S.2.2.2.1 Supply Chain Management-Answer Category-RR | AJB2: S.2.2.2.1 Supply Chain Management-Issue Mapping-RR | AJC2: S.2.2.2.1 Supply Chain Management-Raw Score-RR | AJD2: S.2.2.2.1 Supply Chain Management-Weight-Consolidated-RR | AJE2: S.2.2.2.1 Supply Chain Management-Weighted Score-Consolidated-RR | AJF2: S.2.2.3 Social Supplier Certification-Answer Category-RR | AJG2: S.2.2.3 Social Supplier Certification-Issue Mapping-RR | AJH2: S.2.2.3 Social Supplier Certification-Raw Score-RR | AJI2: S.2.2.3 Social Supplier Certification-Weight-Consolidated-RR | AJJ2: S.2.2.3 Social Supplier Certification-Weighted Score-Consolidated-RR | AJK2: S.2.2.4 Fair Trade Products-Answer Category-RR | AJL2: S.2.2.4 Fair Trade Products-Issue Mapping-RR | AJM2: S.2.2.4 Fair Trade Products-Raw Score-RR | AJN2: S.2.2.4 Fair Trade Products-Weight-Consolidated-RR | AJO2: S.2.2.4 Fair Trade Products-Weighted Score-Consolidated-RR | AJP2: S.2.2.5 Contractor Safety Programme-Answer Category-RR | AJQ2: S.2.2.5 Contractor Safety Programme-Issue Mapping-RR | AJR2: S.2.2.5 Contractor Safety Programme-Raw Score-RR | AJS2: S.2.2.5 Contractor Safety Programme-Weight-Consolidated-RR | AJT2: S.2.2.5 Contractor Safety Programme-Weighted Score-Consolidated-RR | AJU2: S.2.2.6 Contractor Fatalities-Answer Category-RR | AJV2: S.2.2.6 Contractor Fatalities-Issue Mapping-RR | AJW2: S.2.2.6 Contractor Fatalities-Raw Score-RR | AJX2: S.2.2.6 Contractor Fatalities-Weight-Consolidated-RR | AJY2: S.2.2.6 Contractor Fatalities-Weighted Score-Consolidated-RR | AJZ2: S.3.1.1 Responsible Marketing Policy-Answer Category-RR | AKA2: S.3.1.1 Responsible Marketing Policy-Issue Mapping-RR | AKB2: S.3.1.1 Responsible Marketing Policy-Raw Score-RR | AKC2: S.3.1.1 Responsible Marketing Policy-Weight-Consolidated-RR | AKD2: S.3.1.1 Responsible Marketing Policy-Weighted Score-Consolidated-RR | AKE2: S.3.1.10 Occupier Satisfaction Surveys-Answer Category-RR | AKF2: S.3.1.10 Occupier Satisfaction Surveys-Issue Mapping-RR | AKG2: S.3.1.10 Occupier Satisfaction Surveys-Raw Score-RR | AKH2: S.3.1.10 Occupier Satisfaction Surveys-Weight-Consolidated-RR | AKI2: S.3.1.10 Occupier Satisfaction Surveys-Weighted Score-Consolidated-RR | AKJ2: S.3.1.11 Customer Eco-Efficiency Programmes-Answer Category-RR | AKK2: S.3.1.11 Customer Eco-Efficiency Programmes-Issue Mapping-RR | AKL2: S.3.1.11 Customer Eco-Efficiency Programmes-Raw Score-RR | AKM2: S.3.1.11 Customer Eco-Efficiency Programmes-Weight-Consolidated-RR | AKN2: S.3.1.11 Customer Eco-Efficiency Programmes-Weighted Score-Consolidated-RR | AKO2: S.3.1.12 Drug Promotion Standards-Answer Category-RR | AKP2: S.3.1.12 Drug Promotion Standards-Issue Mapping-RR | AKQ2: S.3.1.12 Drug Promotion Standards-Raw Score-RR | AKR2: S.3.1.12 Drug Promotion Standards-Weight-Consolidated-RR | AKS2: S.3.1.12 Drug Promotion Standards-Weighted Score-Consolidated-RR | AKT2: S.3.1.13 Ethical Marketing Promotion-Answer Category-RR | AKU2: S.3.1.13 Ethical Marketing Promotion-Issue Mapping-RR | AKV2: S.3.1.13 Ethical Marketing Promotion-Raw Score-RR | AKW2: S.3.1.13 Ethical Marketing Promotion-Weight-Consolidated-RR | AKX2: S.3.1.13 Ethical Marketing Promotion-Weighted Score-Consolidated-RR | AKY2: S.3.1.14 Responsible Gaming Programme-Answer Category-RR | AKZ2: S.3.1.14 Responsible Gaming Programme-Issue Mapping-RR | ALA2: S.3.1.14 Responsible Gaming Programme-Raw Score-RR | ALB2: S.3.1.14 Responsible Gaming Programme-Weight-Consolidated-RR | ALC2: S.3.1.14 Responsible Gaming Programme-Weighted Score-Consolidated-RR | ALD2: S.3.1.15 Value-Based Health Care Programme-Answer Category-RR | ALE2: S.3.1.15 Value-Based Health Care Programme-Issue Mapping-RR | ALF2: S.3.1.15 Value-Based Health Care Programme-Raw Score-RR | ALG2: S.3.1.15 Value-Based Health Care Programme-Weight-Consolidated-RR | ALH2: S.3.1.15 Value-Based Health Care Programme-Weighted Score-Consolidated-RR | ALI2: S.3.1.2 Advertising Ethics Policy-Answer Category-RR | ALJ2: S.3.1.2 Advertising Ethics Policy-Issue Mapping-RR | ALK2: S.3.1.2 Advertising Ethics Policy-Raw Score-RR | ALL2: S.3.1.2 Advertising Ethics Policy-Weight-Consolidated-RR | ALM2: S.3.1.2 Advertising Ethics Policy-Weighted Score-Consolidated-RR | ALN2: S.3.1.3 Data Privacy & Security Policy-Answer Category-RR | ALO2: S.3.1.3 Data Privacy & Security Policy-Issue Mapping-RR | ALP2: S.3.1.3 Data Privacy & Security Policy-Raw Score-RR | ALQ2: S.3.1.3 Data Privacy & Security Policy-Weight-Consolidated-RR | ALR2: S.3.1.3 Data Privacy & Security Policy-Weighted Score-Consolidated-RR | ALS2: S.3.1.3.1 Data Privacy Programme-Answer Category-RR | ALT2: S.3.1.3.1 Data Privacy Programme-Issue Mapping-RR | ALU2: S.3.1.3.1 Data Privacy Programme-Raw Score-RR | ALV2: S.3.1.3.1 Data Privacy Programme-Weight-Consolidated-RR | ALW2: S.3.1.3.1 Data Privacy Programme-Weighted Score-Consolidated-RR | ALX2: S.3.1.3.2 Data Request Management-Answer Category-RR | ALY2: S.3.1.3.2 Data Request Management-Issue Mapping-RR | ALZ2: S.3.1.3.2 Data Request Management-Raw Score-RR | AMA2: S.3.1.3.2 Data Request Management-Weight-Consolidated-RR | AMB2: S.3.1.3.2 Data Request Management-Weighted Score-Consolidated-RR | AMC2: S.3.1.4 Electromagnetic Safety Programmes-Answer Category-RR | AMD2: S.3.1.4 Electromagnetic Safety Programmes-Issue Mapping-RR | AME2: S.3.1.4 Electromagnetic Safety Programmes-Raw Score-RR | AMF2: S.3.1.4 Electromagnetic Safety Programmes-Weight-Consolidated-RR | AMG2: S.3.1.4 Electromagnetic Safety Programmes-Weighted Score-Consolidated-RR | AMH2: S.3.1.6 Editorial Guidelines-Answer Category-RR | AMI2: S.3.1.6 Editorial Guidelines-Issue Mapping-RR | AMJ2: S.3.1.6 Editorial Guidelines-Raw Score-RR | AMK2: S.3.1.6 Editorial Guidelines-Weight-Consolidated-RR | AML2: S.3.1.6 Editorial Guidelines-Weighted Score-Consolidated-RR | AMM2: S.3.1.6.1 Media Ethics Programme-Answer Category-RR | AMN2: S.3.1.6.1 Media Ethics Programme-Issue Mapping-RR | AMO2: S.3.1.6.1 Media Ethics Programme-Raw Score-RR | AMP2: S.3.1.6.1 Media Ethics Programme-Weight-Consolidated-RR | AMQ2: S.3.1.6.1 Media Ethics Programme-Weighted Score-Consolidated-RR | AMR2: S.3.1.8 Service Delays-Answer Category-RR | AMS2: S.3.1.8 Service Delays-Issue Mapping-RR | AMT2: S.3.1.8 Service Delays-Raw Score-RR | AMU2: S.3.1.8 Service Delays-Weight-Consolidated-RR | AMV2: S.3.1.8 Service Delays-Weighted Score-Consolidated-RR | AMW2: S.3.1.9 Product Health Statement-Answer Category-RR | AMX2: S.3.1.9 Product Health Statement-Issue Mapping-RR | AMY2: S.3.1.9 Product Health Statement-Raw Score-RR | AMZ2: S.3.1.9 Product Health Statement-Weight-Consolidated-RR | ANA2: S.3.1.9 Product Health Statement-Weighted Score-Consolidated-RR | ANB2: S.3.1.9.1 Product and Service Safety Programme-Answer Category-RR | ANC2: S.3.1.9.1 Product and Service Safety Programme-Issue Mapping-RR | AND2: S.3.1.9.1 Product and Service Safety Programme-Raw Score-RR | ANE2: S.3.1.9.1 Product and Service Safety Programme-Weight-Consolidated-RR | ANF2: S.3.1.9.1 Product and Service Safety Programme-Weighted Score-Consolidated-RR | ANG2: S.3.2.1 QMS Certifications-Answer Category-RR | ANH2: S.3.2.1 QMS Certifications-Issue Mapping-RR | ANI2: S.3.2.1 QMS Certifications-Raw Score-RR | ANJ2: S.3.2.1 QMS Certifications-Weight-Consolidated-RR | ANK2: S.3.2.1 QMS Certifications-Weighted Score-Consolidated-RR | ANL2: S.3.2.2 Trial Data Transparency-Answer Category-RR | ANM2: S.3.2.2 Trial Data Transparency-Issue Mapping-RR | ANN2: S.3.2.2 Trial Data Transparency-Raw Score-RR | ANO2: S.3.2.2 Trial Data Transparency-Weight-Consolidated-RR | ANP2: S.3.2.2 Trial Data Transparency-Weighted Score-Consolidated-RR | ANQ2: S.4.2.1 Human Rights Policy-Answer Category-RR | ANR2: S.4.2.1 Human Rights Policy-Issue Mapping-RR | ANS2: S.4.2.1 Human Rights Policy-Raw Score-RR | ANT2: S.4.2.1 Human Rights Policy-Weight-Consolidated-RR | ANU2: S.4.2.1 Human Rights Policy-Weighted Score-Consolidated-RR | ANV2: S.4.2.1.2 Human Rights Programme-Answer Category-RR | ANW2: S.4.2.1.2 Human Rights Programme-Issue Mapping-RR | ANX2: S.4.2.1.2 Human Rights Programme-Raw Score-RR | ANY2: S.4.2.1.2 Human Rights Programme-Weight-Consolidated-RR | ANZ2: S.4.2.1.2 Human Rights Programme-Weighted Score-Consolidated-RR | AOA2: S.4.2.10 Access to Basic Services-Answer Category-RR | AOB2: S.4.2.10 Access to Basic Services-Issue Mapping-RR | AOC2: S.4.2.10 Access to Basic Services-Raw Score-RR | AOD2: S.4.2.10 Access to Basic Services-Weight-Consolidated-RR | AOE2: S.4.2.10 Access to Basic Services-Weighted Score-Consolidated-RR | AOF2: S.4.2.11 Community Development Programmes-Answer Category-RR | AOG2: S.4.2.11 Community Development Programmes-Issue Mapping-RR | AOH2: S.4.2.11 Community Development Programmes-Raw Score-RR | AOI2: S.4.2.11 Community Development Programmes-Weight-Consolidated-RR | AOJ2: S.4.2.11 Community Development Programmes-Weighted Score-Consolidated-RR | AOK2: S.4.2.15 Noise Management-Answer Category-RR | AOL2: S.4.2.15 Noise Management-Issue Mapping-RR | AOM2: S.4.2.15 Noise Management-Raw Score-RR | AON2: S.4.2.15 Noise Management-Weight-Consolidated-RR | AOO2: S.4.2.15 Noise Management-Weighted Score-Consolidated-RR | AOP2: S.4.2.2 Community Involvement Programmes-Answer Category-RR | AOQ2: S.4.2.2 Community Involvement Programmes-Issue Mapping-RR | AOR2: S.4.2.2 Community Involvement Programmes-Raw Score-RR | AOS2: S.4.2.2 Community Involvement Programmes-Weight-Consolidated-RR | AOT2: S.4.2.2 Community Involvement Programmes-Weighted Score-Consolidated-RR | AOU2: S.4.2.3 Financial Inclusion-Answer Category-RR | AOV2: S.4.2.3 Financial Inclusion-Issue Mapping-RR | AOW2: S.4.2.3 Financial Inclusion-Raw Score-RR | AOX2: S.4.2.3 Financial Inclusion-Weight-Consolidated-RR | AOY2: S.4.2.3 Financial Inclusion-Weighted Score-Consolidated-RR | AOZ2: S.4.2.4 Access to Medicine Programme-Answer Category-RR | APA2: S.4.2.4 Access to Medicine Programme-Issue Mapping-RR | APB2: S.4.2.4 Access to Medicine Programme-Raw Score-RR | APC2: S.4.2.4 Access to Medicine Programme-Weight-Consolidated-RR | APD2: S.4.2.4 Access to Medicine Programme-Weighted Score-Consolidated-RR | APE2: S.4.2.5 Neglected Diseases R&D-Answer Category-RR | APF2: S.4.2.5 Neglected Diseases R&D-Issue Mapping-RR | APG2: S.4.2.5 Neglected Diseases R&D-Raw Score-RR | APH2: S.4.2.5 Neglected Diseases R&D-Weight-Consolidated-RR | API2: S.4.2.5 Neglected Diseases R&D-Weighted Score-Consolidated-RR | APJ2: S.4.2.6 Equitable Pricing and Availability-Answer Category-RR | APK2: S.4.2.6 Equitable Pricing and Availability-Issue Mapping-RR | APL2: S.4.2.6 Equitable Pricing and Availability-Raw Score-RR | APM2: S.4.2.6 Equitable Pricing and Availability-Weight-Consolidated-RR | APN2: S.4.2.6 Equitable Pricing and Availability-Weighted Score-Consolidated-RR | APO2: S.4.2.6.1 Intellectual Property Access-Answer Category-RR | APP2: S.4.2.6.1 Intellectual Property Access-Issue Mapping-RR | APQ2: S.4.2.6.1 Intellectual Property Access-Raw Score-RR | APR2: S.4.2.6.1 Intellectual Property Access-Weight-Consolidated-RR | APS2: S.4.2.6.1 Intellectual Property Access-Weighted Score-Consolidated-RR | APT2: S.4.2.7 Access to Health Care-Answer Category-RR | APU2: S.4.2.7 Access to Health Care-Issue Mapping-RR | APV2: S.4.2.7 Access to Health Care-Raw Score-RR | APW2: S.4.2.7 Access to Health Care-Weight-Consolidated-RR | APX2: S.4.2.7 Access to Health Care-Weighted Score-Consolidated-RR | APY2: S.4.2.9 Indigenous Rights Policy-Answer Category-RR | APZ2: S.4.2.9 Indigenous Rights Policy-Issue Mapping-RR | AQA2: S.4.2.9 Indigenous Rights Policy-Raw Score-RR | AQB2: S.4.2.9 Indigenous Rights Policy-Weight-Consolidated-RR | AQC2: S.4.2.9 Indigenous Rights Policy-Weighted Score-Consolidated-RR | AQD2: S.4.4.1 Systemic Risk Management-Answer Category-RR | AQE2: S.4.4.1 Systemic Risk Management-Issue Mapping-RR | AQF2: S.4.4.1 Systemic Risk Management-Raw Score-RR | AQG2: S.4.4.1 Systemic Risk Management-Weight-Consolidated-RR | AQH2: S.4.4.1 Systemic Risk Management-Weighted Score-Consolidated-RR | AQI2: S.4.4.2 Systemic Risk Reporting-Answer Category-RR | AQJ2: S.4.4.2 Systemic Risk Reporting-Issue Mapping-RR | AQK2: S.4.4.2 Systemic Risk Reporting-Raw Score-RR | AQL2: S.4.4.2 Systemic Risk Reporting-Weight-Consolidated-RR | AQM2: S.4.4.2 Systemic Risk Reporting-Weighted Score-Consolidated-RR | AQN2: S.4.4.3 Tier 1 Capital Buffer-Answer Category-RR | AQO2: S.4.4.3 Tier 1 Capital Buffer-Issue Mapping-RR | AQP2: S.4.4.3 Tier 1 Capital Buffer-Raw Score-RR | AQQ2: S.4.4.3 Tier 1 Capital Buffer-Weight-Consolidated-RR | AQR2: S.4.4.3 Tier 1 Capital Buffer-Weighted Score-Consolidated-RR | AQS2: S.4.4.5 Leverage Ratio-Answer Category-RR | AQT2: S.4.4.5 Leverage Ratio-Issue Mapping-RR | AQU2: S.4.4.5 Leverage Ratio-Raw Score-RR | AQV2: S.4.4.5 Leverage Ratio-Weight-Consolidated-RR | AQW2: S.4.4.5 Leverage Ratio-Weighted Score-Consolidated-RR | AQX2: S.4.4.8 Asset Quality-Answer Category-RR | AQY2: S.4.4.8 Asset Quality-Issue Mapping-RR | AQZ2: S.4.4.8 Asset Quality-Raw Score-RR | ARA2: S.4.4.8 Asset Quality-Weight-Consolidated-RR | ARB2: S.4.4.8 Asset Quality-Weighted Score-Consolidated-RR | ARC2: E.3.1.20 Fleet Age-Answer Category-RR | ARD2: E.3.1.20 Fleet Age-Issue Mapping-RR | ARE2: E.3.1.20 Fleet Age-Raw Score-RR | ARF2: E.3.1.20 Fleet Age-Weight-Consolidated-RR | ARG2: E.3.1.20 Fleet Age-Weighted Score-Consolidated-RR | ARH2: E.3.1.21 Carbon Intensity Trend of Generation-Answer Category-RR | ARI2: E.3.1.21 Carbon Intensity Trend of Generation-Issue Mapping-RR | ARJ2: E.3.1.21 Carbon Intensity Trend of Generation-Raw Score-RR | ARK2: E.3.1.21 Carbon Intensity Trend of Generation-Weight-Consolidated-RR | ARL2: E.3.1.21 Carbon Intensity Trend of Generation-Weighted Score-Consolidated-RR | ARM2: E.1.2.9 Deforestation Policy-Answer Category-RR | ARN2: E.1.2.9 Deforestation Policy-Issue Mapping-RR | ARO2: E.1.2.9 Deforestation Policy-Raw Score-RR | ARP2: E.1.2.9 Deforestation Policy-Weight-Consolidated-RR | ARQ2: E.1.2.9 Deforestation Policy-Weighted Score-Consolidated-RR | ARR2: E.1.2.10 Deforestation Programme-Answer Category-RR | ARS2: E.1.2.10 Deforestation Programme-Issue Mapping-RR | ART2: E.1.2.10 Deforestation Programme-Raw Score-RR | ARU2: E.1.2.10 Deforestation Programme-Weight-Consolidated-RR | ARV2: E.1.2.10 Deforestation Programme-Weighted Score-Consolidated-RR | ARW2: E.1.2.7.3 Fresh Water Intensity for Generators-Answer Category-RR | ARX2: E.1.2.7.3 Fresh Water Intensity for Generators-Issue Mapping-RR | ARY2: E.1.2.7.3 Fresh Water Intensity for Generators-Raw Score-RR | ARZ2: E.1.2.7.3 Fresh Water Intensity for Generators-Weight-Consolidated-RR | ASA2: E.1.2.7.3 Fresh Water Intensity for Generators-Weighted Score-Consolidated-RR | ASB2: S.3.1.16 Nutrition and Health Programme-Answer Category-RR | ASC2: S.3.1.16 Nutrition and Health Programme-Issue Mapping-RR | ASD2: S.3.1.16 Nutrition and Health Programme-Raw Score-RR | ASE2: S.3.1.16 Nutrition and Health Programme-Weight-Consolidated-RR | ASF2: S.3.1.16 Nutrition and Health Programme-Weighted Score-Consolidated-RR | ASG2: S.3.2.3 U.S. Drug Price Transparency-Answer Category-RR | ASH2: S.3.2.3 U.S. Drug Price Transparency-Issue Mapping-RR | ASI2: S.3.2.3 U.S. Drug Price Transparency-Raw Score-RR | ASJ2: S.3.2.3 U.S. Drug Price Transparency-Weight-Consolidated-RR | ASK2: S.3.2.3 U.S. Drug Price Transparency-Weighted Score-Consolidated-RR | ASL2: S.1.3.1 Gender Pay Equality Programme-Answer Category-RR | ASM2: S.1.3.1 Gender Pay Equality Programme-Issue Mapping-RR | ASN2: S.1.3.1 Gender Pay Equality Programme-Raw Score-RR | ASO2: S.1.3.1 Gender Pay Equality Programme-Weight-Consolidated-RR | ASP2: S.1.3.1 Gender Pay Equality Programme-Weighted Score-Consolidated-RR | ASQ2: S.1.3.2 Gender Pay Disclosure-Answer Category-RR | ASR2: S.1.3.2 Gender Pay Disclosure-Issue Mapping-RR | ASS2: S.1.3.2 Gender Pay Disclosure-Raw Score-RR | AST2: S.1.3.2 Gender Pay Disclosure-Weight-Consolidated-RR | ASU2: S.1.3.2 Gender Pay Disclosure-Weighted Score-Consolidated-RR | ASV2: E.3.1.19 Hazardous Substances Management-Answer Category-RR | ASW2: E.3.1.19 Hazardous Substances Management-Issue Mapping-RR | ASX2: E.3.1.19 Hazardous Substances Management-Raw Score-RR | ASY2: E.3.1.19 Hazardous Substances Management-Weight-Consolidated-RR | ASZ2: E.3.1.19 Hazardous Substances Management-Weighted Score-Consolidated-RR | ATA2: S.3.1.3.3 Cybersecurity Programme-Answer Category-RR | ATB2: S.3.1.3.3 Cybersecurity Programme-Issue Mapping-RR | ATC2: S.3.1.3.3 Cybersecurity Programme-Raw Score-RR | ATD2: S.3.1.3.3 Cybersecurity Programme-Weight-Consolidated-RR | ATE2: S.3.1.3.3 Cybersecurity Programme-Weighted Score-Consolidated-RR | ATF2: E.1.3.6 Tailings Management and Standards-Answer Category-RR | ATG2: E.1.3.6 Tailings Management and Standards-Issue Mapping-RR | ATH2: E.1.3.6 Tailings Management and Standards-Raw Score-RR | ATI2: E.1.3.6 Tailings Management and Standards-Weight-Consolidated-RR | ATJ2: E.1.3.6 Tailings Management and Standards-Weighted Score-Consolidated-RR | ATK2: S.3.1.17 Asset Integrity Management-Answer Category-RR | ATL2: S.3.1.17 Asset Integrity Management-Issue Mapping-RR | ATM2: S.3.1.17 Asset Integrity Management-Raw Score-RR | ATN2: S.3.1.17 Asset Integrity Management-Weight-Consolidated-RR | ATO2: S.3.1.17 Asset Integrity Management-Weighted Score-Consolidated-RR | ATP2: E.1.2.7.2 Water Intensity Trend-Answer Category-RR | ATQ2: E.1.2.7.2 Water Intensity Trend-Issue Mapping-RR | ATR2: E.1.2.7.2 Water Intensity Trend-Raw Score-RR | ATS2: E.1.2.7.2 Water Intensity Trend-Weight-Consolidated-RR | ATT2: E.1.2.7.2 Water Intensity Trend-Weighted Score-Consolidated-RR | ATU2: Access to Basic Services-Answer Category-RR | ATV2: Data Privacy and Security-Answer Category-RR | ATW2: Data Privacy and Security-Issue Mapping-RR | ATX2: Data Privacy and Security-Weight-Consolidated-RR | ATY2: Emissions, Effluents and Waste - SC-Answer Category-RR | ATZ2: Emissions, Effluents and Waste - SC-Issue Mapping-RR | AUA2: Emissions, Effluents and Waste - SC-Weight-Consolidated-RR | AUB2: Emissions, Effluents and Waste-Answer Category-RR | AUC2: Emissions, Effluents and Waste-Issue Mapping-RR | AUD2: Emissions, Effluents and Waste-Weight-Consolidated-RR
A3: 2022/03/16 | B3: 1264207944 | C3: 1&1 AG | D3: Germany | E3: Europe | F3: Public | G3: 4232.6655 | H3: ETR | I3: ASML | J3: 5299003VKVDCUPSS5X23 | K3: 1U1 GY | L3: 1U1 | M3: BBG000BD8PZ6 | N3: BBG000BD8RR1 | O3: BBG001S6KL86 | P3: EQ0032809600001000 | Q3: DE0005545503 | R3: 0 | S3: 0 | V3: Not Material | X3: 0 | Y3: 0.118875180403188 | Z3: 4.21250000000002 | AA3: 2.95 | AB3: 0 | AC3: 0 | AH3: 0 | AL3: 0 | AM3: 0 | AP3: Not Material | CP3: 0 | CT3: 0 | CU3: 0 | CX3: Not Material | CY3: Telecoms typically employ both full-time and contract staff, ranging from highly skilled product developers to network installers to low-skilled customer service staff. As telecoms have invested heavily in growing services related to the Internet of Things, skilled employees responsible for designing innovative products are also in higher demand. Telecom companies have regularly experienced employee strikes. These can negatively impact revenues by impeding operations and delaying service installations while lowering employee morale, which may also impact a company’s quality of service. The company's exposure to Human Capital issues is medium and moderately below the subindustry exposure. Based on available evidence, a freedom of association policy is not disclosed by the company. On the other hand, it has an adequate diversity programme in place. For example, it offers diversity training and conducts diversity monitoring. Besides, employee turnover rate is average. Additionally, the company has a very strong programme to manage talent risks. Specifically, it has put in place initiatives for talent recruitment and development. In our view, the company's management of the issue is above average. Considering its medium exposure and above average management of Human Capital, we view the company to be at low risk for the issue. | CZ3: 5.4 | DA3: 61.2499999999996 | DB3: 0.151775147928994 | DC3: Low | DD3: 0.100147076588654 | DE3: 2.25787500000002 | DF3: 2.96 | DG3: 3.26 | DH3: Material | DI3: The telecom sector relies heavily on communications equipment and technology hardware companies to manufacture and assemble products, including mobile phones, modems, cables, and other communication devices and accessories. Manufacturing typically takes place in South East Asia. Human rights violations often include employing child labour and/or forced labour. Such supplier violations pose reputational and operational risks for telecoms and increased regulatory scrutiny in developed markets. Industry collaboration, through groups like the Joint Audit Cooperation (JAC) and the Electronics Industry Citizenship Coalition (EICC), is identified as an area of opportunity for shared supply chain monitoring and cost allocation. US regulations, such as the California Transparency in Supply Chains Act, as well as the draft Modern Slavery Bill in the UK, signal an emerging regulatory framework that will require companies to actively assess and respond to labour-related issues within their supply chains. The EU conflict minerals regulation was approved in April 2017, and though the US Dodd-Frank Act requirements on conflict minerals reporting are in question, US companies are not likely to cease established reporting and risk reputational damage. Best practices include conducting supplier screening/risk assessments inclusive of human rights criteria, offering supplier training on forced labour issues, implementing supplier audits that address human rights risks, and conducting third-part compliance audits on conflict mineral suppliers with sourcing from certified conflict-free smelters. The company's exposure to Human Rights - Supply Chain issues is low and moderately below the subindustry exposure. In our view, the company's management of the issue is average. Considering its low exposure and average management of Human Rights - Supply Chain, we view the company to be at negligible risk for the issue. | DJ3: 1.8 | DK3: 25 | DL3: 0.042603550295858 | DM3: Negligible | DN3: 0.0638705819798087 | DO3: 1.44 | DP3: 1.43 | DQ3: 1.94 | DR3: Material | DT3: 0 | DX3: 0 | DY3: 0 | EB3: Not Material | FH3: 0 | FL3: 0 | FM3: 0 | FP3: Not Material | FR3: 0 | FV3: 0 | FW3: 0 | FZ3: Not Material | HP3: 0 | HT3: 0 | HU3: 0 | HX3: Not Material | HY3: Product Governance issues in the telecommunication service industry includes service quality, maintaining reliable, high-speed networks, and responding to customer billing concerns. The company's exposure to Product Governance issues is medium and similar to the subindustry exposure. Although some of the company's facilities have received external certification to a quality management system standard, the scope of such certification is unclear. Additionally, the company has a weak programme to manage its physical climate change risks. In our view, the company's management of the issue is below average. Considering its medium exposure and below average management of Product Governance, we view the company to be at low risk for the issue. | HZ3: 4.75 | IA3: 17.7857142857141 | IB3: 0.126479289940828 | IC3: Low | ID3: 0.176959688696811 | IE3: 3.98966071428572 | IF3: 3.72 | IG3: 3.73 | IH3: Material | IT3: 0 | IX3: 0 | IY3: 0 | JB3: Not Material | JD3: 0 | JH3: 0 | JI3: 0 | JL3: Not Material | JM3: Telecommunications Services companies can use billions of litres of water each year to run offices, cooling towers and data centres. Data centres account for the majority of this water consumption, as they require large amounts of water, both directly, for cooling purposes, and indirectly, through electricity generation, increasing resource use risks for companies that own and operate data centres. Given these water requirements, these companies are exposed to water risks that could adversely affect operations. As data traffic increases, telcos may require more data centres, raising water-related risks. By 2030, the world is projected to face a 40% global water deficit, which could create more competition for and stringent regulations on water use. Climate change and water stress elevate companies’ exposure to water risks, including the threats of volatile water prices and sudden rate increases for water. Companies with data centres in regions prone to droughts, aridification, water shortages and other extreme weather events may need to compete for water with other stakeholders who depend on the same source of water, which could hinder their ability to secure access to the same amount of water, and also lead to community protests and adverse publicity. As climate change progresses and water stress worsens, new regulations may restrict water use, which could drive companies to implement contingency plans involving alternate water sources. The transition to a water-secure future could cause a shift in market preferences and introduce more stringent reporting, forcing companies to increase transparency around their water use; currently, less than a third of data centre operators in the US measure water consumption. Best practices for mitigating water risks include transitioning to new technologies that do not use water, implementing regular water risk assessments and water management programmes, setting water reduction targets and engaging with local stakeholders. The company's exposure to Resource Use issues is low and moderately below the subindustry exposure. In our view, the company's management of the issue is below average. Considering its low exposure and below average management of Resource Use, we view the company to be at negligible risk for the issue. | JN3: 1.8 | JO3: 10.9250000000002 | JP3: 0.042603550295858 | JQ3: Negligible | JR3: 0.0728603663934666 | JS3: 1.64268 | JT3: 1.44 | JU3: 3.13 | JV3: Material | NI3: 54 | NJ3: 0.0665680473372781 | NK3: 3.59467455621302 | NL3: Our analysis of the quality and integrity of the company’s board and management indicates the following key areas of focus for 1&1 AG: Related Party Transactions, Director Stock Ownership, Director Track Record.The company provides minimal or no disclosure of the process by which RPTs are approved and the company discloses RPTs (or confirms there were no RPTs) in the most recent annual reporting.One or more non-executive directors with more than one year of tenure fail to own stock and market practice is for directors not to own stock.No directors are linked to governance controversies at other companies and no directors are linked to performance failures at other companies.Overall, 1&1 AG positions itself as an Average Performer with regard to its Board/Management Quality & Integrity compared to peers. | NM3: 52 | NN3: 0.0479289940828402 | NO3: 2.49230769230769 | NP3: In reviewing the company’s structural board features, we note the following for 1&1 AG: Nominating Committee Effectiveness, Board Independence, Directors not Elected by Shareholders.The company lacks a nominating committee and the process for board nominations is minimally disclosed.The board lacks an independent majority and the company has a controlling shareholder.Some directors are nominated by significant/strategic shareholders and all directors are elected by all shareholders.Overall, 1&1 AG positions itself as an Average Performer with regard to its Board Structure compared to peers. | NQ3: 56 | NR3: 0.0505917159763314 | NS3: 2.83313609467456 | NT3: 1&1 AG’s Ownership & Shareholder rights regime includes the following key areas of focus: Director Appointment & Removal, Ownership Structure, Supermajority Provisions.Not all the directors on the board are elected annually and the board can change its size without shareholder approval only within the limits set in the charter or bylaws.There is a controlling shareholder with 50% or more of voting rights and the dominant shareholder is an investor with board representation.The company has a controlling shareholder and a supermajority is required for charter/bylaw amendments, according to market regulations.Overall, 1&1 AG positions itself as an Average Performer with regard to its Ownership & Shareholder Rights compared to peers. | NU3: 24 | NV3: 0.0585798816568047 | NW3: 1.40591715976331 | NX3: Our analysis of executive compensation practices at 1&1 AG points to the following: Remuneration Committee Effectiveness, Pay for Performance, Clawback Policy.The company lacks a remuneration committee.The board / compensation committee retains discretion in adjusting STI or LTI awards and there is no material variable component in the CEO's remuneration.There is no recoupment or clawback policy disclosed and there is no recoupment or clawback policy disclosed.Overall, 1&1 AG positions itself as an Underperformer with regard to its Remuneration compared to peers. | NY3: 22 | NZ3: 0.021301775147929 | OA3: 0.468639053254438 | OB3: In reviewing the company’s Audit & Financial reporting features, we note the following for 1&1 AG: Audit Committee Effectiveness, Audit Committee Structure, Auditor Change.There is no audit committee and there is no audit committee, and there are no independent directors with financial expertise.The company lacks a audit committee.The auditor has recently changed, with no clear reason given for the transition.Overall, 1&1 AG positions itself as a Laggard with regard to its Audit & Financial Reporting compared to peers. | OC3: 47 | OD3: 0.021301775147929 | OE3: 1.00118343195266 | OF3: In reviewing the company’s practices regarding ESG stakeholder governance, points of attention for 1&1 AG are: ESG Governance, ESG Performance Targets and Tax Disclosure. ESG Governance: A management committee is responsible for overseeing ESG issues ESG Performance Targets: Executive compensation is not explicitly tied to ESG performance targets Tax Disclosure: Tax transparency is strong | OQ3: The company has a weak policy | OR3: Carbon - Own Operations; Resource Use | OS3: 25 | OT3: 0.00343195266272197 | OU3: 0.0857988165680493 | OV3: The company's carbon intensity trend shows a decline of 25% or more over the last 3 years | OW3: Carbon - Own Operations | OX3: 100 | OY3: 0.00946745562130201 | OZ3: 0.946745562130201 | PA3: The company does not consume renewable energy | PB3: Carbon - Own Operations | PC3: 0 | PD3: 0.00946745562130201 | PE3: 0 | PF3: The company has an adequate EMS | PG3: Carbon - Own Operations; Resource Use | PH3: 60 | PI3: 0.011597633136095 | PJ3: 0.695857988165697 | RD3: Disclosure on water use is insufficient to determine performance relative to peers | RE3: Resource Use | RF3: 20 | RG3: 0.00426035502958589 | RH3: 0.0852071005917177 | RI3: Based on available evidence, the company does not have a programme | RJ3: Resource Use | RK3: 0 | RL3: 0.0106508875739647 | RM3: 0 | RS3: Based on available evidence, the company's activities have not received external certification | RT3: Carbon - Own Operations; Resource Use | RU3: 0 | RV3: 0.00579881656804748 | RW3: 0 | SM3: Based on available evidence, the company does not have a programme | SN3: Resource Use | SO3: 0 | SP3: 0.0149112426035497 | SQ3: 0 | SR3: The company reports all scopes but is not fully aligned with GHG protocol | SS3: Carbon - Own Operations | ST3: 75 | SU3: 0.0023668639053255 | SV3: 0.177514792899413 | SW3: Based on available evidence, the company does not have a risk management programme | SX3: Carbon - Own Operations | SY3: 0 | SZ3: 0.0142011834319522 | TA3: 0 | TB3: The company has a weak programme | TC3: Product Governance; Resource Use | TD3: 33 | TE3: 0.031363060016906 | TF3: 1.0349809805579 | TG3: The company has a weak programme | TH3: Carbon - Own Operations | TI3: 25 | TJ3: 0.0189349112426032 | TK3: 0.473372781065081 | TQ3: The company doesn't have a formal programme but utilises renewables | TR3: Carbon - Own Operations | TS3: 10 | TT3: 0.0189349112426032 | TU3: 0.189349112426032 | TV3: The company's carbon emissions intensity is well below the industry median | TW3: Carbon - Own Operations | TX3: 100 | TY3: 0.004733727810651 | TZ3: 0.4733727810651 | YV3: There is no evidence of environmental impact being considered at the design stage of new products | YW3: Product Governance | YX3: 0 | YY3: 0.0271027049873202 | YZ3: 0 | ZA3: The company has some activities for end-of-life product management | ZB3: Product Governance | ZC3: 25 | ZD3: 0.0271027049873202 | ZE3: 0.677567624683004 | ZP3: The company has a strong policy | ZQ3: Business Ethics | ZR3: 75 | ZS3: 0.0126479289940832 | ZT3: 0.948594674556236 | ZU3: The company has an adequate programme | ZV3: Business Ethics | ZW3: 50 | ZX3: 0.0379437869822484 | ZY3: 1.89718934911242 | ZZ3: The company has an adequate programme | AAA3: Business Ethics | AAB3: 50 | AAC3: 0.0252958579881653 | AAD3: 1.26479289940826 | AAE3: The company has an adequate programme | AAF3: Business Ethics | AAG3: 50 | AAH3: 0.0379437869822484 | AAI3: 1.89718934911242 | AEZ3: Based on available evidence, the company does not have a policy | AFA3: Business Ethics | AFB3: 0 | AFC3: 0.00632396449704158 | AFD3: 0 | AFE3: Based on available evidence, the company made more than USD 0.5 million in political contributions or political spending in the last three years | AFF3: Business Ethics | AFG3: 0 | AFH3: 0.00632396449704158 | AFI3: 0 | AFO3: Based on available evidence, the company does not have a policy on freedom of association | AFP3: Human Capital | AFQ3: 0 | AFR3: 0.00758875739644991 | AFS3: 0 | AFY3: The company has an adequate policy | AFZ3: Human Capital | AGA3: 50 | AGB3: 0.00758875739644991 | AGC3: 0.379437869822496 | AGD3: The company has an adequate programme | AGE3: Human Capital | AGF3: 50 | AGG3: 0.0379437869822485 | AGH3: 1.89718934911243 | AGI3: Based on available evidence, the company's employees are not covered by collective bargaining agreements | AGJ3: Human Capital | AGK3: 0 | AGL3: 0.0113831360946749 | AGM3: 0 | AGN3: The company's employee turnover rate is average | AGO3: Human Capital | AGP3: 50 | AGQ3: 0.0151775147928988 | AGR3: 0.758875739644939 | AGX3: The company has a very strong programme | AGY3: Human Capital | AGZ3: 100 | AHA3: 0.0607100591715972 | AHB3: 6.07100591715972 | AIG3: The company has adequate social supply chain standards | AIH3: Human Rights - Supply Chain | AII3: 50 | AIJ3: 0.00852071005917177 | AIK3: 0.426035502958589 | AIQ3: The company has a weak policy | AIR3: Human Rights - Supply Chain | AIS3: 25 | AIT3: 0.00639053254437883 | AIU3: 0.159763313609471 | AIV3: Based on the available evidence, the company does not have a programme | AIW3: Human Rights - Supply Chain | AIX3: 0 | AIY3: 0.00852071005917177 | AIZ3: 0 | AJA3: The company has a weak management system | AJB3: Human Rights - Supply Chain | AJC3: 25 | AJD3: 0.0191715976331356 | AJE3: 0.47928994082839 | ALI3: Based on available evidence, the company does not have a public policy statement on advertising ethics | ALJ3: Product Governance | ALK3: 0 | ALL3: 0.00903423499577388 | ALM3: 0 | ALN3: The company has a weak policy or a general statement addressing the issue | ALO3: Data Privacy and Security | ALP3: 25 | ALQ3: 0.0283313609467459 | ALR3: 0.708284023668647 | ALS3: The company has a strong programme | ALT3: Data Privacy and Security | ALU3: 75 | ALV3: 0.056662721893491 | ALW3: 4.24970414201182 | AMC3: Based on available evidence, the company does not have a programme | AMD3: Product Governance | AME3: 0 | AMF3: 0.00903423499577388 | AMG3: 0 | ANG3: Some of the company's sites have received external certification but the scope is unclear | ANH3: Product Governance | ANI3: 25 | ANJ3: 0.0271027049873202 | ANK3: 0.677567624683004 | ASL3: The company has a weak programme | ASM3: Human Capital | ASN3: 25 | ASO3: 0.00758875739644991 | ASP3: 0.189718934911248 | ASQ3: Based on available evidence, the company does not disclose related information | ASR3: Human Capital | ASS3: 0 | AST3: 0.00379437869822496 | ASU3: 0 | ATA3: The company has a very strong programme | ATB3: Data Privacy and Security | ATC3: 100 | ATD3: 0.056662721893491 | ATE3: 5.6662721893491 | ATP3: The company does not disclose adequate data to calculate its water intensity trend | ATQ3: Resource Use | ATR3: 20 | ATS3: 0.00426035502958589 | ATT3: 0.0852071005917177 | ATV3: 1 | ATW3: Data Privacy and Security | ATX3: 0.00745562130177515
A4: 2022/03/16 | B4: 1007902331 | C4: 1-800-Flowers.com Inc | D4: United States | E4: United States and Canada | F4: Public | G4: 1006.8741 | H4: NAS | I4: SLB | K4: FLWS UW | L4: FLWS | M4: BBG000BBR9P6 | N4: BBG000BBRN66 | O4: BBG001S60YV4 | P4: EQ0090040500001000 | OG4: 0.123963235 | OH4: 12.3963235 | OI4: The company's board diversity is slightly above average | OJ4: 60 | OK4: 0.0128860655 | OL4: 0.77316393 | OM4: The company's level of board independence is strong | ON4: 80 | OO4: 0.0133448785 | OP4: 1.06759028 | OQ4: The company has a weak policy | OS4: 25 | OT4: 0.0063804951 | OU4: 0.1595123775 | ZA4: It is not disclosed whether the company has a programme for end-of-life product management | ZC4: 0 | ZD4: 0.17447006545 | ZE4: 0 | ZZ4: The company has a strong programme | AAB4: 75 | AAC4: 0.1423728653 | AAD4: 10.6779648975 | AAJ4: The company is not a signatory to the UN Global Compact | AAL4: 0 | AAM4: 0.04640590115 | AAN4: 0 | AEF4: The company did not publish a CSR or integrated report in the two most recent accounting years. | AEH4: 0 | AEI4: 0.0063804951 | AEJ4: 0 | AEK4: The company did not publish a CSR report. | AEM4: 0 | AEN4: 0.06255389265 | AEO4: 0 | AEP4: A board committee is responsible for overseeing governance issues only | AER4: 30 | AES4: 0.0065056098 | AET4: 0.195168294 | AEZ4: The company has a strong policy | AFB4: 100 | AFC4: 0.08340516065 | AFD4: 8.340516065 | AFO4: Based on available evidence, the company does not have a policy on freedom of association | AFQ4: 0 | AFR4: 0.013511639 | AFS4: 0 | AGD4: The company has a weak programme | AGF4: 25 | AGG4: 0.0125107805 | AGH4: 0.3127695125 | AIG4: Based on available evidence, the company does not have social supply chain standards | AII4: 0 | AIJ4: 0.00625539025 | AIK4: 0 | ALN4: The company has a weak policy or a general statement addressing the issue | ALP4: 25 | ALQ4: 0.1072428403 | ALR4: 2.6810710075 | ANG4: Based on available evidence, the company's sites have not received external certification | ANI4: 0 | ANJ4: 0.16681070545 | ANK4: 0 | ATV4: 0 | ATX4: 0
A5: 2022/03/16 | B5: 2000259050 | C5: 10X Genomics, Inc. | D5: United States | E5: United States and Canada | F5: Public | G5: 9193.4799 | H5: NAS | I5: PANW | J5: 5493003Z6741WNLG7H43 | K5: TXG UW | L5: TXG | M5: BBG007WX14X0 | N5: BBG00Q21JKK0 | O5: BBG007WX14Y9 | P5: EQ0000000040475287 | R5: 0 | S5: 0 | V5: Not Material | X5: 0 | Y5: 0 | Z5: 17.4999999999996 | AA5: 0 | AB5: 0 | AC5: 0 | AH5: 0 | AL5: 0 | AM5: 0 | AP5: Not Material | CP5: 0 | CT5: 0 | CU5: 0 | CX5: Not Material | CY5: The Biotechnology industry depends on specialized employees for developing new products, but also to ensure compliance with regulatory standards. The industry is highly competitive with rapid development of new treatments, increasing competition from biosimilars and high risk of product failure. Companies will also need to hire or develop specialists to analyze this data to demonstrate their products’ comparative effectiveness. The company's exposure to Human Capital issues is medium and similar to the subindustry exposure. 10X Genomics does not disclose a policy on freedom of association. Besides, its workforce diversity efforts are weak. For instance, it lacks disclosure on diversity training and diversity monitoring initiatives. Furthermore, it lacks disclosure on key metrics such as employee turnover rates. Conversely, the company's talent development programme is evaluated as adequate. In our view, the company's management of the issue is average. Considering its medium exposure and average management of Human Capital, we view the company to be at medium risk for the issue. | CZ5: 6 | DA5: 26.7499999999997 | DB5: 0.211935303959844 | DC5: Medium | DD5: 0.209176108348173 | DE5: 4.47525000000001 | DF5: 4.48 | DG5: 3.26 | DH5: Material | DJ5: 0 | DN5: 0 | DO5: 0 | DR5: Not Material | DT5: 0 | DX5: 0 | DY5: 0 | EB5: Not Material | FH5: 0 | FL5: 0 | FM5: 0 | FP5: Not Material | FR5: 0 | FV5: 0 | FW5: 0 | FZ5: Not Material | HO5: Biotech researchers may experience a variety of occupational safety hazards, including exposure to radioactive materials, mutagens and pathogens, as well as toxic chemicals. Researchers and manufacturers may also work with complex machinery, and may experience injuries from moving machinery parts, as well as injuries from burners or centrifuges. Furthermore, biotech employees involved in mass production of drugs may experience injuries from high-pressure steam or hot water, corrosive chemicals, solvent vapours, or explosion or burn risk. Safety lapses may result in absenteeism and disruption to operations, as well as investigations from regulators into lab or manufacturing plant safety. Additionally, chronic illnesses resulting from exposure to chemicals or other agents may result in litigation and penalties for involved companies. Best practice includes a health and safety management system externally certified to OHSAS 18001, as well as appropriate safety training and targets for continuous improvement on injury rates. The company's exposure to Occupational Health and Safety issues is low and similar to the subindustry exposure. In our view, the company's management of the issue is below average. Considering its low exposure and below average management of Occupational Health and Safety, we view the company to be at negligible risk for the issue. | HP5: 2.1 | HQ5: 7.49999999999985 | HR5: 0.0741773563859454 | HS5: Negligible | HT5: 0.0911618015350132 | HU5: 1.950375 | HV5: 1.55 | HW5: 2.47 | HX5: Material | HY5: The quality and safety of biotech products directly affects the regulatory approval of products, the scope of approval, a product’s competitive advantage and customer trust. Quality and safety risks for the Biotech industry include manufacturing irregularities, unanticipated side effects, and false and deceptive marketing. Failure to adhere to extensive regulations and quality management standards has led to expensive recalls, increased regulatory scrutiny, compliance costs and lawsuits from affected customers. The company's exposure to Product Governance issues is medium and significantly below the subindustry exposure. Very few sites at the company have acquired an external quality management system certification. Besides, it has not established a programme to manage product and service safety risks. It does not conduct periodic risk assessments on product and service safety, and it lacks managerial level responsibility to manage this issue. In our view, the company's management of the issue is below average. Considering its medium exposure and below average management of Product Governance, we view the company to be at medium risk for the issue. | HZ5: 5 | IA5: 4.76190476190482 | IB5: 0.167317345231456 | IC5: Medium | ID5: 0.223687411865699 | IE5: 4.78571428571428 | IF5: 7.61 | IG5: 3.73 | IH5: Material | IT5: 0 | IX5: 0 | IY5: 0 | JB5: Not Material | JD5: 0 | JH5: 0 | JI5: 0 | JL5: Not Material | JN5: 0 | JR5: 0 | JS5: 0 | JV5: Not Material | NI5: 60 | NJ5: 0.0836586726157278 | NK5: 5.01952035694367 | NL5: Our analysis of the quality and integrity of the company’s board and management indicates the following key areas of focus for 10X Genomics, Inc.: Shareholder Engagement and Responsiveness, Board Experience, Director Stock Ownership.The company has not received significant (>30%) votes against company recommendations/ nominees in the two most recent AGMs and the company discloses a shareholder engagement policy.One or more non-executive directors have relevant industry experience as a public or private company executive and one or more non-executive directors have relevant industry experience as a public company outside director.All non-executive directors with more than one year of tenure own stock and market practice is for directors to own stock.Overall, 10X Genomics, Inc. positions itself as an Outperformer with regard to its Board/Management Quality & Integrity compared to peers. | NM5: 65 | NN5: 0.0568878973786949 | NO5: 3.69771332961517 | NP5: In reviewing the company’s structural board features, we note the following for 10X Genomics, Inc.: Directors not Elected by Shareholders, Board Independence, Voting Structures.Some directors are nominated by significant/strategic shareholders and all directors are elected by all shareholders.The board has an independent majority, but less than two thirds of the board members are independent and the board is one-tiered with executive representation.The company has a majority standard for election of directors and there is no annual accountability of directors to shareholders: directors are not annually elected and there is no annual discharge.Overall, 10X Genomics, Inc. positions itself as an Average Performer with regard to its Board Structure compared to peers. | NQ5: 16 | NR5: 0.0501952035694367 | NS5: 0.803123257110987 | NT5: 10X Genomics, Inc.’s Ownership & Shareholder rights regime includes the following key areas of focus: Director Appointment & Removal, Shareholder Action, Proportionality - One Share/One Vote.Not all the directors on the board are elected annually and directors can be removed by shareholders only for cause.Shareholders cannot take action by written consent and shareholders cannot call a special meeting.There are differential voting rights within a single class of stock.Overall, 10X Genomics, Inc. positions itself as a Laggard with regard to its Ownership & Shareholder Rights compared to peers. | NU5: 39 | NV5: 0.0836586726157278 | NW5: 3.26268823201339 | NX5: Our analysis of executive compensation practices at 10X Genomics, Inc. points to the following: Pay Magnitude, Pay for Performance, LTI Performance Metrics.CEO remuneration is less than 0.5x the median of companies of similar size in this market and cEO remuneration is more than 2x the median of industry peers in similar markets.The board / compensation committee retains discretion in adjusting STI or LTI awards and variable pay is more than 70% of CEO remuneration.Half or more of the LTI is not subject to pre-set goals and vests/pays out based on service only and actual LTI payouts are disclosed.Overall, 10X Genomics, Inc. positions itself as an Average Performer with regard to its Remuneration compared to peers. | NY5: 50 | NZ5: 0.0267707752370329 | OA5: 1.33853876185165 | OB5: In reviewing the company’s Audit & Financial reporting features, we note the following for 10X Genomics, Inc.: Audit Rotation Policy, Audit Committee Structure, Auditor Fees.The company has no policy to rotate or re-tender the audit mandate and there is no market requirement to periodically re-tender or rotate the audit mandate.The audit committee is majority independent but has non-independent members and audit committee independence meets market standards.Non-audit fees paid to the auditor are less than 50% but more than 10% of audit and audit-related fees.Overall, 10X Genomics, Inc. positions itself as an Average Performer with regard to its Audit & Financial Reporting compared to peers. | OC5: 17 | OD5: 0.0334634690462911 | OE5: 0.568878973786949 | OF5: In reviewing the company’s practices regarding ESG stakeholder governance, points of attention for 10X Genomics, Inc. are: GHG Reduction Programme, ESG Performance Targets and Environmental Policy. GHG Reduction Programme: Based on available evidence, the company does not have a programme ESG Performance Targets: The remuneration policy is not disclosed Environmental Policy: Based on available evidence, the company does not have a policy | ZP5: The company has a weak policy or a general statement addressing the issue | ZQ5: Business Ethics | ZR5: 25 | ZS5: 0.00953708867819335 | ZT5: 0.238427216954834 | ZU5: The company has a weak programme | ZV5: Business Ethics | ZW5: 25 | ZX5: 0.01430563301729 | ZY5: 0.35764082543225 | ZZ5: The company has an adequate programme | AAA5: Business Ethics | AAB5: 50 | AAC5: 0.0333798103736755 | AAD5: 1.66899051868377 | AAE5: Based on available evidence, the company does not have a programme | AAF5: Business Ethics | AAG5: 0 | AAH5: 0.0190741773563855 | AAI5: 0 | ACW5: Based on available evidence, the company does not have a policy on animal testing | ACX5: Business Ethics | ACY5: 0 | ACZ5: 0.00953708867819335 | ADA5: 0 | ADB5: Based on available evidence, the company does not have a programme | ADC5: Business Ethics | ADD5: 0 | ADE5: 0.00953708867819335 | ADF5: 0 | ADQ5: Based on available evidence, the company does not have a policy | ADR5: Business Ethics | ADS5: 0 | ADT5: 0.0190741773563855 | ADU5: 0 | ADV5: Based on available evidence, the company does not have a policy | ADW5: Business Ethics | ADX5: 0 | ADY5: 0.00953708867819335 | ADZ5: 0 | AEA5: Based on available evidence, the company does not have a programme | AEB5: Business Ethics | AEC5: 0 | AED5: 0.0190741773563855 | AEE5: 0 | AEZ5: The company has a weak policy | AFA5: Business Ethics | AFB5: 25 | AFC5: 0.0190741773563855 | AFD5: 0.476854433909636 | AFE5: Based on available evidence, the company made less than USD 0.5 million in political contributions or political spending in the last three years | AFF5: Business Ethics | AFG5: 50 | AFH5: 0.00953708867819335 | AFI5: 0.476854433909667 | AFO5: Based on available evidence, the company does not have a policy on freedom of association | AFP5: Human Capital | AFQ5: 0 | AFR5: 0.0158951477969887 | AFS5: 0 | AFY5: The company has an adequate policy | AFZ5: Human Capital | AGA5: 50 | AGB5: 0.0158951477969887 | AGC5: 0.794757389849435 | AGD5: The company has a weak programme | AGE5: Human Capital | AGF5: 25 | AGG5: 0.0423870607919685 | AGH5: 1.05967651979921 | AGI5: None of the company's employees are covered by collective bargaining agreements | AGJ5: Human Capital | AGK5: 0 | AGL5: 0.0158951477969887 | AGM5: 0 | AGN5: The company does not disclose data about employee turnover rates | AGO5: Human Capital | AGP5: 20 | AGQ5: 0.031790295593976 | AGR5: 0.63580591187952 | AGX5: The company has an adequate programme | AGY5: Human Capital | AGZ5: 50 | AHA5: 0.063580591187952 | AHB5: 3.1790295593976 | AHH5: Based on available evidence, the company does not have a management system | AHI5: Occupational Health and Safety | AHJ5: 0 | AHK5: 0.0278165086447304 | AHL5: 0 | AHR5: Based on available evidence, the company's facilities have not received external certification | AHS5: Occupational Health and Safety | AHT5: 0 | AHU5: 0.00927216954824299 | AHV5: 0 | AHW5: The company does not disclose data on its lost-time incident rate | AHX5: Occupational Health and Safety | AHY5: 20 | AHZ5: 0.00927216954824299 | AIA5: 0.18544339096486 | AIB5: Disclosure on fatalities is insufficient to determine the company’s performance | AIC5: Occupational Health and Safety | AID5: 20 | AIE5: 0.00927216954824299 | AIF5: 0.18544339096486 | AJP5: Based on available evidence, the company does not have a programme | AJQ5: Occupational Health and Safety | AJR5: 0 | AJS5: 0.00927216954824299 | AJT5: 0 | AJU5: Disclosure is insufficient to assess the company’s performance in this area | AJV5: Occupational Health and Safety | AJW5: 20 | AJX5: 0.00927216954824299 | AJY5: 0.18544339096486 | ANB5: Based on available evidence, the company does not have a programme | ANC5: Product Governance | AND5: 0 | ANE5: 0.1035774041909 | ANF5: 0 | ANG5: Between 0 and 25% of the company's sites have received external certification | ANH5: Product Governance | ANI5: 25 | ANJ5: 0.0318699705202776 | ANK5: 0.796749263006941 | ANL5: Based on available evidence, the company does not disclose clinical trial data | ANM5: Business Ethics; Product Governance | ANN5: 0 | ANO5: 0.0509441478766631 | ANP5: 0 | ASL5: Based on available evidence, the company does not have a programme | ASM5: Human Capital | ASN5: 0 | ASO5: 0.0158951477969887 | ASP5: 0 | ASQ5: Based on available evidence, the company does not disclose related information | ASR5: Human Capital | ASS5: 0 | AST5: 0.0105967651979925 | ASU5: 0
A6: 2022/03/16 | B6: 2006341104 | C6: 111, Inc. | D6: China | E6: Asia / Pacific | F6: Public | H6: NAS | I6: ZS | J6: 549300IRZ6WV1NLO5Z75 | K6: YI UQ | L6: YI | M6: BBG00LQ87SL5 | N6: BBG00LQ87SS8 | O6: BBG00LQ87TB4 | P6: EQ0000000067427140 | OG6: 0.0684196 | OH6: 6.84196 | OI6: The company's board diversity raises severe concerns | OJ6: 0 | OK6: 0.01239113 | OL6: 0 | OM6: The company's level of board independence raises severe concerns | ON6: 0 | OO6: 0.09111579 | OP6: 0 | OQ6: The company has a weak policy | OS6: 25 | OT6: 0.00619555 | OU6: 0.15488875 | OV6: Disclosure is insufficient to calculate the company's carbon intensity trend over the last 3 years | OX6: 20 | OY6: 0.05948285 | OZ6: 1.189657 | PF6: Based on available evidence, the company does not have an EMS | PH6: 0 | PI6: 0.00619555 | PJ6: 0 | RS6: Based on available evidence, the company's activities have not received external certification | RU6: 0 | RV6: 0.11762529 | RW6: 0 | TV6: Disclosure on carbon emissions is insufficient to determine performance relative to peers | TX6: 20 | TY6: 0.05765989 | TZ6: 1.1531978 | ZZ6: The company has a weak programme | AAB6: 25 | AAC6: 0.1287851 | AAD6: 3.2196275 | AAJ6: The company is not a signatory to the UN Global Compact | AAL6: 0 | AAM6: 0.0353146 | AAN6: 0 | AEF6: The company did not publish a CSR or integrated report in the two most recent accounting years. | AEH6: 0 | AEI6: 0.00619555 | AEJ6: 0 | AEK6: The company did not publish a CSR report. | AEM6: 0 | AEN6: 0.06195547 | AEO6: 0 | AEP6: A board committee is responsible for overseeing governance issues only | AER6: 30 | AES6: 0.04138619 | AET6: 1.2415857 | AFO6: Based on available evidence, the company does not have a policy on freedom of association | AFQ6: 0 | AFR6: 0.00413036 | AFS6: 0 | AGD6: Based on available evidence, the company does not have a programme | AGF6: 0 | AGG6: 0.00619555 | AGH6: 0 | AIG6: Based on available evidence, the company does not have social supply chain standards | AII6: 0 | AIJ6: 0.13295629 | AIK6: 0 | ANB6: Based on available evidence, the company does not have a programme | AND6: 0 | ANE6: 0.16399524 | ANF6: 0 | ATV6: 0 | ATX6: 0 | AUB6: 0 | AUD6: 0
A7: 2022/03/16 | B7: 2008366023 | C7: 17 Education & Technology Group, Inc. | D7: China | E7: Asia / Pacific | F7: Private | H7: NAS | I7: MSFT | K7: YQ UW | L7: YQ | M7: BBG00Y6G4ZC8 | N7: BBG00Y6G4ZY4 | O7: BBG00Y6G50B5 | OG7: 0.0719016 | OH7: 7.19016 | OQ7: Based on available evidence, the company does not have a policy | OS7: 0 | OT7: 0.03413903 | OU7: 0 | OV7: Disclosure is insufficient to calculate the company's carbon intensity trend over the last 3 years | OX7: 20 | OY7: 0.01490193 | OZ7: 0.2980386 | PF7: Based on available evidence, the company does not have an EMS | PH7: 0 | PI7: 0.00677362 | PJ7: 0 | RS7: Based on available evidence, the company's activities have not received external certification | RU7: 0 | RV7: 0.00677362 | RW7: 0 | TV7: Disclosure on carbon emissions is insufficient to determine performance relative to peers | TX7: 20 | TY7: 0.04141509 | TZ7: 0.8283018 | WI7: There is no evidence of the company offering any sustainability-related products or services | WK7: 0 | WL7: 0.1279763 | WM7: 0 | ZZ7: The company has a weak programme | AAB7: 25 | AAC7: 0.14272293 | AAD7: 3.56807325 | AAJ7: The company is not a signatory to the UN Global Compact | AAL7: 0 | AAM7: 0.00677362 | AAN7: 0 | AEF7: The company did not publish a CSR or integrated report in the two most recent accounting years. | AEH7: 0 | AEI7: 0.00772192 | AEJ7: 0 | AEK7: The company did not publish a CSR report. | AEM7: 0 | AEN7: 0.06773623 | AEO7: 0 | AEP7: A board committee is responsible for overseeing governance issues only | AER7: 30 | AES7: 0.03427457 | AET7: 1.0282371 | AFO7: Based on available evidence, the company does not have a policy on freedom of association | AFQ7: 0 | AFR7: 0.04515745 | AFS7: 0 | AGD7: Based on available evidence, the company does not have a programme | AGF7: 0 | AGG7: 0.2083562 | AGH7: 0 | AIG7: Based on available evidence, the company does not have social supply chain standards | AII7: 0 | AIJ7: 0.03576473 | AIK7: 0 | ALN7: The company has a weak policy or a general statement addressing the issue | ALP7: 25 | ALQ7: 0.14761114 | ALR7: 3.6902785 | ATV7: 0 | ATX7: 0
A8: 2022/03/16 | B8: 2000165824 | C8: 1Life Healthcare, Inc. | D8: United States | E8: United States and Canada | F8: Public | G8: 2076.4979 | H8: NAS | I8: TSLA | K8: ONEM UW | L8: ONEM | M8: BBG0026ZDDQ0 | N8: BBG00R9J7VB1 | O8: BBG0026ZDDR9 | P8: EQ0000000020613279 | Y8: 0.118875180403188 | Z8: 4.21250000000002 | AA8: 2.95 | OG8: 0.0792263 | OH8: 7.92263 | OI8: The company's board diversity is significantly above average | OJ8: 70 | OK8: 0.02396952 | OL8: 1.6778664 | OM8: The company's level of board independence is significantly above average | ON8: 70 | OO8: 0.1724209 | OP8: 12.069463 | OQ8: The company has a weak policy | OS8: 25 | OT8: 0.06519711 | OU8: 1.62992775 | ZP8: The company has a weak policy or a general statement addressing the issue | ZR8: 25 | ZS8: 0.01629929 | ZT8: 0.40748225 | ZZ8: The company has an adequate programme | AAB8: 50 | AAC8: 0.10570567 | AAD8: 5.2852835 | AAJ8: The company is not a signatory to the UN Global Compact | AAL8: 0 | AAM8: 0.06615595 | AAN8: 0 | AEF8: The company did not publish a CSR or integrated report in the two most recent accounting years. | AEH8: 0 | AEI8: 0.01198476 | AEJ8: 0 | AEK8: The company did not publish a CSR report. | AEM8: 0 | AEN8: 0.09038932 | AEO8: 0 | AEP8: A board committee is responsible for overseeing governance issues only | AER8: 30 | AES8: 0.01198476 | AET8: 0.3595428 | AFO8: Based on available evidence, the company does not have a policy on freedom of association | AFQ8: 0 | AFR8: 0.04362448 | AFS8: 0 | AGD8: Based on available evidence, the company does not have a programme | AGF8: 0 | AGG8: 0.01198476 | AGH8: 0 | AIG8: Based on available evidence, the company does not have social supply chain standards | AII8: 0 | AIJ8: 0.11984761 | AIK8: 0 | ANG8: Based on available evidence, the company's sites have not received external certification | ANI8: 0 | ANJ8: 0.18120957 | ANK8: 0 | ATV8: 0 | ATX8: 0
A9: 2022/03/16 | B9: 1008054650 | C9: 1st Source Corp | D9: United States | E9: United States and Canada | F9: Public | G9: 1195.1873 | H9: NAS | I9: NVDA | K9: SRCE UW | L9: SRCE | M9: BBG000BTH4T5 | N9: BBG000BTHCT7 | O9: BBG001S5WB32 | P9: EQ0010699500001000 | OG9: 0.0213744905 | OH9: 2.13744905 | OI9: The company's board diversity is slightly above average | OJ9: 60 | OK9: 0.02536226145 | OL9: 1.521735687 | OM9: The company's level of board independence is significantly above average | ON9: 70 | OO9: 0.04496405995 | OP9: 3.1474841965 | OQ9: The company has a weak policy | OS9: 25 | OT9: 0.03168289945 | OU9: 0.79207248625 | WN9: It is not disclosed whether the company has any of these kind of standards | WP9: 0 | WQ9: 0.0624056239 | WR9: 0 | WS9: Some assets under management can be categorized as "responsible investment" but their relative share is not disclosed | WU9: 20 | WV9: 0.0668460104 | WW9: 1.336920208 | ZP9: The company has a weak policy or a general statement addressing the issue | ZR9: 25 | ZS9: 0.04236382645 | ZT9: 1.05909566125 | ZZ9: The company has a weak programme | AAB9: 25 | AAC9: 0.09540858985 | AAD9: 2.38521474625 | AAJ9: The company is not a signatory to the UN Global Compact | AAL9: 0 | AAM9: 0.0040003577 | AAN9: 0 | AAO9: The company is not a signatory to the UN Principles for Responsible Investment | AAQ9: 0 | AAR9: 0.012161089 | AAS9: 0 | AAY9: The company is not a signatory to the UNEP Finance Initiative | ABA9: 0 | ABB9: 0.01056093 | ABC9: 0 | ABX9: The company has a weak programme | ABZ9: 25 | ACA9: 0.24002192965 | ACB9: 6.00054824125 | ACM9: The company does not disclose a policy on money laundering | ACO9: 0 | ACP9: 0.03872351945 | ACQ9: 0 | AEF9: The company did not publish a CSR or integrated report in the two most recent accounting years. | AEH9: 0 | AEI9: 0.00600053655 | AEJ9: 0 | AEK9: The company did not publish a CSR report. | AEM9: 0 | AEN9: 0.04000358695 | AEO9: 0 | AEP9: A board committee is responsible for overseeing governance issues only | AER9: 30 | AES9: 0.00600053655 | AET9: 0.1800160965 | AFO9: Based on available evidence, the company does not have a policy on freedom of association | AFQ9: 0 | AFR9: 0.03776344395 | AFS9: 0 | AGD9: The company has a weak programme | AGF9: 25 | AGG9: 0.04334181195 | AGH9: 1.08354529875 | AIG9: Based on available evidence, the company does not have social supply chain standards | AII9: 0 | AIJ9: 0.00600053655 | AIK9: 0 | ALN9: The company has a weak policy or a general statement addressing the issue | ALP9: 25 | ALQ9: 0.1600139498 | ALR9: 4.000348745 | ATU9: 0 | ATV9: 0 | ATX9: 0
A10: 2022/03/16 | B10: 2001638549 | C10: 1stdibs.com, Inc. | D10: United States | E10: United States and Canada | F10: Public | G10: 414.74 | H10: NAS | I10: VETH | K10: DIBS UQ | L10: DIBS | M10: BBG00331G2M1 | N10: BBG01137QC48 | O10: BBG00331G2N0 | OG10: 0.125851 | OH10: 12.5851 | OI10: The company's board diversity is slightly above average | OJ10: 60 | OK10: 0.0130823 | OL10: 0.784938 | OM10: The company's level of board independence is significantly above average | ON10: 70 | OO10: 0.0135481 | OP10: 0.948367 | OQ10: Based on available evidence, the company does not have a policy | OS10: 0 | OT10: 0.00647766 | OU10: 0 | ZA10: It is not disclosed whether the company has a programme for end-of-life product management | ZC10: 0 | ZD10: 0.17712697 | ZE10: 0 | ZZ10: The company has a weak programme | AAB10: 25 | AAC10: 0.14454098 | AAD10: 3.6135245 | AAJ10: The company is not a signatory to the UN Global Compact | AAL10: 0 | AAM10: 0.04711259 | AAN10: 0 | AEF10: The company did not publish a CSR or integrated report in the two most recent accounting years. | AEH10: 0 | AEI10: 0.00647766 | AEJ10: 0 | AEK10: The company did not publish a CSR report. | AEM10: 0 | AEN10: 0.06350649 | AEO10: 0 | AEP10: A board member or a board committee is responsible for overseeing ESG issues | AER10: 100 | AES10: 0.00660468 | AET10: 0.660468 | AEZ10: Based on available evidence, the company does not have a policy | AFB10: 0 | AFC10: 0.08467529 | AFD10: 0 | AFO10: Based on available evidence, the company does not have a policy on freedom of association | AFQ10: 0 | AFR10: 0.0137174 | AFS10: 0 | AGD10: The company has a weak programme | AGF10: 25 | AGG10: 0.0127013 | AGH10: 0.3175325 | AIG10: Based on available evidence, the company does not have social supply chain standards | AII10: 0 | AIJ10: 0.00635065 | AIK10: 0 | ALN10: The company has a weak policy or a general statement addressing the issue | ALP10: 25 | ALQ10: 0.10887598 | ALR10: 2.7218995 | ANG10: Based on available evidence, the company's sites have not received external certification | ANI10: 0 | ANJ10: 0.16935097 | ANK10: 0 | ATV10: 0 | ATX10: 0
A11: 2022/03/16 | B11: 1032256453 | C11: 22nd Century Group Inc | D11: United States | E11: United States and Canada | F11: Public | G11: 380.8315 | H11: NAS | I11: ORSTED | K11: XXII UR | L11: XXII | M11: BBG000LS03D3 | N11: BBG000LS0CW2 | O11: BBG001SQ4DP9 | P11: EQ0000000002808910 | OG11: 0.0786259 | OH11: 7.86259 | OI11: The company's board diversity raises significant concerns | OJ11: 10 | OK11: 0.01250304 | OL11: 0.1250304 | OM11: The company's level of board independence is strong | ON11: 80 | OO11: 0.11135969 | OP11: 8.9087752 | OQ11: The company has a strong policy | OS11: 75 | OT11: 0.04762137 | OU11: 3.57160275 | PF11: Based on available evidence, the company does not have an EMS | PH11: 0 | PI11: 0.00625151 | PJ11: 0 | RS11: Based on available evidence, the company's activities have not received external certification | RU11: 0 | RV11: 0.04876178 | RW11: 0 | SM11: The company has a weak programme | SO11: 25 | SP11: 0.00416767 | SQ11: 0.10419175 | ZZ11: The company has an adequate programme | AAB11: 50 | AAC11: 0.00625151 | AAD11: 0.3125755 | AAJ11: The company is not a signatory to the UN Global Compact | AAL11: 0 | AAM11: 0.03063241 | AAN11: 0 | AEF11: The company did not publish a CSR or integrated report in the two most recent accounting years. | AEH11: 0 | AEI11: 0.00416767 | AEJ11: 0 | AEK11: The company did not publish a CSR report. | AEM11: 0 | AEN11: 0.02133848 | AEO11: 0 | AEP11: A board committee is responsible for overseeing governance issues only | AER11: 30 | AES11: 0.05676368 | AET11: 1.7029104 | AFO11: The company has an adequate policy on freedom of association | AFQ11: 75 | AFR11: 0.0625151 | AFS11: 4.6886325 | AGD11: Based on available evidence, the company does not have a programme | AGF11: 0 | AGG11: 0.15203708 | AGH11: 0 | AIG11: The company has weak social supply chain standards | AII11: 25 | AIJ11: 0.00625151 | AIK11: 0.15628775 | AJA11: Based on available evidence, the company does not have a management system | AJC11: 0 | AJD11: 0.16670686 | AJE11: 0 | AJZ11: The company has a policy but it is not very detailed | AKB11: 25 | AKC11: 0.11877904 | AKD11: 2.969476 | AMW11: There is no evidence of a formal policy but the company has a general statement addressing this issue | AMY11: 25 | AMZ11: 0.06526572 | ANA11: 1.631643
A12: 2022/03/16 | B12: 1068292762 | C12: 2U, Inc. | D12: United States | E12: United States and Canada | F12: Public | G12: 795.424 | H12: NAS | I12: SEDG | J12: 5493008RVTXVR43PYF84 | K12: TWOU UW | L12: TWOU | M12: BBG001KS9450 | N12: BBG006159S93 | O12: BBG001V0RR30 | P12: EQ0000000016983463 | R12: 0 | S12: 0 | V12: Not Material | X12: 0 | Y12: 17.4999999999996 | Z12: 0 | AA12: 0 | AB12: 0 | AC12: 0 | AH12: 0 | AL12: 0 | AM12: 0 | AP12: Not Material | CP12: 0 | CT12: 0 | CU12: 0 | CX12: Not Material | CY12: The Internet Software and Services industry’s focus on developing innovative online solutions, along with managing rapid technology changes, requires highly skilled software engineers possessing knowledge of multiple programming languages. As a result, Internet Software companies compete with many industries for software engineering expertise, exposing them to business strategy risks if they are unable to on board the requisite talent. Inadequate management of Human Capital could result in in the inability to deliver innovative products. The company's exposure to Human Capital issues is high and moderately above the subindustry exposure. Based on available evidence, the company has not formulated a freedom of association policy. 2U has an adequate diversity programme in place. For instance, it offers training regarding diversity and conducts diversity monitoring. The company's human capital development programme is strong. Although 2U implements initiatives for talent development, talent recruitment programmes are not disclosed. Moreover, the company does not disclose data concerning employee turnover rates. In our view, the company's management of the issue is average. Considering its high exposure and average management of Human Capital, we view the company to be at medium risk for the issue. | CZ12: 8.8 | DA12: 46.9999999999999 | DB12: 0.246099499558434 | DC12: Medium | DD12: 0.245646108321219 | DE12: 4.87080000000001 | DF12: 5.4 | DG12: 3.26 | DH12: Material | DJ12: 0 | DN12: 0 | DO12: 0 | DR12: Not Material | DT12: 0 | DX12: 0 | DY12: 0 | EB12: Not Material | FH12: 0 | FL12: 0 | FM12: 0 | FP12: Not Material | FR12: 0 | FV12: 0 | FW12: 0 | FZ12: Not Material | HP12: 0 | HT12: 0 | HU12: 0 | HX12: Not Material | HY12: Product Governance for internet software and services companies involves a range of issues, including media ethics (journalistic standards), responsible advertising, and quality of service issues. Dominant companies in the industry generate significant revenue from selling advertising space, and inadequate quality controls may result in loss of customer and user confidence. For companies that offer platforms for social media, managing and enforcing community standards, particularly as they relate to offensive and hate speech, is essential. While some actions on the part of companies may simply be displeasing to certain customer segments (such as lapses on offensive content), others may be more financially significant, and have included slander lawsuits, wrongful death suits, and regulatory investigations. Along with community standards, companies in the industry need to proactively manage their responsibilities in terms of advertising content; ensuring that users can distinguish between sponsored and non-sponsored content is part of maintaining consumer trust. Certain types of advertising, particularly related to healthcare services and products, prohibited substances, weapons, financial services, explosive materials and fireworks need to be carefully monitored and controlled. Failure to manage the issue has resulted in regulatory penalties as well as impacts on revenues. Best practice includes robust quality management systems, media ethics programmes and advertising ethics policies. The company's exposure to Product Governance issues is low and moderately above the subindustry exposure. In our view, the company's management of the issue is below average. Considering its low exposure and below average management of Product Governance, we view the company to be at low risk for the issue. | HZ12: 3.3 | IA12: 16.2500000000001 | IB12: 0.0971445392993818 | IC12: Low | ID12: 0.139382530974946 | IE12: 2.76375 | IF12: 2.72 | IG12: 3.73 | IH12: Material | IT12: 0 | IX12: 0 | IY12: 0 | JB12: Not Material | JD12: 0 | JH12: 0 | JI12: 0 | JL12: Not Material | JN12: 0 | JR12: 0 | JS12: 0 | JV12: Not Material | NI12: 61 | NJ12: 0.0662349131586694 | NK12: 4.04032970267883 | NL12: Our analysis of the quality and integrity of the company’s board and management indicates the following key areas of focus for 2U, Inc.: Board Experience, Director Track Record, Director Stock Ownership.One or more non-executive directors have relevant industry experience as a public or private company executive and one or more non-executive directors have relevant industry experience as a public company outside director.No directors are linked to governance controversies at other companies and no directors are linked to performance failures at other companies.All non-executive directors with more than one year of tenure own stock and market practice is for directors to own stock.Overall, 2U, Inc. positions itself as an Outperformer with regard to its Board/Management Quality & Integrity compared to peers. | NM12: 71 | NN12: 0.0450397409478952 | NO12: 3.19782160730056 | NP12: In reviewing the company’s structural board features, we note the following for 2U, Inc.: Director Disclosure, Risk Oversight, Board Independence.The educational and professional background of directors is disclosed and the executive and board experience of directors is disclosed.There is a separate board committee in charge of oversight of industry-specific risks and the company identifies and assesses the main risks faced by the business.Two thirds or more of the board members are independent and the board is one-tiered with executive representation.Overall, 2U, Inc. positions itself as an Outperformer with regard to its Board Structure compared to peers. | NQ12: 25 | NR12: 0.0397409478952016 | NS12: 0.993523697380041 | NT12: 2U, Inc.’s Ownership & Shareholder rights regime includes the following key areas of focus: Director Appointment & Removal, Shareholder Action, Poison Pill & Takeover Defences.Not all the directors on the board are elected annually and directors can be removed by shareholders only for cause.Shareholders cannot take action by written consent and shareholders cannot call a special meeting.There is no shareholder rights or "poison pill" plan in effect and the board of directors is not elected annually.Overall, 2U, Inc. positions itself as a Laggard with regard to its Ownership & Shareholder Rights compared to peers. | NU12: 41 | NV12: 0.0662349131586694 | NW12: 2.71563143950545 | NX12: Our analysis of executive compensation practices at 2U, Inc. points to the following: Pay Controversies, Pay Magnitude, Internal Pay Equity.There are significant remuneration concerns or controversies.CEO remuneration is more than 2x the median of companies of similar size in this market and cEO remuneration is more than 2x the median of industry peers in similar markets.The highest-paid executive remuneration is more than 2.5 times the median of other executives and the highest-paid executive's remuneration is less than 2.5 times the next-highest-paid executive.Overall, 2U, Inc. positions itself as an Average Performer with regard to its Remuneration compared to peers. | NY12: 58 | NZ12: 0.0211951722107742 | OA12: 1.2293199882249 | OB12: In reviewing the company’s Audit & Financial reporting features, we note the following for 2U, Inc.: Audit Rotation Policy, Auditor Change, Audit Committee Effectiveness.There is no disclosure regarding rotation or re-tender of the audit mandate and there is no market requirement to periodically re-tender or rotate the audit mandate.There has been no change to the auditor recently.The audit committee met 6 or more times during the year and there is at least one independent member of the audit committee with financial expertise.Overall, 2U, Inc. positions itself as an Average Performer with regard to its Audit & Financial Reporting compared to peers. | OC12: 40 | OD12: 0.0264939652634678 | OE12: 1.05975861053871 | OF12: In reviewing the company’s practices regarding ESG stakeholder governance, points of attention for 2U, Inc. are: ESG Governance, ESG Performance Targets and Tax Disclosure. ESG Governance: A board member or a board committee is responsible for overseeing ESG issues ESG Performance Targets: Executive compensation is not explicitly tied to ESG performance targets Tax Disclosure: Tax transparency is strong | WI12: There is evidence that the company offers sustainability-related products or services but the revenues obtained from these are not disclosed | WJ12: Product Governance | WK12: 25 | WL12: 0.0194289078598771 | WM12: 0.485722696496927 | YV12: There is no evidence of environmental impact being considered at the design stage of new products | YW12: Product Governance | YX12: 0 | YY12: 0.0170002943773917 | YZ12: 0 | ZP12: The company has a weak policy or a general statement addressing the issue | ZQ12: Business Ethics | ZR12: 25 | ZS12: 0.018457462466883 | ZT12: 0.461436561672075 | ZU12: The company has an adequate programme | ZV12: Business Ethics | ZW12: 50 | ZX12: 0.0553723874006479 | ZY12: 2.76861937003239 | ZZ12: The company has an adequate programme | AAA12: Business Ethics | AAB12: 50 | AAC12: 0.0369149249337649 | AAD12: 1.84574624668824 | AAE12: The company has a weak programme | AAF12: Business Ethics | AAG12: 25 | AAH12: 0.0553723874006479 | AAI12: 1.3843096850162 | AEZ12: The company has a weak policy | AFA12: Business Ethics | AFB12: 25 | AFC12: 0.00922873123344094 | AFD12: 0.230718280836024 | AFE12: Based on available evidence, the company made less than USD 0.5 million in political contributions or political spending in the last three years | AFF12: Business Ethics | AFG12: 50 | AFH12: 0.00922873123344094 | AFI12: 0.461436561672047 | AFO12: Based on available evidence, the company does not have a policy on freedom of association | AFP12: Human Capital | AFQ12: 0 | AFR12: 0.0123049749779215 | AFS12: 0 | AFY12: The company has a weak policy | AFZ12: Human Capital | AGA12: 25 | AGB12: 0.0123049749779215 | AGC12: 0.307624374448038 | AGD12: The company has an adequate programme | AGE12: Human Capital | AGF12: 50 | AGG12: 0.0615248748896087 | AGH12: 3.07624374448044 | AGI12: None of the company's employees are covered by collective bargaining agreements | AGJ12: Human Capital | AGK12: 0 | AGL12: 0.0184574624668828 | AGM12: 0 | AGN12: The company does not disclose data about employee turnover rates | AGO12: Human Capital | AGP12: 20 | AGQ12: 0.0246099499558431 | AGR12: 0.492198999116861 | AGX12: The company has a strong programme | AGY12: Human Capital | AGZ12: 75 | AHA12: 0.092287312334412 | AHB12: 6.9215484250809 | ALI12: There is no evidence of a formal policy but the company has a general statement addressing this issue | ALJ12: Product Governance | ALK12: 25 | ALL12: 0.00971445392993794 | ALM12: 0.242861348248449 | ALN12: The company has an adequate policy | ALO12: Data Privacy and Security | ALP12: 50 | ALQ12: 0.0207241683838679 | ALR12: 1.0362084191934 | ALS12: The company has a very strong programme | ALT12: Data Privacy and Security | ALU12: 100 | ALV12: 0.0828966735354727 | ALW12: 8.28966735354727 | ALX12: Based on available information, the company does not have a programme | ALY12: Data Privacy and Security | ALZ12: 0 | AMA12: 0.0207241683838679 | AMB12: 0 | AMH12: The company has weak guidelines | AMI12: Product Governance | AMJ12: 25 | AMK12: 0.0170002943773917 | AML12: 0.425007359434792 | AMM12: The company has a weak programme | AMN12: Product Governance | AMO12: 25 | AMP12: 0.0170002943773917 | AMQ12: 0.425007359434792 | ANG12: Based on available evidence, the company's sites have not received external certification | ANH12: Product Governance | ANI12: 0 | ANJ12: 0.0170002943773917 | ANK12: 0 | ASL12: The company has a weak programme | ASM12: Human Capital | ASN12: 25 | ASO12: 0.0184574624668828 | ASP12: 0.461436561672071 | ASQ12: The company has adequate disclosure | ASR12: Human Capital | ASS12: 50 | AST12: 0.00615248748896132 | ASU12: 0.307624374448066 | ATA12: The company has a strong programme | ATB12: Data Privacy and Security | ATC12: 75 | ATD12: 0.0828966735354727 | ATE12: 6.21725051516045 | ATV12: 0 | ATW12: Data Privacy and Security | ATX12: 0
A13: 2022/03/16 | B13: 1008505575 | C13: 2i Rete Gas SpA | D13: Italy | E13: Europe | F13: Private | I13: ADBE | J13: 549300RV0WBR05UTDI91 | N13: BBG006R7PVH7 | P13: COAP7081734 | Q13: IT0005083180 | R13: 0 | S13: 0 | V13: Not Material | X13: 5 | Y13: 5 | Z13: 5 | AA13: 5 | AB13: 5 | AC13: 5 | AG13: Air Emissions such as nitrogen oxides (NOx), carbon monoxide (CO), volatile organic compounds (VOCs), sulphur dioxide (SO2) and particulate matter (PM) can occur due to combustion of gas throughout gas transmission and distribution process, particularly at liquefaction plants, compressor stations and regassification plants. Occasionally, gas utilities maybe involved in electricity generation or gas exploration and production, which can be associated with water and air pollution. Though gas utilities have relatively low air emissions and toxic waste generation compared to electricity producers that use fossil fuels, there is still regulatory oversight over both the quantity and quality of emissions, effluents, and waste released by gas utilities. For example, in 2016 under Obama’s Climate Action Plan, the US Environmental Protection Agency published the New Source Performance Standards to cut volatile organic compounds and air toxins (benzene, toluene, ethylbenzene and xylene) emissions from the oil and natural gas industry. Compliance with emission or pollution standards may increase costs related to inspections, maintenance, facility upgrades and remediation. Though compliance costs are often recoverable from consumers, related fines, civil lawsuits and denial of permits can have an adverse impact on a company’s financial position. Best practice includes ISO 14001 certified environmental management systems as well as programmes to reduce air emissions, hazardous waste and wastewater. The company's exposure to Emissions, Effluents and Waste issues is medium and similar to the subindustry exposure. In our view, the company's management of the issue is below average. Considering its medium exposure and below average management of Emissions, Effluents and Waste, we view the company to be at medium risk for the issue. | AH13: 5 | AI13: 17.4999999999996 | AJ13: 0.100964774512004 | AK13: Medium | AL13: 0.118875180403188 | AM13: 4.21250000000002 | AN13: 2.95 | AO13: 3.16 | AP13: Material | CP13: 0 | CT13: 0 | CU13: 0 | CX13: Not Material | CY13: Gas utilities rely on a wide variety of employees to serve customers by providing natural gas through a vast array of pipelines and infrastructure. Employee include civil engineers as well as field managers and workers, to install, maintain and repair pipelines. Gas utilities are experiencing labour shortages in some regions, as experienced employees are retiring. At the same time, due to the rapid evolution of the utilities business, employee needs are also changing. Gas utilities now require employees with IT and data analytics skills to create or manage increasingly complex systems for detecting leaks in pipeline infrastructure, for example, or for smart metering. Companies are likely to compete for the same talent pool, and may need to develop innovative recruitment and retention strategies to attract the right talent to run increasingly complex operations. Traditionally a male-dominated industry, the utilities industry is also increasing the participation of women in its workforce. Focusing on diversity is likely to increase the industry’s ability to meet its workforce needs as retirements of experienced employees continue. Additionally, utilities workers, who are often unionized, may organize work stoppages over benefits, plant safety or working conditions. Utilities have experienced operational disruptions from labour strikes; though these are often of short durations, they may result in negative impacts on utilities’ service to customers. The company's exposure to Human Capital issues is medium and similar to the subindustry exposure. In our view, the company's management of the issue is average. Considering its medium exposure and average management of Human Capital, we view the company to be at low risk for the issue. | CZ13: 4 | DA13: 43.1250000000007 | DB13: 0.0852591429212475 | DC13: Low | DD13: 0.066633595187424 | DE13: 2.36124999999997 | DF13: 2.16 | DG13: 3.26 | DH13: Material | DJ13: 0 | DN13: 0 | DO13: 0 | DR13: Not Material | DT13: 0 | DX13: 0 | DY13: 0 | EB13: Not Material | FH13: 0 | FL13: 0 | FM13: 0 | FP13: Not Material | FQ13: The industry’s existing assets and infrastructure projects such as gas plants, storage facilities and pipelines impact land use and biodiversity through habitat fragmentation and land alteration. The industry employs extensive pipeline infrastructure, which can total over one hundred thousand kilometres for large companies, with mainlines stretching across often remote areas, and gathering lines forming a web of connecting lines in producing areas. These pipelines, whether above or below ground, are kept free of substantial vegetation, creating massive expanses of areas with clear lines of sight, making certain species vulnerable to predation. After environmental impact assessments are conducted, regulators may require that pipeline construction plans be modified to avoid impeding animal migration routes. Pipelines that cross through coastal biodiversity hotspots, particularly in coastal areas, are particularly vulnerable to construction delays from legal challenges over biodiversity impact. City governments have worked to block the expansion of existing pipelines in the area, delaying construction plans and impacting companies’ ability to earn revenue. In addition to project delays and changes in project design, companies may have remediation costs to restore natural areas after damage. Best practice within the industry comprises publishing a biodiversity statement and reporting on specific programmes, as well as cooperating with environmental agencies, stakeholders and expert organisations such as the International Union for Conservation of Nature or the Wildlife Habitat Council. Environmental responsibility starts with environmental impact assessments in the planning phase of a project, including an inventory of species, and ends with remediation after closure of a facility. The company's exposure to Land Use and Biodiversity issues is low and similar to the subindustry exposure. In our view, the company's management of the issue is average. Considering its low exposure and average management of Land Use and Biodiversity, we view the company to be at low risk for the issue. | FR13: 3 | FS13: 27.1249999999998 | FT13: 0.0673098496746691 | FU13: Low | FV13: 0.0616951603932272 | FW13: 2.18625 | FX13: 1.46 | FY13: 1.66 | FZ13: Material | HO13: The maintenance of the company’s pipelines, as well as the construction and installation of new plants and networks expose workers to a host of health and safety hazards (655 manual workers as of December 2019). Such risks are increased by the volatile nature of natural gas and the remote environments where workers operate. Failure to implement strong health and safety management systems may result in workers’ injury or fatality, exposing 2i Rete Gas to potential fines, compensation payments to affected employees or their families and difficulty in attracting qualified personnel. The company's exposure to Occupational Health and Safety issues is medium and similar to the subindustry exposure. 2i Rete Gas has an adequate health and safety management system that includes regular health and safety training programmes for employees and targets to reduce incidents in this area. For example, during 2019, 9,261 hours of training on the subject were provided. While during the reporting year, 16 work-related accidents occurred, the company is disclosing an overall stable lost-time incident rate. Similarly, 2i Rete Gas also monitors the accident situation of its suppliers on a quarterly basis, in relation to the activities carried out and worksites managed for the company. However, disclosure on employee and contractors fatality rate is insufficient to fully assess the success of the company’s activities in the area of occupational health and safety. In our view, the company's management of the issue is average. Considering its medium exposure and average management of Occupational Health and Safety, we view the company to be at medium risk for the issue. | HP13: 6 | HQ13: 34.2500000000001 | HR13: 0.121157729414404 | HS13: Medium | HT13: 0.117125563504672 | HU13: 4.15049999999999 | HV13: 2.68 | HW13: 2.47 | HX13: Material | HY13: In FY2019, 2i Rete Gas managed 66,000 km of gas distribution networks, across 18 regions in Italy, providing its distribution services to over 342 sales companies. Dispersion and inefficiency of its gas distribution network and service interruptions might lead to complaints, negative publicity and loss of business contracts. In addition, accidental leaks can result in incidents with notable impacts on communities surrounding 2i Rete Gas’s infrastructure, or on end clients, exposing 2i Rete Gas to litigation and high compensation to affected parties. The company's exposure to Product Governance issues is medium and similar to the subindustry exposure. In order to mitigate quality and safety risk associated with its operations, 2i Rete Gas performs maintenance activities, such as emergency management and first response through the staff in its Territorial Areas. In addition, the company has carried out campaigns to pre-emptively search for dispersions and to verify the degree of odorization of the gas distributed in the field. However, while there is evidence that some operations are ISO 14001 certified, it is not clear what percentage of its sites are covered by this standard. Moreover, the company does not include physical climate change risks in its risk assessment, which is behind best practice. In our view, the company's management of the issue is below average. Considering its medium exposure and below average management of Product Governance, we view the company to be at medium risk for the issue. | HZ13: 6 | IA13: 17.5 | IB13: 0.121157729414404 | IC13: Medium | ID13: 0.142650216483825 | IE13: 5.055 | IF13: 3.66 | IG13: 3.73 | IH13: Material | IT13: 0 | IX13: 0 | IY13: 0 | JB13: Not Material | JD13: 0 | JH13: 0 | JI13: 0 | JL13: Not Material | JN13: 0 | JR13: 0 | JS13: 0 | JV13: Not Material | OC13: 45 | OD13: 0.112183082791115 | OE13: 5.04823872560018 | OF13: In reviewing the company’s practices regarding ESG stakeholder governance, points of attention for 2i Rete Gas SpA are: ESG Performance Targets, Tax Disclosure and Global Compact Signatory. ESG Performance Targets: The remuneration policy is not disclosed Tax Disclosure: Tax transparency is strong Global Compact Signatory: The company is not a signatory to the UN Global Compact | OQ13: The company has a strong policy | OR13: Emissions, Effluents and Waste; Carbon - Own Operations; Land Use and Biodiversity | OS13: 75 | OT13: 0.025419666714259 | OU13: 1.90647500356942 | OV13: Disclosure is insufficient to calculate the company's carbon intensity trend over the last 3 years | OW13: Carbon - Own Operations; Carbon - Products and Services | OX13: 20 | OY13: 0.0222040916229827 | OZ13: 0.444081832459654 | PF13: The company has an EMS but its scope is limited | PG13: Emissions, Effluents and Waste; Carbon - Own Operations; Land Use and Biodiversity | PH13: 40 | PI13: 0.0516807065494532 | PJ13: 2.06722826197813 | PK13: Based on available evidence, the company does not have a programme | PL13: Emissions, Effluents and Waste; Land Use and Biodiversity | PM13: 0 | PN13: 0.0412272829257352 | PO13: 0 | QO13: Based on available evidence, the company does not have a programme | QP13: Emissions, Effluents and Waste | QQ13: 0 | QR13: 0.0100964774512008 | QS13: 0 | RS13: Some of the company's activities have received external certification but the scope is unclear | RT13: Emissions, Effluents and Waste; Carbon - Own Operations; Land Use and Biodiversity | RU13: 25 | RV13: 0.0203714279886589 | RW13: 0.509285699716473 | RX13: The company has a weak programme | RY13: Product Governance; Community Relations; Emissions, Effluents and Waste | RZ13: 25 | SA13: 0.0706753421584021 | SB13: 1.76688355396005 | SC13: Based on available evidence, the company does not have a programme | SD13: Emissions, Effluents and Waste | SE13: 0 | SF13: 0.0100964774512008 | SG13: 0 | SH13: Based on available evidence, the company does not have a programme | SI13: Emissions, Effluents and Waste | SJ13: 0 | SK13: 0.0201929549024005 | SL13: 0 | SR13: The company does not report on GHG emissions | SS13: Carbon - Own Operations | ST13: 0 | SU13: 0.00775083117465906 | SV13: 0 | SW13: The company has a weak risk management programme | SX13: Carbon - Own Operations; Carbon - Products and Services | SY13: 25 | SZ13: 0.0250311053093194 | TA13: 0.625777632732985 | TB13: Based on available evidence, the company does not have a programme | TC13: Product Governance | TD13: 0 | TE13: 0.0121157729414409 | TF13: 0 | TG13: The company has a weak programme | TH13: Carbon - Own Operations; Carbon - Products and Services | TI13: 25 | TJ13: 0.0250311053093194 | TK13: 0.625777632732985 | TV13: Disclosure on carbon emissions is insufficient to determine performance relative to peers | TW13: Carbon - Own Operations; Carbon - Products and Services | TX13: 20 | TY13: 0.0366573520713073 | TZ13: 0.733147041426146 | WI13: There is no evidence of the company offering any sustainability-related products or services | WJ13: Carbon - Products and Services | WK13: 0 | WL13: 0.0197890958043529 | WM13: 0 | ZP13: The company has a weak policy or a general statement addressing the issue | ZQ13: Business Ethics | ZR13: 25 | ZS13: 0.0101245232218983 | ZT13: 0.253113080547459 | ZU13: The company has an adequate programme | ZV13: Business Ethics | ZW13: 50 | ZX13: 0.0253113080547454 | ZY13: 1.26556540273727 | ZZ13: The company has an adequate programme | AAA13: Business Ethics | AAB13: 50 | AAC13: 0.0253113080547454 | AAD13: 1.26556540273727 | AAE13: The company has a weak programme | AAF13: Business Ethics | AAG13: 25 | AAH13: 0.0253113080547454 | AAI13: 0.632782701368634 | AEZ13: The company has a strong policy | AFA13: Business Ethics | AFB13: 100 | AFC13: 0.0101245232218983 | AFD13: 1.01245232218983 | AFE13: The company states that it does not make political contributions or political spending | AFF13: Business Ethics | AFG13: 100 | AFH13: 0.00506226161094865 | AFI13: 0.506226161094865 | AFO13: Based on available evidence, the company does not have a policy on freedom of association | AFP13: Human Capital | AFQ13: 0 | AFR13: 0.0149203500112178 | AFS13: 0 | AFY13: The company has an adequate policy | AFZ13: Human Capital | AGA13: 50 | AGB13: 0.0127888714381876 | AGC13: 0.639443571909381 | AGD13: The company has a weak programme | AGE13: Human Capital | AGF13: 25 | AGG13: 0.0149203500112178 | AGH13: 0.373008750280445 | AGI13: 75% or more of the company's employees are covered by collective bargaining agreements | AGJ13: Human Capital | AGK13: 100 | AGL13: 0.0106573928651564 | AGM13: 1.06573928651564 | AGN13: The company's employee turnover rate is average | AGO13: Human Capital | AGP13: 50 | AGQ13: 0.0106573928651564 | AGR13: 0.532869643257818 | AGX13: The company has an adequate programme | AGY13: Human Capital | AGZ13: 50 | AHA13: 0.0213147857303116 | AHB13: 1.06573928651558 | AHH13: The company has an adequate management system | AHI13: Occupational Health and Safety | AHJ13: 50 | AHK13: 0.0302894323536013 | AHL13: 1.51447161768007 | AHR13: An undisclosed percentage of the company's facilities have received external certification | AHS13: Occupational Health and Safety | AHT13: 25 | AHU13: 0.0181736594121604 | AHV13: 0.45434148530401 | AHW13: The company's lost-time incident rate is stable | AHX13: Occupational Health and Safety | AHY13: 50 | AHZ13: 0.0212026026475212 | AIA13: 1.06013013237606 | AIB13: Disclosure on fatalities is insufficient to determine the company’s performance | AIC13: Occupational Health and Safety | AID13: 20 | AIE13: 0.0151447161768007 | AIF13: 0.302894323536013 | AJP13: The company has a weak programme | AJQ13: Occupational Health and Safety | AJR13: 25 | AJS13: 0.0181736594121604 | AJT13: 0.45434148530401 | AJU13: Disclosure is insufficient to assess the company’s performance in this area | AJV13: Occupational Health and Safety | AJW13: 20 | AJX13: 0.0181736594121604 | AJY13: 0.363473188243208 | AKJ13: It is not disclosed whether the company has any programmes | AKK13: Carbon - Products and Services | AKL13: 0 | AKM13: 0.0169620821180162 | AKN13: 0 | ANG13: Some of the company's sites have received external certification but the scope is unclear | ANH13: Product Governance | ANI13: 25 | ANJ13: 0.0181736594121602 | ANK13: 0.454341485304006 | AOA13: It is not disclosed whether the company has any programmes | AOB13: Product Governance; Community Relations | AOC13: 0 | AOD13: 0.0393762620596813 | AOE13: 0 | AOF13: Based on the available evidence, the company does not have a programme | AOG13: Community Relations | AOH13: 0 | AOI13: 0.0353376710792012 | AOJ13: 0 | AOP13: Based on available evidence, the company does not have a programme | AOQ13: Community Relations | AOR13: 0 | AOS13: 0.0302894323536013 | AOT13: 0 | ATK13: The company has a weak programme | ATL13: Product Governance | ATM13: 25 | ATN13: 0.0363473188243215 | ATO13: 0.908682970608038 | ATU13: 0 | ATV13: 0 | ATW13: Product Governance | ATX13: 0 | AUB13: 0 | AUC13: Emissions, Effluents and Waste | AUD13: 0
